Workbook

Sheet Intructivo
B2: Matriz Mapa de Riesgos
B4: Teniendo en cuenta que con la expedición del Decreto 1499 de 2017 “Por medio del cual se modifica el Decreto 1083 de 2015, Decreto Único Reglamentario del Sector Función Pública, en lo relacionado con el Sistema de Gestión establecido en el artículo 133 de la Ley 1753 de 2015”, se crea un solo Sistema de Gestión y se alinea con el Sistema de Control Interno, hoy todas las entidades públicas requieren actualizar y/o implementar el Modelo Integrado de Planeación y Gestión MIPG, modelo que incorpora el Modelo Estándar de Control Interno MECI a través de la 7a dimensión del mismo. En este marco general, el proceso de administración del riesgo es un esfuerzo conjunto entre la Alta Dirección y los servidores en todos sus niveles, ejercicio que inicia con la formulación de la política de Administración del Riesgo, la cual incluye los niveles de responsabilidad frente al seguimiento y evaluación, aspectos que deberán definirse acorde con el Esquema de Líneas de Defensa vinculado a la Dimensión 7. Teniendo en cuenta lo anterior y dada la necesidad de las entidades frente a la estructuración de los mapas de riesgos, como herramienta fundamental frente a la gestión del riesgo, el presente formato desarrolla un esquema completo acorde con los contenidos metodológicos de la Guía para la Administración del Riesgo y el diseño de controles V5. El formato cuenta con celdas parametrizadas y permite contar con los respectivos mapas de calor para riesgo inherente y riesgo residual.
B6: Orientaciones Generales
B7: Antes de iniciar con el diligenciamiento de la información en la matriz, se requiere haber avanzado en el análisis del proceso, su objetivo, alcance, actividades clave, considere los lineamientos establecidos en el Paso 2: identificación del riesgo, donde se explica ampliamente las bases para adelanter este análisis. Así mismo, considere en el Paso 3: valoración del riesgo los lineamientos para definir el No. de veces que se hace la actividad con la cual se relaciona el riesgo y su impacto en términos económicos o reputacionales. En este mismo paso se analizan los controles que deben responder a los atributos de eficiencia e informativos. NOTA: Si lo considera pertinente, es posible agregar hojas de trabajo adicionales al presente formato que permitan incluir la traza de estos análisis.
B9: El archivo contiene las siguientes hojas: - Hoja 1 Instructivo - Hoja 2 Mapa Final: Encontrará la totalidad de la estructura para la identificación y valoración de los riesgos por proceso, programa o proyecto, acorde con el nivel de desagregación que la entidad considere necesaria.
C12: Columna | E12: Descripción - Lineamientos para el diligenciamiento
C13: Proceso | E13: Diligencie el nombre del proceso al cual se le identificarán y valorarán los riesgos.
C14: Objetivo | E14: Diligencie el objetivo del proceso.
C15: Alcance | E15: Diligencie el alcance del proceso.
C16: Referencia | E16: Permite definir unl consecutivo de riesgos. Una entidad puede ir en el riesgo 150, pero tener 70 riesgos, lo que permite llevar una traza de los riesgos. Esta información la debe administrar la oficina asesora de planeación o gerencia de riesgos. Cuando un el riesgo salga del mapa no existirá otro riesgo con el mismo número.
C17: Impacto | E17: Analice las consecuencias que puede ocasionar a la organización la materialización del riesgo, redacte de la forma más concreta posible.
C18: Causa Inmediata | E18: Circunstancias bajo las cuales se presenta el riesgo, es la situación más evidente frente al riesgo, redacte de la forma más concreta posible.
C19: Causa Raíz | E19: Causa principal o básica, corresponde a las razones por la cuales se puede presentar el riesgo, redacte de la forma más concreta posible.
C20: Descripción del Riesgo | E20: Consolida o resume los análisis sobre impacto + causa inmediata + causa raíz, permitiendo contar con una redacción clara y concreta del riesgo indentificado. Tenga en cuenta la estructura de alto nivel establecida en al guía, inicia con POSIBILIDAD DE + Impacto para la entidad (Qué) + Causa Inmediata (Cómo) + Causa Raíz (Por qué)
C21: Clasificación del Riesgo | E21: Utilice la lista de despligue que se encuentra parametrizada, le aparecerán las opciones: i)Daños Activos Fisicos, ii)Ejecucion y Administracion de procesos, iii)Fallas Tecnologicas, iv)Fraude Externo, v)Fraude Interno, vi)Relaciones Laborales, vii)Usuarios, productos y practicas organizacionales.
C22: Frecuencia con la cual se lleva a cabo la actividad | E22: Defina el # de veces que se ejecuta la actividad durante el año, (Recuerde la probabilidad e ocurrencia del riesgo se defien como el No. de veces que se pasa por el punto de riesgo en el periodo de 1 año). La matriz automáticamente hará el cálculo para el nivel de probabilidad inherente (Columnas H-I)
C23: Criterios de Impacto | E23: Utilice la lista de despligue que se encuentra parametrizada, le aparecerán las opciones de la tabla de Impacto en la Hoja 6 del presente documento. La matriz automáticamente hará el cálculo para el nivel de impacto inherente (Columnas L-M)
... C37: Estado | E37: Utilice la lista de despligue que se encuentra parametrizada, le aparecerán las opciones: i)Finalizado, ii)En curso, la selección en este caso dependerá de las acciones del plan que se hayan establecido en cada caso.
B40: - Hoja 3 Matriz de Calor Inherente: En esta hoja, en la medida en que ese diligencia el Mapa Final, se verán reflejados los riesgos en su zona correspondiente. Esta hoja no se diligencia se genera de manera automática.
B41: - Hoja 4 Matriz de Calor Residual: En esta hoja, en la medida en que ese diligencia el Mapa Final, se verán reflejados los riesgos en su zona correspondiente. Esta hoja no se diligencia se genera de manera automática.
B42: - Hoja 5 Tabla de probabilidad: Tabla referente para todos los cálculos (no se diligencia)
B43: - Hoja 6 Tabla de Impacto: Tabla referente para todos los cálculos (no se diligencia)
B44: - Hoja 7 Tabla de Valoración de Controles: Tabla referente para todos los cálculos (no se diligencia)

Sheet Mapa final
A1: HOSPITAL MILITAR CENTRAL | G1: FORMATO: MAPA DE RIESGOS POR PROCESO | AJ1: CÓDIGO: PL-OAPL-PO-FT-02
G2: OFICINA: ASESORA DE PLANEACION
AJ3: FECHA DE EMISIÓN: 07-09-2021
G4: PROCESO: PLANEACION | AJ4: VERSIÓN: 05
G5: SISTEMA DE GESTION INTEGRADO SGI | AJ5: Página 1 de 1
A6: APROBADO MEDIANTE ACTA No. 7 DE COMITÉ INSTITUCIONAL DE GESTIÓN Y DESEMPEÑO DEL 29 DE DICIEMBRE DE 2021
A7: Proceso: | E7: MAPA DE RIEGOS INSTITUCIONAL V.1 - CONSOLIDADO.
A8: Objetivo: | E8: Establecer un marco de referencia general que involucre a todos los servidores públicos y contratistas del HOSPITAL MILITAR CENTRAL para la adecuada gestión del riesgo, por medio de la identificación de acciones de control, respuestas oportunas y estrategias institucionales frente a las diferentes situaciones que puedan afectar el cumplimiento de la misionalidad y el logro de los objetivos institucionales.
A9: Alcance: | E9: La administración del riesgo es aplicable a todas las dependencias, procesos, proyectos y planes institucionales, con el fin de identificar, analizar, valorar, monitorear y dar tratamiento a los riesgos identificados durante el desarrollo de la gestión planificada y a todos los servidores públicos y contratistas en el ejercicio de sus funciones y obligaciones.
A10: Identificación del riesgo | J10: Análisis del riesgo inherente | Q10: Evaluación del riesgo - Valoración de los controles | Z10: Evaluación del riesgo - Nivel del riesgo residual | AG10: Plan de Acción
A11: Referencia | B11: Proceso | C11: Área responsable | D11: Impacto | E11: Causa Inmediata | F11: Causa Raíz | G11: Descripción del Riesgo | H11: Clasificación del Riesgo | I11: Frecuencia con la cual se realiza la actividad | J11: Probabilidad Inherente | K11: % | L11: Criterios de impacto | M11: Observación de criterio | N11: Impacto Inherente | O11: % | P11: Zona de Riesgo Inherente | Q11: No. Control | R11: Descripción del Control (Propósito, forma como se realiza, responsable, periodicidad, | S11: Afectación | T11: Atributos | Z11: Probabilidad Residual | AA11: Probabilidad Residual Final | AB11: % | AC11: Impacto Residual Final | AD11: % | AE11: Zona de Riesgo Final | AF11: Tratamiento | AG11: Plan de Acción | AH11: Responsable | AI11: Fecha Implementación | AJ11: Fecha Seguimiento | AK11: Seguimiento | AL11: Estado
T12: Tipo | U12: Implementación | V12: Calificación | W12: Documentación | X12: Frecuencia | Y12: Evidencia
A13: 1 | B13: Gerencia y Buen Gobierno | C13: Gestión Ética y Buen Gobierno | D13: Reputacional | E13: Por pérdida de confianza y credibilidad por parte de la comunidad | F13: Incumplimiento de lineamientos de integridad, ética, bioética, humanización y buen gobierno. | G13: Posibilidad de afectación reputacional por pérdida de confianza y credibilidad por parte de la comunidad, debido a Incumplimiento de lineamientos de integridad, ética, bioética, humanización y buen gobierno. | H13: Talento Humano (Posibles comportamientos no éticos de los funcionarios) | I13: 2500 | J13: =IF(I13<=0,"",IF(I13<=2,"Muy Baja",IF(I13<=24,"Baja",IF(I13<=500,"Media",IF(I13<=5000,"Alta","Muy Alta"))))) -> Alta | K13: =IF(J13="","",IF(J13="Muy Baja",0.2,IF(J13="Baja",0.4,IF(J13="Media",0.6,IF(J13="Alta",0.8,IF(J13="Muy Alta",1,)))))) -> 0.8 | L13: El riesgo afecta la imagen de alguna área de la organización | M13: =IF(NOT(ISERROR(MATCH(L13,'[1]Tabla Impacto'!$B$221:$B$223,0))),'[1]Tabla Impacto'!$F$223&"Por favor no seleccionar los criterios de impacto(Afectación Económica o presupuestal y Pérdida Reputacional)",L13) -> El riesgo afecta la imagen de alguna área de la organización | N13: =+IF(OR(M13='[1]Tabla Impacto'!$C$11,M13='[1]Tabla Impacto'!$D$11),"Leve",IF(OR(M13='[1]Tabla Impacto'!$C$12,M13='[1]Tabla Impacto'!$D$12),"Menor",IF(OR(M13='[1]Tabla Impacto'!$C$13,M13='[1]Tabla Impacto'!$D$13),"Moderado",IF(OR(M13='[1]Tabla Impacto'!$C$14,M13='[1]Tabla Impacto'!$D$14),"Mayor",IF(OR(M13='[1]Tabla Impacto'!$C$15,M13='[1]Tabla Impacto'!$D$15),"Catastrófico",""))))) -> Leve | O13: =IF(N13="","",IF(N13="Leve",0.2,IF(N13="Menor",0.4,IF(N13="Moderado",0.6,IF(N13="Mayor",0.8,IF(N13="Catastrófico",1,)))))) -> 0.2 | P13: =IF(OR(AND(J13="Muy Baja",N13="Leve"),AND(J13="Muy Baja",N13="Menor"),AND(J13="Baja",N13="Leve")),"Bajo",IF(OR(AND(J13="Muy baja",N13="Moderado"),AND(J13="Baja",N13="Menor"),AND(J13="Baja",N13="Moderado"),AND(J13="Media",N13="Leve"),AND(J13="Media",N13="Menor"),AND(J13="Media",N13="Moderado"),AND(J13="Alta",N13="Leve"),AND(J13="Alta",N13="Menor")),"Moderado",IF(OR(AND(J13="Muy Baja",N13="Mayor"),AND(J13="Baja",N13="Mayor"),AND(J13="Media",N13="Mayor"),AND(J13="Alta",N13="Moderado"),AND(J13="Alta",N13="Mayor"),AND(J13="Muy Alta",N13="Leve"),AND(J13="Muy Alta",N13="Menor"),AND(J13="Muy Alta",N13="Moderado"),AND(J13="Muy Alta",N13="Mayor")),"Alto",IF(OR(AND(J13="Muy Baja",N13="Catastrófico"),AND(J13="Baja",N13="Catastrófico"),AND(J13="Media",N13="Catastrófico"),AND(J13="Alta",N13="Catastrófico"),AND(J13="Muy Alta",N13="Catastrófico")),"Extremo","")))) -> Moderado | Q13: 1 | R13: El responsable del área de gestión ética y buen gobierno gestiona de manera mensual actividades de incorporación y apropiación de los Códigos de Ética, Integridad, buen gobierno, deontológicos, por medio de presentaciones y difusión de correos electrónicos. | S13: =IF(OR(T13="Preventivo",T13="Detectivo"),"Probabilidad",IF(T13="Correctivo","Impacto","")) -> Probabilidad | T13: Preventivo | U13: Manual | V13: =IF(AND(T13="Preventivo",U13="Automático"),"50%",IF(AND(T13="Preventivo",U13="Manual"),"40%",IF(AND(T13="Detectivo",U13="Automático"),"40%",IF(AND(T13="Detectivo",U13="Manual"),"30%",IF(AND(T13="Correctivo",U13="Automático"),"35%",IF(AND(T13="Correctivo",U13="Manual"),"25%","")))))) -> 40% | W13: Documentado | X13: Continua | Y13: Con Registro | Z13: =IFERROR(IF(S13="Probabilidad",(K13-(+K13*V13)),IF(S13="Impacto",K13,"")),"") -> 0.48 | AA13: =IFERROR(IF(Z13="","",IF(Z13<=0.2,"Muy Baja",IF(Z13<=0.4,"Baja",IF(Z13<=0.6,"Media",IF(Z13<=0.8,"Alta","Muy Alta"))))),"") -> Media | AB13: =+Z13 -> 0.48 | AC13: =IFERROR(IF(AD13="","",IF(AD13<=0.2,"Leve",IF(AD13<=0.4,"Menor",IF(AD13<=0.6,"Moderado",IF(AD13<=0.8,"Mayor","Catastrófico"))))),"") -> Leve | AD13: =IFERROR(IF(S13="Impacto",(O13-(+O13*V13)),IF(S13="Probabilidad",O13,"")),"") -> 0.2 | AE13: =IFERROR(IF(OR(AND(AA13="Muy Baja",AC13="Leve"),AND(AA13="Muy Baja",AC13="Menor"),AND(AA13="Baja",AC13="Leve")),"Bajo",IF(OR(AND(AA13="Muy baja",AC13="Moderado"),AND(AA13="Baja",AC13="Menor"),AND(AA13="Baja",AC13="Moderado"),AND(AA13="Media",AC13="Leve"),AND(AA13="Media",AC13="Menor"),AND(AA13="Media",AC13="Moderado"),AND(AA13="Alta",AC13="Leve"),AND(AA13="Alta",AC13="Menor")),"Moderado",IF(OR(AND(AA13="Muy Baja",AC13="Mayor"),AND(AA13="Baja",AC13="Mayor"),AND(AA13="Media",AC13="Mayor"),AND(AA13="Alta",AC13="Moderado"),AND(AA13="Alta",AC13="Mayor"),AND(AA13="Muy Alta",AC13="Leve"),AND(AA13="Muy Alta",AC13="Menor"),AND(AA13="Muy Alta",AC13="Moderado"),AND(AA13="Muy Alta",AC13="Mayor")),"Alto",IF(OR(AND(AA13="Muy Baja",AC13="Catastrófico"),AND(AA13="Baja",AC13="Catastrófico"),AND(AA13="Media",AC13="Catastrófico"),AND(AA13="Alta",AC13="Catastrófico"),AND(AA13="Muy Alta",AC13="Catastrófico")),"Extremo","")))),"") -> Moderado | AF13: Aceptar
M14: =IF(NOT(ISERROR(MATCH(L14,_xlfn.ANCHORARRAY(G25),0))),K27&"Por favor no seleccionar los criterios de impacto",L14) -> 0 | Q14: 2 | R14: El responsable del área de gestión ética y buen gobierno coordina de manera mensual los grupos gestores para el desarrollo y seguimiento de las políticas de integridad y humanización. | S14: =IF(OR(T14="Preventivo",T14="Detectivo"),"Probabilidad",IF(T14="Correctivo","Impacto","")) -> Probabilidad | T14: Preventivo | U14: Manual | V14: =IF(AND(T14="Preventivo",U14="Automático"),"50%",IF(AND(T14="Preventivo",U14="Manual"),"40%",IF(AND(T14="Detectivo",U14="Automático"),"40%",IF(AND(T14="Detectivo",U14="Manual"),"30%",IF(AND(T14="Correctivo",U14="Automático"),"35%",IF(AND(T14="Correctivo",U14="Manual"),"25%","")))))) -> 40% | W14: Documentado | X14: Continua | Y14: Con Registro | Z14: =IFERROR(IF(S14="Probabilidad",(K13-(+K13*V14)),IF(S14="Impacto",K13,"")),"") -> 0.48 | AA14: =IFERROR(IF(Z14="","",IF(Z14<=0.2,"Muy Baja",IF(Z14<=0.4,"Baja",IF(Z14<=0.6,"Media",IF(Z14<=0.8,"Alta","Muy Alta"))))),"") -> Media | AB14: =+Z14 -> 0.48 | AC14: =IFERROR(IF(AD14="","",IF(AD14<=0.2,"Leve",IF(AD14<=0.4,"Menor",IF(AD14<=0.6,"Moderado",IF(AD14<=0.8,"Mayor","Catastrófico"))))),"") -> Leve | AD14: =IFERROR(IF(S14="Impacto",(O13-(+O13*V14)),IF(S14="Probabilidad",O13,"")),"") -> 0.2 | AE14: =IFERROR(IF(OR(AND(AA14="Muy Baja",AC14="Leve"),AND(AA14="Muy Baja",AC14="Menor"),AND(AA14="Baja",AC14="Leve")),"Bajo",IF(OR(AND(AA14="Muy baja",AC14="Moderado"),AND(AA14="Baja",AC14="Menor"),AND(AA14="Baja",AC14="Moderado"),AND(AA14="Media",AC14="Leve"),AND(AA14="Media",AC14="Menor"),AND(AA14="Media",AC14="Moderado"),AND(AA14="Alta",AC14="Leve"),AND(AA14="Alta",AC14="Menor")),"Moderado",IF(OR(AND(AA14="Muy Baja",AC14="Mayor"),AND(AA14="Baja",AC14="Mayor"),AND(AA14="Media",AC14="Mayor"),AND(AA14="Alta",AC14="Moderado"),AND(AA14="Alta",AC14="Mayor"),AND(AA14="Muy Alta",AC14="Leve"),AND(AA14="Muy Alta",AC14="Menor"),AND(AA14="Muy Alta",AC14="Moderado"),AND(AA14="Muy Alta",AC14="Mayor")),"Alto",IF(OR(AND(AA14="Muy Baja",AC14="Catastrófico"),AND(AA14="Baja",AC14="Catastrófico"),AND(AA14="Media",AC14="Catastrófico"),AND(AA14="Alta",AC14="Catastrófico"),AND(AA14="Muy Alta",AC14="Catastrófico")),"Extremo","")))),"") -> Moderado | AF14: Aceptar
M15: =IF(NOT(ISERROR(MATCH(L15,_xlfn.ANCHORARRAY(G26),0))),K28&"Por favor no seleccionar los criterios de impacto",L15) -> 0 | Q15: 3
M16: =IF(NOT(ISERROR(MATCH(L16,_xlfn.ANCHORARRAY(G27),0))),K29&"Por favor no seleccionar los criterios de impacto",L16) -> 0 | Q16: 4
M17: =IF(NOT(ISERROR(MATCH(L17,_xlfn.ANCHORARRAY(G28),0))),K30&"Por favor no seleccionar los criterios de impacto",L17) -> 0 | Q17: 5
M18: =IF(NOT(ISERROR(MATCH(L18,_xlfn.ANCHORARRAY(G29),0))),K31&"Por favor no seleccionar los criterios de impacto",L18) -> 0 | Q18: 6
A19: 2 | B19: Gerencia y Buen Gobierno | C19: Gestión Ética y Buen Gobierno Administración de Personal Selección y Contratación Gestión Contratos | D19: Económico y Reputacional | E19: Multas y sanciones. | F19: Vinculación de personas naturales y/o jurídicas, sin considerar los lineamientos contemplados relacionado con conflictos de interés. (Política de Integridad) | G19: Posibilidad de afectación económica y reputacional por multas y sanciones, debido a la vinculación de personas naturales y/o jurídicas, sin considerar los lineamientos contemplados relacionado con conflictos de interés. (Política de Integridad). | H19: Ejecución y Administración de procesos | I19: 5000 | J19: =IF(I19<=0,"",IF(I19<=2,"Muy Baja",IF(I19<=24,"Baja",IF(I19<=500,"Media",IF(I19<=5000,"Alta","Muy Alta"))))) -> Alta | K19: =IF(J19="","",IF(J19="Muy Baja",0.2,IF(J19="Baja",0.4,IF(J19="Media",0.6,IF(J19="Alta",0.8,IF(J19="Muy Alta",1,)))))) -> 0.8 | L19: El riesgo afecta la imagen de la entidad internamente, de conocimiento general, nivel interno, de junta dircetiva y accionistas y/o de provedores | M19: =IF(NOT(ISERROR(MATCH(L19,'[1]Tabla Impacto'!$B$221:$B$223,0))),'[1]Tabla Impacto'!$F$223&"Por favor no seleccionar los criterios de impacto(Afectación Económica o presupuestal y Pérdida Reputacional)",L19) -> El riesgo afecta la imagen de la entidad internamente, de conocimiento general, nivel interno, de junta dircetiva y accionistas y/o de provedores | N19: =+IF(OR(M19='[1]Tabla Impacto'!$C$11,M19='[1]Tabla Impacto'!$D$11),"Leve",IF(OR(M19='[1]Tabla Impacto'!$C$12,M19='[1]Tabla Impacto'!$D$12),"Menor",IF(OR(M19='[1]Tabla Impacto'!$C$13,M19='[1]Tabla Impacto'!$D$13),"Moderado",IF(OR(M19='[1]Tabla Impacto'!$C$14,M19='[1]Tabla Impacto'!$D$14),"Mayor",IF(OR(M19='[1]Tabla Impacto'!$C$15,M19='[1]Tabla Impacto'!$D$15),"Catastrófico",""))))) -> Menor | O19: =IF(N19="","",IF(N19="Leve",0.2,IF(N19="Menor",0.4,IF(N19="Moderado",0.6,IF(N19="Mayor",0.8,IF(N19="Catastrófico",1,)))))) -> 0.4 | P19: =IF(OR(AND(J19="Muy Baja",N19="Leve"),AND(J19="Muy Baja",N19="Menor"),AND(J19="Baja",N19="Leve")),"Bajo",IF(OR(AND(J19="Muy baja",N19="Moderado"),AND(J19="Baja",N19="Menor"),AND(J19="Baja",N19="Moderado"),AND(J19="Media",N19="Leve"),AND(J19="Media",N19="Menor"),AND(J19="Media",N19="Moderado"),AND(J19="Alta",N19="Leve"),AND(J19="Alta",N19="Menor")),"Moderado",IF(OR(AND(J19="Muy Baja",N19="Mayor"),AND(J19="Baja",N19="Mayor"),AND(J19="Media",N19="Mayor"),AND(J19="Alta",N19="Moderado"),AND(J19="Alta",N19="Mayor"),AND(J19="Muy Alta",N19="Leve"),AND(J19="Muy Alta",N19="Menor"),AND(J19="Muy Alta",N19="Moderado"),AND(J19="Muy Alta",N19="Mayor")),"Alto",IF(OR(AND(J19="Muy Baja",N19="Catastrófico"),AND(J19="Baja",N19="Catastrófico"),AND(J19="Media",N19="Catastrófico"),AND(J19="Alta",N19="Catastrófico"),AND(J19="Muy Alta",N19="Catastrófico")),"Extremo","")))) -> Moderado | Q19: 1 | R19: El profesional del área de Administración de personal, junto con el responsable de Selección y contratación de personal y el profesional del área de Gestión contratos, garantizan cada vez que se requiere, el cumplimiento de la ley que exige el diligenciamiento del formato declaración de bienes y rentas y declaración de conflicto de interés y/o aplicativos de Ley 2013 de 2019, con el fin de acatar las disposiciones normativas vigentes. | S19: =IF(OR(T19="Preventivo",T19="Detectivo"),"Probabilidad",IF(T19="Correctivo","Impacto","")) -> Probabilidad | T19: Preventivo | U19: Manual | V19: =IF(AND(T19="Preventivo",U19="Automático"),"50%",IF(AND(T19="Preventivo",U19="Manual"),"40%",IF(AND(T19="Detectivo",U19="Automático"),"40%",IF(AND(T19="Detectivo",U19="Manual"),"30%",IF(AND(T19="Correctivo",U19="Automático"),"35%",IF(AND(T19="Correctivo",U19="Manual"),"25%","")))))) -> 40% | W19: Documentado | X19: Continua | Y19: Con Registro | Z19: =IFERROR(IF(S19="Probabilidad",(K19-(+K19*V19)),IF(S19="Impacto",K19,"")),"") -> 0.48 | AA19: =IFERROR(IF(Z19="","",IF(Z19<=0.2,"Muy Baja",IF(Z19<=0.4,"Baja",IF(Z19<=0.6,"Media",IF(Z19<=0.8,"Alta","Muy Alta"))))),"") -> Media | AB19: =+Z19 -> 0.48 | AC19: =IFERROR(IF(AD19="","",IF(AD19<=0.2,"Leve",IF(AD19<=0.4,"Menor",IF(AD19<=0.6,"Moderado",IF(AD19<=0.8,"Mayor","Catastrófico"))))),"") -> Menor | AD19: =IFERROR(IF(S19="Impacto",(O19-(+O19*V19)),IF(S19="Probabilidad",O19,"")),"") -> 0.4 | AE19: =IFERROR(IF(OR(AND(AA19="Muy Baja",AC19="Leve"),AND(AA19="Muy Baja",AC19="Menor"),AND(AA19="Baja",AC19="Leve")),"Bajo",IF(OR(AND(AA19="Muy baja",AC19="Moderado"),AND(AA19="Baja",AC19="Menor"),AND(AA19="Baja",AC19="Moderado"),AND(AA19="Media",AC19="Leve"),AND(AA19="Media",AC19="Menor"),AND(AA19="Media",AC19="Moderado"),AND(AA19="Alta",AC19="Leve"),AND(AA19="Alta",AC19="Menor")),"Moderado",IF(OR(AND(AA19="Muy Baja",AC19="Mayor"),AND(AA19="Baja",AC19="Mayor"),AND(AA19="Media",AC19="Mayor"),AND(AA19="Alta",AC19="Moderado"),AND(AA19="Alta",AC19="Mayor"),AND(AA19="Muy Alta",AC19="Leve"),AND(AA19="Muy Alta",AC19="Menor"),AND(AA19="Muy Alta",AC19="Moderado"),AND(AA19="Muy Alta",AC19="Mayor")),"Alto",IF(OR(AND(AA19="Muy Baja",AC19="Catastrófico"),AND(AA19="Baja",AC19="Catastrófico"),AND(AA19="Media",AC19="Catastrófico"),AND(AA19="Alta",AC19="Catastrófico"),AND(AA19="Muy Alta",AC19="Catastrófico")),"Extremo","")))),"") -> Moderado | AF19: Aceptar
M20: =IF(NOT(ISERROR(MATCH(L20,_xlfn.ANCHORARRAY(G31),0))),K33&"Por favor no seleccionar los criterios de impacto",L20) -> 0 | Q20: 2 | R20: El profesional del área de Administración de personal, junto con el responsable de Selección y contratación de personal y el profesional del área de Gestión contratos, verifican la información registrada en el formato declaración de bienes y rentas y declaración de conflicto de interés y/o aplicativos de Ley 2013 de 2019 y posteriormente es actualizada la información en el aplicativo SIGEP. | S20: =IF(OR(T20="Preventivo",T20="Detectivo"),"Probabilidad",IF(T20="Correctivo","Impacto","")) -> Probabilidad | T20: Preventivo | U20: Manual | V20: =IF(AND(T20="Preventivo",U20="Automático"),"50%",IF(AND(T20="Preventivo",U20="Manual"),"40%",IF(AND(T20="Detectivo",U20="Automático"),"40%",IF(AND(T20="Detectivo",U20="Manual"),"30%",IF(AND(T20="Correctivo",U20="Automático"),"35%",IF(AND(T20="Correctivo",U20="Manual"),"25%","")))))) -> 40% | W20: Documentado | X20: Continua | Y20: Con Registro | Z20: =IFERROR(IF(S20="Probabilidad",(K19-(+K19*V20)),IF(S20="Impacto",K19,"")),"") -> 0.48 | AA20: =IFERROR(IF(Z20="","",IF(Z20<=0.2,"Muy Baja",IF(Z20<=0.4,"Baja",IF(Z20<=0.6,"Media",IF(Z20<=0.8,"Alta","Muy Alta"))))),"") -> Media | AB20: =+Z20 -> 0.48 | AC20: =IFERROR(IF(AD20="","",IF(AD20<=0.2,"Leve",IF(AD20<=0.4,"Menor",IF(AD20<=0.6,"Moderado",IF(AD20<=0.8,"Mayor","Catastrófico"))))),"") -> Menor | AD20: =IFERROR(IF(S20="Impacto",(O19-(+O19*V20)),IF(S20="Probabilidad",O19,"")),"") -> 0.4 | AE20: =IFERROR(IF(OR(AND(AA20="Muy Baja",AC20="Leve"),AND(AA20="Muy Baja",AC20="Menor"),AND(AA20="Baja",AC20="Leve")),"Bajo",IF(OR(AND(AA20="Muy baja",AC20="Moderado"),AND(AA20="Baja",AC20="Menor"),AND(AA20="Baja",AC20="Moderado"),AND(AA20="Media",AC20="Leve"),AND(AA20="Media",AC20="Menor"),AND(AA20="Media",AC20="Moderado"),AND(AA20="Alta",AC20="Leve"),AND(AA20="Alta",AC20="Menor")),"Moderado",IF(OR(AND(AA20="Muy Baja",AC20="Mayor"),AND(AA20="Baja",AC20="Mayor"),AND(AA20="Media",AC20="Mayor"),AND(AA20="Alta",AC20="Moderado"),AND(AA20="Alta",AC20="Mayor"),AND(AA20="Muy Alta",AC20="Leve"),AND(AA20="Muy Alta",AC20="Menor"),AND(AA20="Muy Alta",AC20="Moderado"),AND(AA20="Muy Alta",AC20="Mayor")),"Alto",IF(OR(AND(AA20="Muy Baja",AC20="Catastrófico"),AND(AA20="Baja",AC20="Catastrófico"),AND(AA20="Media",AC20="Catastrófico"),AND(AA20="Alta",AC20="Catastrófico"),AND(AA20="Muy Alta",AC20="Catastrófico")),"Extremo","")))),"") -> Moderado | AF20: Aceptar
M21: =IF(NOT(ISERROR(MATCH(L21,_xlfn.ANCHORARRAY(G32),0))),K34&"Por favor no seleccionar los criterios de impacto",L21) -> 0 | Q21: 3
M22: =IF(NOT(ISERROR(MATCH(L22,_xlfn.ANCHORARRAY(G33),0))),K35&"Por favor no seleccionar los criterios de impacto",L22) -> 0 | Q22: 4
M23: =IF(NOT(ISERROR(MATCH(L23,_xlfn.ANCHORARRAY(G34),0))),K36&"Por favor no seleccionar los criterios de impacto",L23) -> 0 | Q23: 5
M24: =IF(NOT(ISERROR(MATCH(L24,_xlfn.ANCHORARRAY(G35),0))),K37&"Por favor no seleccionar los criterios de impacto",L24) -> 0 | Q24: 6
A25: 3 | B25: Gerencia y Buen Gobierno | C25: Gestión Ética y Buen Gobierno Responsables de los Grupos de trabajo Presidentes de los comités institucionales. | D25: Económico y Reputacional | E25: Demandas legales y sanciones. | F25: Omitir la declaración de impedimento o recusación ante la posibilidad real o aparente de un conflicto de interés. | G25: Posibilidad de afectación económica y reputacional por demandas legales y sanciones, debido a omitir la declaración de impedimento o recusación ante la posibilidad real o aparente de un conflicto de interés. | H25: Ejecución y Administración de procesos | I25: 500 | J25: =IF(I25<=0,"",IF(I25<=2,"Muy Baja",IF(I25<=24,"Baja",IF(I25<=500,"Media",IF(I25<=5000,"Alta","Muy Alta"))))) -> Media | K25: =IF(J25="","",IF(J25="Muy Baja",0.2,IF(J25="Baja",0.4,IF(J25="Media",0.6,IF(J25="Alta",0.8,IF(J25="Muy Alta",1,)))))) -> 0.6 | L25: El riesgo afecta la imagen de la entidad con algunos usuarios de relevancia frente al logro de los objetivos | M25: =IF(NOT(ISERROR(MATCH(L25,'[1]Tabla Impacto'!$B$221:$B$223,0))),'[1]Tabla Impacto'!$F$223&"Por favor no seleccionar los criterios de impacto(Afectación Económica o presupuestal y Pérdida Reputacional)",L25) -> El riesgo afecta la imagen de la entidad con algunos usuarios de relevancia frente al logro de los objetivos | N25: =+IF(OR(M25='[1]Tabla Impacto'!$C$11,M25='[1]Tabla Impacto'!$D$11),"Leve",IF(OR(M25='[1]Tabla Impacto'!$C$12,M25='[1]Tabla Impacto'!$D$12),"Menor",IF(OR(M25='[1]Tabla Impacto'!$C$13,M25='[1]Tabla Impacto'!$D$13),"Moderado",IF(OR(M25='[1]Tabla Impacto'!$C$14,M25='[1]Tabla Impacto'!$D$14),"Mayor",IF(OR(M25='[1]Tabla Impacto'!$C$15,M25='[1]Tabla Impacto'!$D$15),"Catastrófico",""))))) -> Moderado | O25: =IF(N25="","",IF(N25="Leve",0.2,IF(N25="Menor",0.4,IF(N25="Moderado",0.6,IF(N25="Mayor",0.8,IF(N25="Catastrófico",1,)))))) -> 0.6 | P25: =IF(OR(AND(J25="Muy Baja",N25="Leve"),AND(J25="Muy Baja",N25="Menor"),AND(J25="Baja",N25="Leve")),"Bajo",IF(OR(AND(J25="Muy baja",N25="Moderado"),AND(J25="Baja",N25="Menor"),AND(J25="Baja",N25="Moderado"),AND(J25="Media",N25="Leve"),AND(J25="Media",N25="Menor"),AND(J25="Media",N25="Moderado"),AND(J25="Alta",N25="Leve"),AND(J25="Alta",N25="Menor")),"Moderado",IF(OR(AND(J25="Muy Baja",N25="Mayor"),AND(J25="Baja",N25="Mayor"),AND(J25="Media",N25="Mayor"),AND(J25="Alta",N25="Moderado"),AND(J25="Alta",N25="Mayor"),AND(J25="Muy Alta",N25="Leve"),AND(J25="Muy Alta",N25="Menor"),AND(J25="Muy Alta",N25="Moderado"),AND(J25="Muy Alta",N25="Mayor")),"Alto",IF(OR(AND(J25="Muy Baja",N25="Catastrófico"),AND(J25="Baja",N25="Catastrófico"),AND(J25="Media",N25="Catastrófico"),AND(J25="Alta",N25="Catastrófico"),AND(J25="Muy Alta",N25="Catastrófico")),"Extremo","")))) -> Moderado | Q25: 1 | R25: Los responsables de los grupos de trabajo realizan cada vez que se requiera el seguimiento a la presentación de posibles situaciones de conflicto de interés o recusación, con el fin de mitigar el riesgo. Realizan reporte trimestral al Grupo de integridad. | S25: =IF(OR(T25="Preventivo",T25="Detectivo"),"Probabilidad",IF(T25="Correctivo","Impacto","")) -> Probabilidad | T25: Preventivo | U25: Manual | V25: =IF(AND(T25="Preventivo",U25="Automático"),"50%",IF(AND(T25="Preventivo",U25="Manual"),"40%",IF(AND(T25="Detectivo",U25="Automático"),"40%",IF(AND(T25="Detectivo",U25="Manual"),"30%",IF(AND(T25="Correctivo",U25="Automático"),"35%",IF(AND(T25="Correctivo",U25="Manual"),"25%","")))))) -> 40% | W25: Documentado | X25: Continua | Y25: Con Registro | Z25: =IFERROR(IF(S25="Probabilidad",(K25-(+K25*V25)),IF(S25="Impacto",K25,"")),"") -> 0.36 | AA25: =IFERROR(IF(Z25="","",IF(Z25<=0.2,"Muy Baja",IF(Z25<=0.4,"Baja",IF(Z25<=0.6,"Media",IF(Z25<=0.8,"Alta","Muy Alta"))))),"") -> Baja | AB25: =+Z25 -> 0.36 | AC25: =IFERROR(IF(AD25="","",IF(AD25<=0.2,"Leve",IF(AD25<=0.4,"Menor",IF(AD25<=0.6,"Moderado",IF(AD25<=0.8,"Mayor","Catastrófico"))))),"") -> Moderado | AD25: =IFERROR(IF(S25="Impacto",(O25-(+O25*V25)),IF(S25="Probabilidad",O25,"")),"") -> 0.6 | AE25: =IFERROR(IF(OR(AND(AA25="Muy Baja",AC25="Leve"),AND(AA25="Muy Baja",AC25="Menor"),AND(AA25="Baja",AC25="Leve")),"Bajo",IF(OR(AND(AA25="Muy baja",AC25="Moderado"),AND(AA25="Baja",AC25="Menor"),AND(AA25="Baja",AC25="Moderado"),AND(AA25="Media",AC25="Leve"),AND(AA25="Media",AC25="Menor"),AND(AA25="Media",AC25="Moderado"),AND(AA25="Alta",AC25="Leve"),AND(AA25="Alta",AC25="Menor")),"Moderado",IF(OR(AND(AA25="Muy Baja",AC25="Mayor"),AND(AA25="Baja",AC25="Mayor"),AND(AA25="Media",AC25="Mayor"),AND(AA25="Alta",AC25="Moderado"),AND(AA25="Alta",AC25="Mayor"),AND(AA25="Muy Alta",AC25="Leve"),AND(AA25="Muy Alta",AC25="Menor"),AND(AA25="Muy Alta",AC25="Moderado"),AND(AA25="Muy Alta",AC25="Mayor")),"Alto",IF(OR(AND(AA25="Muy Baja",AC25="Catastrófico"),AND(AA25="Baja",AC25="Catastrófico"),AND(AA25="Media",AC25="Catastrófico"),AND(AA25="Alta",AC25="Catastrófico"),AND(AA25="Muy Alta",AC25="Catastrófico")),"Extremo","")))),"") -> Moderado | AF25: Aceptar
M26: =IF(NOT(ISERROR(MATCH(L26,_xlfn.ANCHORARRAY(G37),0))),K39&"Por favor no seleccionar los criterios de impacto",L26) -> 0 | Q26: 2 | R26: Los presidentes o secretarios de los comités institucionales incluyen en el orden del día cada vez que se requiera, la pregunta sobre posible declaración de conflicto de interés o recusación a los miembros de cada comité, con el fin de mitigar el riesgo. Lo registran en actas y realizan reporte trimestral al Grupo Gestor de Integridad, | S26: =IF(OR(T26="Preventivo",T26="Detectivo"),"Probabilidad",IF(T26="Correctivo","Impacto","")) -> Probabilidad | T26: Preventivo | U26: Manual | V26: =IF(AND(T26="Preventivo",U26="Automático"),"50%",IF(AND(T26="Preventivo",U26="Manual"),"40%",IF(AND(T26="Detectivo",U26="Automático"),"40%",IF(AND(T26="Detectivo",U26="Manual"),"30%",IF(AND(T26="Correctivo",U26="Automático"),"35%",IF(AND(T26="Correctivo",U26="Manual"),"25%","")))))) -> 40% | W26: Documentado | X26: Continua | Y26: Con Registro | Z26: =IFERROR(IF(S26="Probabilidad",(K25-(+K25*V26)),IF(S26="Impacto",K25,"")),"") -> 0.36 | AA26: =IFERROR(IF(Z26="","",IF(Z26<=0.2,"Muy Baja",IF(Z26<=0.4,"Baja",IF(Z26<=0.6,"Media",IF(Z26<=0.8,"Alta","Muy Alta"))))),"") -> Baja | AB26: =+Z26 -> 0.36 | AC26: =IFERROR(IF(AD26="","",IF(AD26<=0.2,"Leve",IF(AD26<=0.4,"Menor",IF(AD26<=0.6,"Moderado",IF(AD26<=0.8,"Mayor","Catastrófico"))))),"") -> Moderado | AD26: =IFERROR(IF(S26="Impacto",(O25-(+O25*V26)),IF(S26="Probabilidad",O25,"")),"") -> 0.6 | AE26: =IFERROR(IF(OR(AND(AA26="Muy Baja",AC26="Leve"),AND(AA26="Muy Baja",AC26="Menor"),AND(AA26="Baja",AC26="Leve")),"Bajo",IF(OR(AND(AA26="Muy baja",AC26="Moderado"),AND(AA26="Baja",AC26="Menor"),AND(AA26="Baja",AC26="Moderado"),AND(AA26="Media",AC26="Leve"),AND(AA26="Media",AC26="Menor"),AND(AA26="Media",AC26="Moderado"),AND(AA26="Alta",AC26="Leve"),AND(AA26="Alta",AC26="Menor")),"Moderado",IF(OR(AND(AA26="Muy Baja",AC26="Mayor"),AND(AA26="Baja",AC26="Mayor"),AND(AA26="Media",AC26="Mayor"),AND(AA26="Alta",AC26="Moderado"),AND(AA26="Alta",AC26="Mayor"),AND(AA26="Muy Alta",AC26="Leve"),AND(AA26="Muy Alta",AC26="Menor"),AND(AA26="Muy Alta",AC26="Moderado"),AND(AA26="Muy Alta",AC26="Mayor")),"Alto",IF(OR(AND(AA26="Muy Baja",AC26="Catastrófico"),AND(AA26="Baja",AC26="Catastrófico"),AND(AA26="Media",AC26="Catastrófico"),AND(AA26="Alta",AC26="Catastrófico"),AND(AA26="Muy Alta",AC26="Catastrófico")),"Extremo","")))),"") -> Moderado | AF26: Aceptar
M27: =IF(NOT(ISERROR(MATCH(L27,_xlfn.ANCHORARRAY(G38),0))),K40&"Por favor no seleccionar los criterios de impacto",L27) -> 0 | Q27: 3
M28: =IF(NOT(ISERROR(MATCH(L28,_xlfn.ANCHORARRAY(G39),0))),K41&"Por favor no seleccionar los criterios de impacto",L28) -> 0 | Q28: 4
M29: =IF(NOT(ISERROR(MATCH(L29,_xlfn.ANCHORARRAY(G40),0))),K42&"Por favor no seleccionar los criterios de impacto",L29) -> 0 | Q29: 5
M30: =IF(NOT(ISERROR(MATCH(L30,_xlfn.ANCHORARRAY(G41),0))),K43&"Por favor no seleccionar los criterios de impacto",L30) -> 0 | Q30: 6
A31: 4 | B31: Planeación | C31: Oficina Asesora de Planeación | D31: Económico | E31: No prestación en la atención integral de los servicios de salud a los usuarios del subsistema de las fuerzas militares. | F31: Inedecuada identificación de necesidades para la adquisición de bienes y/o servicios. | G31: Posibilidad de afectación económica por la no prestación integral de los servicios de salud a los usuarios del subsistema de las fuerzas militares, debido a la inedecuada identificación de necesidades para la adquisición de bienes y/o servicios. | H31: Ejecución y Administración de procesos | I31: 1 | J31: =IF(I31<=0,"",IF(I31<=2,"Muy Baja",IF(I31<=24,"Baja",IF(I31<=500,"Media",IF(I31<=5000,"Alta","Muy Alta"))))) -> Muy Baja | K31: =IF(J31="","",IF(J31="Muy Baja",0.2,IF(J31="Baja",0.4,IF(J31="Media",0.6,IF(J31="Alta",0.8,IF(J31="Muy Alta",1,)))))) -> 0.2 | L31: Entre 100 y 500 SMLMV | M31: =IF(NOT(ISERROR(MATCH(L31,'[2]Tabla Impacto'!$B$221:$B$223,0))),'[2]Tabla Impacto'!$F$223&"Por favor no seleccionar los criterios de impacto(Afectación Económica o presupuestal y Pérdida Reputacional)",L31) -> Entre 100 y 500 SMLMV | N31: =+IF(OR(M31='[2]Tabla Impacto'!$C$11,M31='[2]Tabla Impacto'!$D$11),"Leve",IF(OR(M31='[2]Tabla Impacto'!$C$12,M31='[2]Tabla Impacto'!$D$12),"Menor",IF(OR(M31='[2]Tabla Impacto'!$C$13,M31='[2]Tabla Impacto'!$D$13),"Moderado",IF(OR(M31='[2]Tabla Impacto'!$C$14,M31='[2]Tabla Impacto'!$D$14),"Mayor",IF(OR(M31='[2]Tabla Impacto'!$C$15,M31='[2]Tabla Impacto'!$D$15),"Catastrófico",""))))) -> Mayor | O31: =IF(N31="","",IF(N31="Leve",0.2,IF(N31="Menor",0.4,IF(N31="Moderado",0.6,IF(N31="Mayor",0.8,IF(N31="Catastrófico",1,)))))) -> 0.8 | P31: =IF(OR(AND(J31="Muy Baja",N31="Leve"),AND(J31="Muy Baja",N31="Menor"),AND(J31="Baja",N31="Leve")),"Bajo",IF(OR(AND(J31="Muy baja",N31="Moderado"),AND(J31="Baja",N31="Menor"),AND(J31="Baja",N31="Moderado"),AND(J31="Media",N31="Leve"),AND(J31="Media",N31="Menor"),AND(J31="Media",N31="Moderado"),AND(J31="Alta",N31="Leve"),AND(J31="Alta",N31="Menor")),"Moderado",IF(OR(AND(J31="Muy Baja",N31="Mayor"),AND(J31="Baja",N31="Mayor"),AND(J31="Media",N31="Mayor"),AND(J31="Alta",N31="Moderado"),AND(J31="Alta",N31="Mayor"),AND(J31="Muy Alta",N31="Leve"),AND(J31="Muy Alta",N31="Menor"),AND(J31="Muy Alta",N31="Moderado"),AND(J31="Muy Alta",N31="Mayor")),"Alto",IF(OR(AND(J31="Muy Baja",N31="Catastrófico"),AND(J31="Baja",N31="Catastrófico"),AND(J31="Media",N31="Catastrófico"),AND(J31="Alta",N31="Catastrófico"),AND(J31="Muy Alta",N31="Catastrófico")),"Extremo","")))) -> Alto | Q31: 1 | R31: El profesional de la Oficina Asesora de Planeación elabora la directiva y envía formato del Plan de Adquisiciones de manera anual, con el fin de emitir los lineamientos para identificación y consolidación de necesidades de bienes y/o servicios a contratar en la siguiente vigencia. | S31: =IF(OR(T31="Preventivo",T31="Detectivo"),"Probabilidad",IF(T31="Correctivo","Impacto","")) -> Probabilidad | T31: Preventivo | U31: Manual | V31: =IF(AND(T31="Preventivo",U31="Automático"),"50%",IF(AND(T31="Preventivo",U31="Manual"),"40%",IF(AND(T31="Detectivo",U31="Automático"),"40%",IF(AND(T31="Detectivo",U31="Manual"),"30%",IF(AND(T31="Correctivo",U31="Automático"),"35%",IF(AND(T31="Correctivo",U31="Manual"),"25%","")))))) -> 40% | W31: Documentado | X31: Continua | Y31: Con Registro | Z31: =IFERROR(IF(S31="Probabilidad",(K31-(+K31*V31)),IF(S31="Impacto",K31,"")),"") -> 0.12 | AA31: =IFERROR(IF(Z31="","",IF(Z31<=0.2,"Muy Baja",IF(Z31<=0.4,"Baja",IF(Z31<=0.6,"Media",IF(Z31<=0.8,"Alta","Muy Alta"))))),"") -> Muy Baja | AB31: =+Z31 -> 0.12 | AC31: =IFERROR(IF(AD31="","",IF(AD31<=0.2,"Leve",IF(AD31<=0.4,"Menor",IF(AD31<=0.6,"Moderado",IF(AD31<=0.8,"Mayor","Catastrófico"))))),"") -> Mayor | AD31: =IFERROR(IF(S31="Impacto",(O31-(+O31*V31)),IF(S31="Probabilidad",O31,"")),"") -> 0.8 | AE31: =IFERROR(IF(OR(AND(AA31="Muy Baja",AC31="Leve"),AND(AA31="Muy Baja",AC31="Menor"),AND(AA31="Baja",AC31="Leve")),"Bajo",IF(OR(AND(AA31="Muy baja",AC31="Moderado"),AND(AA31="Baja",AC31="Menor"),AND(AA31="Baja",AC31="Moderado"),AND(AA31="Media",AC31="Leve"),AND(AA31="Media",AC31="Menor"),AND(AA31="Media",AC31="Moderado"),AND(AA31="Alta",AC31="Leve"),AND(AA31="Alta",AC31="Menor")),"Moderado",IF(OR(AND(AA31="Muy Baja",AC31="Mayor"),AND(AA31="Baja",AC31="Mayor"),AND(AA31="Media",AC31="Mayor"),AND(AA31="Alta",AC31="Moderado"),AND(AA31="Alta",AC31="Mayor"),AND(AA31="Muy Alta",AC31="Leve"),AND(AA31="Muy Alta",AC31="Menor"),AND(AA31="Muy Alta",AC31="Moderado"),AND(AA31="Muy Alta",AC31="Mayor")),"Alto",IF(OR(AND(AA31="Muy Baja",AC31="Catastrófico"),AND(AA31="Baja",AC31="Catastrófico"),AND(AA31="Media",AC31="Catastrófico"),AND(AA31="Alta",AC31="Catastrófico"),AND(AA31="Muy Alta",AC31="Catastrófico")),"Extremo","")))),"") -> Alto | AF31: Aceptar
M32: =IF(NOT(ISERROR(MATCH(L32,_xlfn.ANCHORARRAY(G43),0))),K45&"Por favor no seleccionar los criterios de impacto",L32) -> 0 | Q32: 2 | R32: El profesional de la Oficina Asesora de Planeación desarrolla de manera anual mesas de trabajo con subdirectores, jefes de unidad, jefes de oficina y demás responsables de áreas, según cronograma establecido en la directiva del Plan anual de Adquisiciones para realizar divulgación de los lineamientos definidos y brindar acompañamiento en la identificación y diligenciamiento de los formatos solicitados. | S32: =IF(OR(T32="Preventivo",T32="Detectivo"),"Probabilidad",IF(T32="Correctivo","Impacto","")) -> Probabilidad | T32: Preventivo | U32: Manual | V32: =IF(AND(T32="Preventivo",U32="Automático"),"50%",IF(AND(T32="Preventivo",U32="Manual"),"40%",IF(AND(T32="Detectivo",U32="Automático"),"40%",IF(AND(T32="Detectivo",U32="Manual"),"30%",IF(AND(T32="Correctivo",U32="Automático"),"35%",IF(AND(T32="Correctivo",U32="Manual"),"25%","")))))) -> 40% | W32: Documentado | X32: Continua | Y32: Con Registro | Z32: =IFERROR(IF(S32="Probabilidad",(K31-(+K31*V32)),IF(S32="Impacto",K31,"")),"") -> 0.12 | AA32: =IFERROR(IF(Z32="","",IF(Z32<=0.2,"Muy Baja",IF(Z32<=0.4,"Baja",IF(Z32<=0.6,"Media",IF(Z32<=0.8,"Alta","Muy Alta"))))),"") -> Muy Baja | AB32: =+Z32 -> 0.12 | AC32: =IFERROR(IF(AD32="","",IF(AD32<=0.2,"Leve",IF(AD32<=0.4,"Menor",IF(AD32<=0.6,"Moderado",IF(AD32<=0.8,"Mayor","Catastrófico"))))),"") -> Mayor | AD32: =IFERROR(IF(S32="Impacto",(O31-(+O31*V32)),IF(S32="Probabilidad",O31,"")),"") -> 0.8 | AE32: =IFERROR(IF(OR(AND(AA32="Muy Baja",AC32="Leve"),AND(AA32="Muy Baja",AC32="Menor"),AND(AA32="Baja",AC32="Leve")),"Bajo",IF(OR(AND(AA32="Muy baja",AC32="Moderado"),AND(AA32="Baja",AC32="Menor"),AND(AA32="Baja",AC32="Moderado"),AND(AA32="Media",AC32="Leve"),AND(AA32="Media",AC32="Menor"),AND(AA32="Media",AC32="Moderado"),AND(AA32="Alta",AC32="Leve"),AND(AA32="Alta",AC32="Menor")),"Moderado",IF(OR(AND(AA32="Muy Baja",AC32="Mayor"),AND(AA32="Baja",AC32="Mayor"),AND(AA32="Media",AC32="Mayor"),AND(AA32="Alta",AC32="Moderado"),AND(AA32="Alta",AC32="Mayor"),AND(AA32="Muy Alta",AC32="Leve"),AND(AA32="Muy Alta",AC32="Menor"),AND(AA32="Muy Alta",AC32="Moderado"),AND(AA32="Muy Alta",AC32="Mayor")),"Alto",IF(OR(AND(AA32="Muy Baja",AC32="Catastrófico"),AND(AA32="Baja",AC32="Catastrófico"),AND(AA32="Media",AC32="Catastrófico"),AND(AA32="Alta",AC32="Catastrófico"),AND(AA32="Muy Alta",AC32="Catastrófico")),"Extremo","")))),"") -> Alto | AF32: Aceptar
M33: =IF(NOT(ISERROR(MATCH(L33,_xlfn.ANCHORARRAY(G44),0))),K46&"Por favor no seleccionar los criterios de impacto",L33) -> 0 | Q33: 3 | R33: El profesional de la Oficina Asesora de Planeación realiza mesas de trabajo de manera anual con cada uno de los subdirectores para la validación y aprobación de las necesidades proyectadas por cada una de sus unidades. | S33: =IF(OR(T33="Preventivo",T33="Detectivo"),"Probabilidad",IF(T33="Correctivo","Impacto","")) -> Probabilidad | T33: Preventivo | U33: Manual | V33: =IF(AND(T33="Preventivo",U33="Automático"),"50%",IF(AND(T33="Preventivo",U33="Manual"),"40%",IF(AND(T33="Detectivo",U33="Automático"),"40%",IF(AND(T33="Detectivo",U33="Manual"),"30%",IF(AND(T33="Correctivo",U33="Automático"),"35%",IF(AND(T33="Correctivo",U33="Manual"),"25%","")))))) -> 40% | W33: Documentado | X33: Continua | Y33: Con Registro | Z33: =IFERROR(IF(S33="Probabilidad",(K31-(+K31*V33)),IF(S33="Impacto",K31,"")),"") -> 0.12 | AA33: =IFERROR(IF(Z33="","",IF(Z33<=0.2,"Muy Baja",IF(Z33<=0.4,"Baja",IF(Z33<=0.6,"Media",IF(Z33<=0.8,"Alta","Muy Alta"))))),"") -> Muy Baja | AB33: =+Z33 -> 0.12 | AC33: =IFERROR(IF(AD33="","",IF(AD33<=0.2,"Leve",IF(AD33<=0.4,"Menor",IF(AD33<=0.6,"Moderado",IF(AD33<=0.8,"Mayor","Catastrófico"))))),"") -> Mayor | AD33: =IFERROR(IF(S33="Impacto",(O31-(+O31*V33)),IF(S33="Probabilidad",O31,"")),"") -> 0.8 | AE33: =IFERROR(IF(OR(AND(AA33="Muy Baja",AC33="Leve"),AND(AA33="Muy Baja",AC33="Menor"),AND(AA33="Baja",AC33="Leve")),"Bajo",IF(OR(AND(AA33="Muy baja",AC33="Moderado"),AND(AA33="Baja",AC33="Menor"),AND(AA33="Baja",AC33="Moderado"),AND(AA33="Media",AC33="Leve"),AND(AA33="Media",AC33="Menor"),AND(AA33="Media",AC33="Moderado"),AND(AA33="Alta",AC33="Leve"),AND(AA33="Alta",AC33="Menor")),"Moderado",IF(OR(AND(AA33="Muy Baja",AC33="Mayor"),AND(AA33="Baja",AC33="Mayor"),AND(AA33="Media",AC33="Mayor"),AND(AA33="Alta",AC33="Moderado"),AND(AA33="Alta",AC33="Mayor"),AND(AA33="Muy Alta",AC33="Leve"),AND(AA33="Muy Alta",AC33="Menor"),AND(AA33="Muy Alta",AC33="Moderado"),AND(AA33="Muy Alta",AC33="Mayor")),"Alto",IF(OR(AND(AA33="Muy Baja",AC33="Catastrófico"),AND(AA33="Baja",AC33="Catastrófico"),AND(AA33="Media",AC33="Catastrófico"),AND(AA33="Alta",AC33="Catastrófico"),AND(AA33="Muy Alta",AC33="Catastrófico")),"Extremo","")))),"") -> Alto | AF33: Aceptar
M34: =IF(NOT(ISERROR(MATCH(L34,_xlfn.ANCHORARRAY(G45),0))),K47&"Por favor no seleccionar los criterios de impacto",L34) -> 0 | Q34: 4 | S34: =IF(OR(T34="Preventivo",T34="Detectivo"),"Probabilidad",IF(T34="Correctivo","Impacto","")) | V34: =IF(AND(T34="Preventivo",U34="Automático"),"50%",IF(AND(T34="Preventivo",U34="Manual"),"40%",IF(AND(T34="Detectivo",U34="Automático"),"40%",IF(AND(T34="Detectivo",U34="Manual"),"30%",IF(AND(T34="Correctivo",U34="Automático"),"35%",IF(AND(T34="Correctivo",U34="Manual"),"25%","")))))) | Z34: =IFERROR(IF(S34="Probabilidad",(K31-(+K31*V34)),IF(S34="Impacto",K31,"")),"") | AA34: =IFERROR(IF(Z34="","",IF(Z34<=0.2,"Muy Baja",IF(Z34<=0.4,"Baja",IF(Z34<=0.6,"Media",IF(Z34<=0.8,"Alta","Muy Alta"))))),"") | AB34: =+Z34 | AC34: =IFERROR(IF(AD34="","",IF(AD34<=0.2,"Leve",IF(AD34<=0.4,"Menor",IF(AD34<=0.6,"Moderado",IF(AD34<=0.8,"Mayor","Catastrófico"))))),"") | AD34: =IFERROR(IF(S34="Impacto",(O34-(+O34*V34)),IF(S34="Probabilidad",O34,"")),"") | AE34: =IFERROR(IF(OR(AND(AA34="Muy Baja",AC34="Leve"),AND(AA34="Muy Baja",AC34="Menor"),AND(AA34="Baja",AC34="Leve")),"Bajo",IF(OR(AND(AA34="Muy baja",AC34="Moderado"),AND(AA34="Baja",AC34="Menor"),AND(AA34="Baja",AC34="Moderado"),AND(AA34="Media",AC34="Leve"),AND(AA34="Media",AC34="Menor"),AND(AA34="Media",AC34="Moderado"),AND(AA34="Alta",AC34="Leve"),AND(AA34="Alta",AC34="Menor")),"Moderado",IF(OR(AND(AA34="Muy Baja",AC34="Mayor"),AND(AA34="Baja",AC34="Mayor"),AND(AA34="Media",AC34="Mayor"),AND(AA34="Alta",AC34="Moderado"),AND(AA34="Alta",AC34="Mayor"),AND(AA34="Muy Alta",AC34="Leve"),AND(AA34="Muy Alta",AC34="Menor"),AND(AA34="Muy Alta",AC34="Moderado"),AND(AA34="Muy Alta",AC34="Mayor")),"Alto",IF(OR(AND(AA34="Muy Baja",AC34="Catastrófico"),AND(AA34="Baja",AC34="Catastrófico"),AND(AA34="Media",AC34="Catastrófico"),AND(AA34="Alta",AC34="Catastrófico"),AND(AA34="Muy Alta",AC34="Catastrófico")),"Extremo","")))),"")
M35: =IF(NOT(ISERROR(MATCH(L35,_xlfn.ANCHORARRAY(G46),0))),K48&"Por favor no seleccionar los criterios de impacto",L35) -> 0 | Q35: 5 | S35: =IF(OR(T35="Preventivo",T35="Detectivo"),"Probabilidad",IF(T35="Correctivo","Impacto","")) | V35: =IF(AND(T35="Preventivo",U35="Automático"),"50%",IF(AND(T35="Preventivo",U35="Manual"),"40%",IF(AND(T35="Detectivo",U35="Automático"),"40%",IF(AND(T35="Detectivo",U35="Manual"),"30%",IF(AND(T35="Correctivo",U35="Automático"),"35%",IF(AND(T35="Correctivo",U35="Manual"),"25%","")))))) | Z35: =IFERROR(IF(S35="Probabilidad",(K31-(+K31*V35)),IF(S35="Impacto",K31,"")),"") | AA35: =IFERROR(IF(Z35="","",IF(Z35<=0.2,"Muy Baja",IF(Z35<=0.4,"Baja",IF(Z35<=0.6,"Media",IF(Z35<=0.8,"Alta","Muy Alta"))))),"") | AB35: =+Z35 | AC35: =IFERROR(IF(AD35="","",IF(AD35<=0.2,"Leve",IF(AD35<=0.4,"Menor",IF(AD35<=0.6,"Moderado",IF(AD35<=0.8,"Mayor","Catastrófico"))))),"") | AD35: =IFERROR(IF(S35="Impacto",(O35-(+O35*V35)),IF(S35="Probabilidad",O35,"")),"") | AE35: =IFERROR(IF(OR(AND(AA35="Muy Baja",AC35="Leve"),AND(AA35="Muy Baja",AC35="Menor"),AND(AA35="Baja",AC35="Leve")),"Bajo",IF(OR(AND(AA35="Muy baja",AC35="Moderado"),AND(AA35="Baja",AC35="Menor"),AND(AA35="Baja",AC35="Moderado"),AND(AA35="Media",AC35="Leve"),AND(AA35="Media",AC35="Menor"),AND(AA35="Media",AC35="Moderado"),AND(AA35="Alta",AC35="Leve"),AND(AA35="Alta",AC35="Menor")),"Moderado",IF(OR(AND(AA35="Muy Baja",AC35="Mayor"),AND(AA35="Baja",AC35="Mayor"),AND(AA35="Media",AC35="Mayor"),AND(AA35="Alta",AC35="Moderado"),AND(AA35="Alta",AC35="Mayor"),AND(AA35="Muy Alta",AC35="Leve"),AND(AA35="Muy Alta",AC35="Menor"),AND(AA35="Muy Alta",AC35="Moderado"),AND(AA35="Muy Alta",AC35="Mayor")),"Alto",IF(OR(AND(AA35="Muy Baja",AC35="Catastrófico"),AND(AA35="Baja",AC35="Catastrófico"),AND(AA35="Media",AC35="Catastrófico"),AND(AA35="Alta",AC35="Catastrófico"),AND(AA35="Muy Alta",AC35="Catastrófico")),"Extremo","")))),"")
M36: =IF(NOT(ISERROR(MATCH(L36,_xlfn.ANCHORARRAY(G47),0))),K49&"Por favor no seleccionar los criterios de impacto",L36) -> 0 | Q36: 6 | S36: =IF(OR(T36="Preventivo",T36="Detectivo"),"Probabilidad",IF(T36="Correctivo","Impacto","")) | V36: =IF(AND(T36="Preventivo",U36="Automático"),"50%",IF(AND(T36="Preventivo",U36="Manual"),"40%",IF(AND(T36="Detectivo",U36="Automático"),"40%",IF(AND(T36="Detectivo",U36="Manual"),"30%",IF(AND(T36="Correctivo",U36="Automático"),"35%",IF(AND(T36="Correctivo",U36="Manual"),"25%","")))))) | Z36: =IFERROR(IF(S35="Probabilidad",(K31-(+K31*V36)),IF(S36="Impacto",K31,"")),"") | AA36: =IFERROR(IF(Z36="","",IF(Z36<=0.2,"Muy Baja",IF(Z36<=0.4,"Baja",IF(Z36<=0.6,"Media",IF(Z36<=0.8,"Alta","Muy Alta"))))),"") | AB36: =+Z36 | AC36: =IFERROR(IF(AD36="","",IF(AD36<=0.2,"Leve",IF(AD36<=0.4,"Menor",IF(AD36<=0.6,"Moderado",IF(AD36<=0.8,"Mayor","Catastrófico"))))),"") | AD36: =IFERROR(IF(S36="Impacto",(O36-(+O36*V36)),IF(S36="Probabilidad",O36,"")),"") | AE36: =IFERROR(IF(OR(AND(AA36="Muy Baja",AC36="Leve"),AND(AA36="Muy Baja",AC36="Menor"),AND(AA36="Baja",AC36="Leve")),"Bajo",IF(OR(AND(AA36="Muy baja",AC36="Moderado"),AND(AA36="Baja",AC36="Menor"),AND(AA36="Baja",AC36="Moderado"),AND(AA36="Media",AC36="Leve"),AND(AA36="Media",AC36="Menor"),AND(AA36="Media",AC36="Moderado"),AND(AA36="Alta",AC36="Leve"),AND(AA36="Alta",AC36="Menor")),"Moderado",IF(OR(AND(AA36="Muy Baja",AC36="Mayor"),AND(AA36="Baja",AC36="Mayor"),AND(AA36="Media",AC36="Mayor"),AND(AA36="Alta",AC36="Moderado"),AND(AA36="Alta",AC36="Mayor"),AND(AA36="Muy Alta",AC36="Leve"),AND(AA36="Muy Alta",AC36="Menor"),AND(AA36="Muy Alta",AC36="Moderado"),AND(AA36="Muy Alta",AC36="Mayor")),"Alto",IF(OR(AND(AA36="Muy Baja",AC36="Catastrófico"),AND(AA36="Baja",AC36="Catastrófico"),AND(AA36="Media",AC36="Catastrófico"),AND(AA36="Alta",AC36="Catastrófico"),AND(AA36="Muy Alta",AC36="Catastrófico")),"Extremo","")))),"")
A37: 5 | B37: Planeación | C37: Oficina Asesora de Planeación | D37: Económico y Reputacional | E37: Multas, sanciones por parte de entes de control y desconfianza por parte de la ciudadanía, grupos de valor, usuarios internos y externos. | F37: Fallas en la verificación de la información reportada en el aplicativo (Suite Visión Empresarial) y errores en la transcripción y procesamiento de datos. | G37: Posibilidad de afectación económica y reputacional por multas, sanciones por parte de entes de control y desconfianza por parte de la ciudadanía, grupos de valor, usuarios internos y externos, debido a fallas en la verificación de la información reportada en el aplicativo (Suite Visión Empresarial) y errores en la transcripción y procesamiento de datos. | H37: Ejecución y Administración de procesos | I37: 12 | J37: =IF(I37<=0,"",IF(I37<=2,"Muy Baja",IF(I37<=24,"Baja",IF(I37<=500,"Media",IF(I37<=5000,"Alta","Muy Alta"))))) -> Baja | K37: =IF(J37="","",IF(J37="Muy Baja",0.2,IF(J37="Baja",0.4,IF(J37="Media",0.6,IF(J37="Alta",0.8,IF(J37="Muy Alta",1,)))))) -> 0.4 | L37: El riesgo afecta la imagen de la entidad con algunos usuarios de relevancia frente al logro de los objetivos | M37: =IF(NOT(ISERROR(MATCH(L37,'[2]Tabla Impacto'!$B$221:$B$223,0))),'[2]Tabla Impacto'!$F$223&"Por favor no seleccionar los criterios de impacto(Afectación Económica o presupuestal y Pérdida Reputacional)",L37) -> El riesgo afecta la imagen de la entidad con algunos usuarios de relevancia frente al logro de los objetivos | N37: =+IF(OR(M37='[2]Tabla Impacto'!$C$11,M37='[2]Tabla Impacto'!$D$11),"Leve",IF(OR(M37='[2]Tabla Impacto'!$C$12,M37='[2]Tabla Impacto'!$D$12),"Menor",IF(OR(M37='[2]Tabla Impacto'!$C$13,M37='[2]Tabla Impacto'!$D$13),"Moderado",IF(OR(M37='[2]Tabla Impacto'!$C$14,M37='[2]Tabla Impacto'!$D$14),"Mayor",IF(OR(M37='[2]Tabla Impacto'!$C$15,M37='[2]Tabla Impacto'!$D$15),"Catastrófico",""))))) -> Moderado | O37: =IF(N37="","",IF(N37="Leve",0.2,IF(N37="Menor",0.4,IF(N37="Moderado",0.6,IF(N37="Mayor",0.8,IF(N37="Catastrófico",1,)))))) -> 0.6 | P37: =IF(OR(AND(J37="Muy Baja",N37="Leve"),AND(J37="Muy Baja",N37="Menor"),AND(J37="Baja",N37="Leve")),"Bajo",IF(OR(AND(J37="Muy baja",N37="Moderado"),AND(J37="Baja",N37="Menor"),AND(J37="Baja",N37="Moderado"),AND(J37="Media",N37="Leve"),AND(J37="Media",N37="Menor"),AND(J37="Media",N37="Moderado"),AND(J37="Alta",N37="Leve"),AND(J37="Alta",N37="Menor")),"Moderado",IF(OR(AND(J37="Muy Baja",N37="Mayor"),AND(J37="Baja",N37="Mayor"),AND(J37="Media",N37="Mayor"),AND(J37="Alta",N37="Moderado"),AND(J37="Alta",N37="Mayor"),AND(J37="Muy Alta",N37="Leve"),AND(J37="Muy Alta",N37="Menor"),AND(J37="Muy Alta",N37="Moderado"),AND(J37="Muy Alta",N37="Mayor")),"Alto",IF(OR(AND(J37="Muy Baja",N37="Catastrófico"),AND(J37="Baja",N37="Catastrófico"),AND(J37="Media",N37="Catastrófico"),AND(J37="Alta",N37="Catastrófico"),AND(J37="Muy Alta",N37="Catastrófico")),"Extremo","")))) -> Moderado | Q37: 1 | R37: El profesional de la Oficina Asesora de Planeación realiza trimestralmente la verificación de datos de los indicadores estratégicos, comparando lo reportado en el aplicativo (Suite Visión Empresarial) Vs el formato PL-OAPL-PR-09-FT-02, con el fin de cotejar la información suministrada por parte de las dependencias. | S37: =IF(OR(T37="Preventivo",T37="Detectivo"),"Probabilidad",IF(T37="Correctivo","Impacto","")) -> Probabilidad | T37: Detectivo | U37: Manual | V37: =IF(AND(T37="Preventivo",U37="Automático"),"50%",IF(AND(T37="Preventivo",U37="Manual"),"40%",IF(AND(T37="Detectivo",U37="Automático"),"40%",IF(AND(T37="Detectivo",U37="Manual"),"30%",IF(AND(T37="Correctivo",U37="Automático"),"35%",IF(AND(T37="Correctivo",U37="Manual"),"25%","")))))) -> 30% | W37: Documentado | X37: Continua | Y37: Con Registro | Z37: =IFERROR(IF(S37="Probabilidad",(K37-(+K37*V37)),IF(S37="Impacto",K37,"")),"") -> 0.28 | AA37: =IFERROR(IF(Z37="","",IF(Z37<=0.2,"Muy Baja",IF(Z37<=0.4,"Baja",IF(Z37<=0.6,"Media",IF(Z37<=0.8,"Alta","Muy Alta"))))),"") -> Baja | AB37: =+Z37 -> 0.28 | AC37: =IFERROR(IF(AD37="","",IF(AD37<=0.2,"Leve",IF(AD37<=0.4,"Menor",IF(AD37<=0.6,"Moderado",IF(AD37<=0.8,"Mayor","Catastrófico"))))),"") -> Moderado | AD37: =IFERROR(IF(S37="Impacto",(O37-(+O37*V37)),IF(S37="Probabilidad",O37,"")),"") -> 0.6 | AE37: =IFERROR(IF(OR(AND(AA37="Muy Baja",AC37="Leve"),AND(AA37="Muy Baja",AC37="Menor"),AND(AA37="Baja",AC37="Leve")),"Bajo",IF(OR(AND(AA37="Muy baja",AC37="Moderado"),AND(AA37="Baja",AC37="Menor"),AND(AA37="Baja",AC37="Moderado"),AND(AA37="Media",AC37="Leve"),AND(AA37="Media",AC37="Menor"),AND(AA37="Media",AC37="Moderado"),AND(AA37="Alta",AC37="Leve"),AND(AA37="Alta",AC37="Menor")),"Moderado",IF(OR(AND(AA37="Muy Baja",AC37="Mayor"),AND(AA37="Baja",AC37="Mayor"),AND(AA37="Media",AC37="Mayor"),AND(AA37="Alta",AC37="Moderado"),AND(AA37="Alta",AC37="Mayor"),AND(AA37="Muy Alta",AC37="Leve"),AND(AA37="Muy Alta",AC37="Menor"),AND(AA37="Muy Alta",AC37="Moderado"),AND(AA37="Muy Alta",AC37="Mayor")),"Alto",IF(OR(AND(AA37="Muy Baja",AC37="Catastrófico"),AND(AA37="Baja",AC37="Catastrófico"),AND(AA37="Media",AC37="Catastrófico"),AND(AA37="Alta",AC37="Catastrófico"),AND(AA37="Muy Alta",AC37="Catastrófico")),"Extremo","")))),"") -> Moderado | AF37: Aceptar
M38: =IF(NOT(ISERROR(MATCH(L38,_xlfn.ANCHORARRAY(G49),0))),K51&"Por favor no seleccionar los criterios de impacto",L38) -> 0 | Q38: 2 | R38: El profesional de la Oficina Asesora de Planeación realiza mesas de trabajo de manera trimestral con subdirectores y jefes de unidad, con el fin de validar y verificar los resultados obtenidos en los indicadores y actividades estratégicas que conforman el Plan de Acción Institucional. | S38: =IF(OR(T38="Preventivo",T38="Detectivo"),"Probabilidad",IF(T38="Correctivo","Impacto","")) -> Probabilidad | T38: Detectivo | U38: Manual | V38: =IF(AND(T38="Preventivo",U38="Automático"),"50%",IF(AND(T38="Preventivo",U38="Manual"),"40%",IF(AND(T38="Detectivo",U38="Automático"),"40%",IF(AND(T38="Detectivo",U38="Manual"),"30%",IF(AND(T38="Correctivo",U38="Automático"),"35%",IF(AND(T38="Correctivo",U38="Manual"),"25%","")))))) -> 30% | W38: Documentado | X38: Continua | Y38: Con Registro | Z38: =IFERROR(IF(S38="Probabilidad",(K37-(+K37*V38)),IF(S38="Impacto",K37,"")),"") -> 0.28 | AA38: =IFERROR(IF(Z38="","",IF(Z38<=0.2,"Muy Baja",IF(Z38<=0.4,"Baja",IF(Z38<=0.6,"Media",IF(Z38<=0.8,"Alta","Muy Alta"))))),"") -> Baja | AB38: =+Z38 -> 0.28 | AC38: =IFERROR(IF(AD38="","",IF(AD38<=0.2,"Leve",IF(AD38<=0.4,"Menor",IF(AD38<=0.6,"Moderado",IF(AD38<=0.8,"Mayor","Catastrófico"))))),"") -> Moderado | AD38: =IFERROR(IF(S38="Impacto",(O37-(+O37*V38)),IF(S38="Probabilidad",O37,"")),"") -> 0.6 | AE38: =IFERROR(IF(OR(AND(AA38="Muy Baja",AC38="Leve"),AND(AA38="Muy Baja",AC38="Menor"),AND(AA38="Baja",AC38="Leve")),"Bajo",IF(OR(AND(AA38="Muy baja",AC38="Moderado"),AND(AA38="Baja",AC38="Menor"),AND(AA38="Baja",AC38="Moderado"),AND(AA38="Media",AC38="Leve"),AND(AA38="Media",AC38="Menor"),AND(AA38="Media",AC38="Moderado"),AND(AA38="Alta",AC38="Leve"),AND(AA38="Alta",AC38="Menor")),"Moderado",IF(OR(AND(AA38="Muy Baja",AC38="Mayor"),AND(AA38="Baja",AC38="Mayor"),AND(AA38="Media",AC38="Mayor"),AND(AA38="Alta",AC38="Moderado"),AND(AA38="Alta",AC38="Mayor"),AND(AA38="Muy Alta",AC38="Leve"),AND(AA38="Muy Alta",AC38="Menor"),AND(AA38="Muy Alta",AC38="Moderado"),AND(AA38="Muy Alta",AC38="Mayor")),"Alto",IF(OR(AND(AA38="Muy Baja",AC38="Catastrófico"),AND(AA38="Baja",AC38="Catastrófico"),AND(AA38="Media",AC38="Catastrófico"),AND(AA38="Alta",AC38="Catastrófico"),AND(AA38="Muy Alta",AC38="Catastrófico")),"Extremo","")))),"") -> Moderado | AF38: Aceptar
M39: =IF(NOT(ISERROR(MATCH(L39,_xlfn.ANCHORARRAY(G50),0))),K52&"Por favor no seleccionar los criterios de impacto",L39) -> 0 | Q39: 3 | S39: =IF(OR(T39="Preventivo",T39="Detectivo"),"Probabilidad",IF(T39="Correctivo","Impacto","")) | V39: =IF(AND(T39="Preventivo",U39="Automático"),"50%",IF(AND(T39="Preventivo",U39="Manual"),"40%",IF(AND(T39="Detectivo",U39="Automático"),"40%",IF(AND(T39="Detectivo",U39="Manual"),"30%",IF(AND(T39="Correctivo",U39="Automático"),"35%",IF(AND(T39="Correctivo",U39="Manual"),"25%","")))))) | Z39: =IFERROR(IF(S39="Probabilidad",(K37-(+K37*V39)),IF(S39="Impacto",K37,"")),"") | AA39: =IFERROR(IF(Z39="","",IF(Z39<=0.2,"Muy Baja",IF(Z39<=0.4,"Baja",IF(Z39<=0.6,"Media",IF(Z39<=0.8,"Alta","Muy Alta"))))),"") | AB39: =+Z39 | AC39: =IFERROR(IF(AD39="","",IF(AD39<=0.2,"Leve",IF(AD39<=0.4,"Menor",IF(AD39<=0.6,"Moderado",IF(AD39<=0.8,"Mayor","Catastrófico"))))),"") | AD39: =IFERROR(IF(S39="Impacto",(O39-(+O39*V39)),IF(S39="Probabilidad",O39,"")),"") | AE39: =IFERROR(IF(OR(AND(AA39="Muy Baja",AC39="Leve"),AND(AA39="Muy Baja",AC39="Menor"),AND(AA39="Baja",AC39="Leve")),"Bajo",IF(OR(AND(AA39="Muy baja",AC39="Moderado"),AND(AA39="Baja",AC39="Menor"),AND(AA39="Baja",AC39="Moderado"),AND(AA39="Media",AC39="Leve"),AND(AA39="Media",AC39="Menor"),AND(AA39="Media",AC39="Moderado"),AND(AA39="Alta",AC39="Leve"),AND(AA39="Alta",AC39="Menor")),"Moderado",IF(OR(AND(AA39="Muy Baja",AC39="Mayor"),AND(AA39="Baja",AC39="Mayor"),AND(AA39="Media",AC39="Mayor"),AND(AA39="Alta",AC39="Moderado"),AND(AA39="Alta",AC39="Mayor"),AND(AA39="Muy Alta",AC39="Leve"),AND(AA39="Muy Alta",AC39="Menor"),AND(AA39="Muy Alta",AC39="Moderado"),AND(AA39="Muy Alta",AC39="Mayor")),"Alto",IF(OR(AND(AA39="Muy Baja",AC39="Catastrófico"),AND(AA39="Baja",AC39="Catastrófico"),AND(AA39="Media",AC39="Catastrófico"),AND(AA39="Alta",AC39="Catastrófico"),AND(AA39="Muy Alta",AC39="Catastrófico")),"Extremo","")))),"")
M40: =IF(NOT(ISERROR(MATCH(L40,_xlfn.ANCHORARRAY(G51),0))),K53&"Por favor no seleccionar los criterios de impacto",L40) -> 0 | Q40: 4 | S40: =IF(OR(T40="Preventivo",T40="Detectivo"),"Probabilidad",IF(T40="Correctivo","Impacto","")) | V40: =IF(AND(T40="Preventivo",U40="Automático"),"50%",IF(AND(T40="Preventivo",U40="Manual"),"40%",IF(AND(T40="Detectivo",U40="Automático"),"40%",IF(AND(T40="Detectivo",U40="Manual"),"30%",IF(AND(T40="Correctivo",U40="Automático"),"35%",IF(AND(T40="Correctivo",U40="Manual"),"25%","")))))) | Z40: =IFERROR(IF(S40="Probabilidad",(K37-(+K37*V40)),IF(S40="Impacto",K37,"")),"") | AA40: =IFERROR(IF(Z40="","",IF(Z40<=0.2,"Muy Baja",IF(Z40<=0.4,"Baja",IF(Z40<=0.6,"Media",IF(Z40<=0.8,"Alta","Muy Alta"))))),"") | AB40: =+Z40 | AC40: =IFERROR(IF(AD40="","",IF(AD40<=0.2,"Leve",IF(AD40<=0.4,"Menor",IF(AD40<=0.6,"Moderado",IF(AD40<=0.8,"Mayor","Catastrófico"))))),"") | AD40: =IFERROR(IF(S40="Impacto",(O40-(+O40*V40)),IF(S40="Probabilidad",O40,"")),"") | AE40: =IFERROR(IF(OR(AND(AA40="Muy Baja",AC40="Leve"),AND(AA40="Muy Baja",AC40="Menor"),AND(AA40="Baja",AC40="Leve")),"Bajo",IF(OR(AND(AA40="Muy baja",AC40="Moderado"),AND(AA40="Baja",AC40="Menor"),AND(AA40="Baja",AC40="Moderado"),AND(AA40="Media",AC40="Leve"),AND(AA40="Media",AC40="Menor"),AND(AA40="Media",AC40="Moderado"),AND(AA40="Alta",AC40="Leve"),AND(AA40="Alta",AC40="Menor")),"Moderado",IF(OR(AND(AA40="Muy Baja",AC40="Mayor"),AND(AA40="Baja",AC40="Mayor"),AND(AA40="Media",AC40="Mayor"),AND(AA40="Alta",AC40="Moderado"),AND(AA40="Alta",AC40="Mayor"),AND(AA40="Muy Alta",AC40="Leve"),AND(AA40="Muy Alta",AC40="Menor"),AND(AA40="Muy Alta",AC40="Moderado"),AND(AA40="Muy Alta",AC40="Mayor")),"Alto",IF(OR(AND(AA40="Muy Baja",AC40="Catastrófico"),AND(AA40="Baja",AC40="Catastrófico"),AND(AA40="Media",AC40="Catastrófico"),AND(AA40="Alta",AC40="Catastrófico"),AND(AA40="Muy Alta",AC40="Catastrófico")),"Extremo","")))),"")
M41: =IF(NOT(ISERROR(MATCH(L41,_xlfn.ANCHORARRAY(G52),0))),K54&"Por favor no seleccionar los criterios de impacto",L41) -> 0 | Q41: 5 | S41: =IF(OR(T41="Preventivo",T41="Detectivo"),"Probabilidad",IF(T41="Correctivo","Impacto","")) | V41: =IF(AND(T41="Preventivo",U41="Automático"),"50%",IF(AND(T41="Preventivo",U41="Manual"),"40%",IF(AND(T41="Detectivo",U41="Automático"),"40%",IF(AND(T41="Detectivo",U41="Manual"),"30%",IF(AND(T41="Correctivo",U41="Automático"),"35%",IF(AND(T41="Correctivo",U41="Manual"),"25%","")))))) | Z41: =IFERROR(IF(S41="Probabilidad",(K37-(+K37*V41)),IF(S41="Impacto",K37,"")),"") | AA41: =IFERROR(IF(Z41="","",IF(Z41<=0.2,"Muy Baja",IF(Z41<=0.4,"Baja",IF(Z41<=0.6,"Media",IF(Z41<=0.8,"Alta","Muy Alta"))))),"") | AB41: =+Z41 | AC41: =IFERROR(IF(AD41="","",IF(AD41<=0.2,"Leve",IF(AD41<=0.4,"Menor",IF(AD41<=0.6,"Moderado",IF(AD41<=0.8,"Mayor","Catastrófico"))))),"") | AD41: =IFERROR(IF(S41="Impacto",(O41-(+O41*V41)),IF(S41="Probabilidad",O41,"")),"") | AE41: =IFERROR(IF(OR(AND(AA41="Muy Baja",AC41="Leve"),AND(AA41="Muy Baja",AC41="Menor"),AND(AA41="Baja",AC41="Leve")),"Bajo",IF(OR(AND(AA41="Muy baja",AC41="Moderado"),AND(AA41="Baja",AC41="Menor"),AND(AA41="Baja",AC41="Moderado"),AND(AA41="Media",AC41="Leve"),AND(AA41="Media",AC41="Menor"),AND(AA41="Media",AC41="Moderado"),AND(AA41="Alta",AC41="Leve"),AND(AA41="Alta",AC41="Menor")),"Moderado",IF(OR(AND(AA41="Muy Baja",AC41="Mayor"),AND(AA41="Baja",AC41="Mayor"),AND(AA41="Media",AC41="Mayor"),AND(AA41="Alta",AC41="Moderado"),AND(AA41="Alta",AC41="Mayor"),AND(AA41="Muy Alta",AC41="Leve"),AND(AA41="Muy Alta",AC41="Menor"),AND(AA41="Muy Alta",AC41="Moderado"),AND(AA41="Muy Alta",AC41="Mayor")),"Alto",IF(OR(AND(AA41="Muy Baja",AC41="Catastrófico"),AND(AA41="Baja",AC41="Catastrófico"),AND(AA41="Media",AC41="Catastrófico"),AND(AA41="Alta",AC41="Catastrófico"),AND(AA41="Muy Alta",AC41="Catastrófico")),"Extremo","")))),"")
M42: =IF(NOT(ISERROR(MATCH(L42,_xlfn.ANCHORARRAY(G53),0))),K55&"Por favor no seleccionar los criterios de impacto",L42) -> 0 | Q42: 6 | S42: =IF(OR(T42="Preventivo",T42="Detectivo"),"Probabilidad",IF(T42="Correctivo","Impacto","")) | V42: =IF(AND(T42="Preventivo",U42="Automático"),"50%",IF(AND(T42="Preventivo",U42="Manual"),"40%",IF(AND(T42="Detectivo",U42="Automático"),"40%",IF(AND(T42="Detectivo",U42="Manual"),"30%",IF(AND(T42="Correctivo",U42="Automático"),"35%",IF(AND(T42="Correctivo",U42="Manual"),"25%","")))))) | Z42: =IFERROR(IF(S42="Probabilidad",(K37-(+K37*V42)),IF(S42="Impacto",K37,"")),"") | AA42: =IFERROR(IF(Z42="","",IF(Z42<=0.2,"Muy Baja",IF(Z42<=0.4,"Baja",IF(Z42<=0.6,"Media",IF(Z42<=0.8,"Alta","Muy Alta"))))),"") | AB42: =+Z42 | AC42: =IFERROR(IF(AD42="","",IF(AD42<=0.2,"Leve",IF(AD42<=0.4,"Menor",IF(AD42<=0.6,"Moderado",IF(AD42<=0.8,"Mayor","Catastrófico"))))),"") | AD42: =IFERROR(IF(S42="Impacto",(O42-(+O42*V42)),IF(S42="Probabilidad",O42,"")),"") | AE42: =IFERROR(IF(OR(AND(AA42="Muy Baja",AC42="Leve"),AND(AA42="Muy Baja",AC42="Menor"),AND(AA42="Baja",AC42="Leve")),"Bajo",IF(OR(AND(AA42="Muy baja",AC42="Moderado"),AND(AA42="Baja",AC42="Menor"),AND(AA42="Baja",AC42="Moderado"),AND(AA42="Media",AC42="Leve"),AND(AA42="Media",AC42="Menor"),AND(AA42="Media",AC42="Moderado"),AND(AA42="Alta",AC42="Leve"),AND(AA42="Alta",AC42="Menor")),"Moderado",IF(OR(AND(AA42="Muy Baja",AC42="Mayor"),AND(AA42="Baja",AC42="Mayor"),AND(AA42="Media",AC42="Mayor"),AND(AA42="Alta",AC42="Moderado"),AND(AA42="Alta",AC42="Mayor"),AND(AA42="Muy Alta",AC42="Leve"),AND(AA42="Muy Alta",AC42="Menor"),AND(AA42="Muy Alta",AC42="Moderado"),AND(AA42="Muy Alta",AC42="Mayor")),"Alto",IF(OR(AND(AA42="Muy Baja",AC42="Catastrófico"),AND(AA42="Baja",AC42="Catastrófico"),AND(AA42="Media",AC42="Catastrófico"),AND(AA42="Alta",AC42="Catastrófico"),AND(AA42="Muy Alta",AC42="Catastrófico")),"Extremo","")))),"")
A43: 6 | B43: Planeación | C43: Oficina Asesora de Planeación | D43: Reputacional | E43: Pérdida de credibilidad y desconfianza por parte de la ciudadanía, grupos de valor y usuarios internos y externos. | F43: Respuestas inadecuadas o sin soportes del Formulario Único de Avances de la Gestión - FURAG, por parte de las áreas y servicios de la entidad. | G43: Posibilidad de afectación reputacional por pérdida de credibilidad y desconfianza por parte de la ciudadanía, grupos de valor, usuarios internos y externos, debido a respuestas inadecuadas o sin soportes en el Formulario Único de Avances de la Gestión - FURAG, por parte de las áreas y servicios de la entidad. | H43: Ejecución y Administración de procesos | I43: 1 | J43: =IF(I43<=0,"",IF(I43<=2,"Muy Baja",IF(I43<=24,"Baja",IF(I43<=500,"Media",IF(I43<=5000,"Alta","Muy Alta"))))) -> Muy Baja | K43: =IF(J43="","",IF(J43="Muy Baja",0.2,IF(J43="Baja",0.4,IF(J43="Media",0.6,IF(J43="Alta",0.8,IF(J43="Muy Alta",1,)))))) -> 0.2 | L43: El riesgo afecta la imagen de de la entidad con efecto publicitario sostenido a nivel de sector administrativo, nivel departamental o municipal | M43: =IF(NOT(ISERROR(MATCH(L43,'[2]Tabla Impacto'!$B$221:$B$223,0))),'[2]Tabla Impacto'!$F$223&"Por favor no seleccionar los criterios de impacto(Afectación Económica o presupuestal y Pérdida Reputacional)",L43) -> El riesgo afecta la imagen de de la entidad con efecto publicitario sostenido a nivel de sector administrativo, nivel departamental o municipal | N43: =+IF(OR(M43='[2]Tabla Impacto'!$C$11,M43='[2]Tabla Impacto'!$D$11),"Leve",IF(OR(M43='[2]Tabla Impacto'!$C$12,M43='[2]Tabla Impacto'!$D$12),"Menor",IF(OR(M43='[2]Tabla Impacto'!$C$13,M43='[2]Tabla Impacto'!$D$13),"Moderado",IF(OR(M43='[2]Tabla Impacto'!$C$14,M43='[2]Tabla Impacto'!$D$14),"Mayor",IF(OR(M43='[2]Tabla Impacto'!$C$15,M43='[2]Tabla Impacto'!$D$15),"Catastrófico",""))))) -> Mayor | O43: =IF(N43="","",IF(N43="Leve",0.2,IF(N43="Menor",0.4,IF(N43="Moderado",0.6,IF(N43="Mayor",0.8,IF(N43="Catastrófico",1,)))))) -> 0.8 | P43: =IF(OR(AND(J43="Muy Baja",N43="Leve"),AND(J43="Muy Baja",N43="Menor"),AND(J43="Baja",N43="Leve")),"Bajo",IF(OR(AND(J43="Muy baja",N43="Moderado"),AND(J43="Baja",N43="Menor"),AND(J43="Baja",N43="Moderado"),AND(J43="Media",N43="Leve"),AND(J43="Media",N43="Menor"),AND(J43="Media",N43="Moderado"),AND(J43="Alta",N43="Leve"),AND(J43="Alta",N43="Menor")),"Moderado",IF(OR(AND(J43="Muy Baja",N43="Mayor"),AND(J43="Baja",N43="Mayor"),AND(J43="Media",N43="Mayor"),AND(J43="Alta",N43="Moderado"),AND(J43="Alta",N43="Mayor"),AND(J43="Muy Alta",N43="Leve"),AND(J43="Muy Alta",N43="Menor"),AND(J43="Muy Alta",N43="Moderado"),AND(J43="Muy Alta",N43="Mayor")),"Alto",IF(OR(AND(J43="Muy Baja",N43="Catastrófico"),AND(J43="Baja",N43="Catastrófico"),AND(J43="Media",N43="Catastrófico"),AND(J43="Alta",N43="Catastrófico"),AND(J43="Muy Alta",N43="Catastrófico")),"Extremo","")))) -> Alto | Q43: 1 | R43: El profesional de la Oficina Asesora de Planeación envía anualmente vía correo electrónico el Formulario Único de Reporte de Avances de la Gestión - Furag de la vigencia evaluada a los Jefes de Unidad, líderes de proceso y demás responsables del diligenciamiento del furag, con el fin de revisar y dar repuesta según corresponda a cada una de las diferentes políticas del Modelo Integrado de Planeación y Gestión. | S43: =IF(OR(T43="Preventivo",T43="Detectivo"),"Probabilidad",IF(T43="Correctivo","Impacto","")) -> Probabilidad | T43: Preventivo | U43: Manual | V43: =IF(AND(T43="Preventivo",U43="Automático"),"50%",IF(AND(T43="Preventivo",U43="Manual"),"40%",IF(AND(T43="Detectivo",U43="Automático"),"40%",IF(AND(T43="Detectivo",U43="Manual"),"30%",IF(AND(T43="Correctivo",U43="Automático"),"35%",IF(AND(T43="Correctivo",U43="Manual"),"25%","")))))) -> 40% | W43: Sin Documentar | X43: Continua | Y43: Con Registro | Z43: =IFERROR(IF(S43="Probabilidad",(K43-(+K43*V43)),IF(S43="Impacto",K43,"")),"") -> 0.12 | AA43: =IFERROR(IF(Z43="","",IF(Z43<=0.2,"Muy Baja",IF(Z43<=0.4,"Baja",IF(Z43<=0.6,"Media",IF(Z43<=0.8,"Alta","Muy Alta"))))),"") -> Muy Baja | AB43: =+Z43 -> 0.12 | AC43: =IFERROR(IF(AD43="","",IF(AD43<=0.2,"Leve",IF(AD43<=0.4,"Menor",IF(AD43<=0.6,"Moderado",IF(AD43<=0.8,"Mayor","Catastrófico"))))),"") -> Mayor | AD43: =IFERROR(IF(S43="Impacto",(O43-(+O43*V43)),IF(S43="Probabilidad",O43,"")),"") -> 0.8 | AE43: =IFERROR(IF(OR(AND(AA43="Muy Baja",AC43="Leve"),AND(AA43="Muy Baja",AC43="Menor"),AND(AA43="Baja",AC43="Leve")),"Bajo",IF(OR(AND(AA43="Muy baja",AC43="Moderado"),AND(AA43="Baja",AC43="Menor"),AND(AA43="Baja",AC43="Moderado"),AND(AA43="Media",AC43="Leve"),AND(AA43="Media",AC43="Menor"),AND(AA43="Media",AC43="Moderado"),AND(AA43="Alta",AC43="Leve"),AND(AA43="Alta",AC43="Menor")),"Moderado",IF(OR(AND(AA43="Muy Baja",AC43="Mayor"),AND(AA43="Baja",AC43="Mayor"),AND(AA43="Media",AC43="Mayor"),AND(AA43="Alta",AC43="Moderado"),AND(AA43="Alta",AC43="Mayor"),AND(AA43="Muy Alta",AC43="Leve"),AND(AA43="Muy Alta",AC43="Menor"),AND(AA43="Muy Alta",AC43="Moderado"),AND(AA43="Muy Alta",AC43="Mayor")),"Alto",IF(OR(AND(AA43="Muy Baja",AC43="Catastrófico"),AND(AA43="Baja",AC43="Catastrófico"),AND(AA43="Media",AC43="Catastrófico"),AND(AA43="Alta",AC43="Catastrófico"),AND(AA43="Muy Alta",AC43="Catastrófico")),"Extremo","")))),"") -> Alto | AF43: Aceptar
M44: =IF(NOT(ISERROR(MATCH(L44,_xlfn.ANCHORARRAY(G55),0))),K57&"Por favor no seleccionar los criterios de impacto",L44) -> 0 | Q44: 2 | R44: Los Jefes de Unidad, Líderes de Proceso y demás responsables del reporte del Formulario Único de Reporte de Avances de la Gestión, envían anualmente al Profesional de la Oficina Asesora de Planeación el Furag diligenciado según corresponda, junto con los soportes de respuesta de cada pregunta, con el fin de garantizar el total diligenciamiento y cumplimiento a la normatividad legal vigente aplicable a la entidad. | S44: =IF(OR(T44="Preventivo",T44="Detectivo"),"Probabilidad",IF(T44="Correctivo","Impacto","")) -> Probabilidad | T44: Preventivo | U44: Manual | V44: =IF(AND(T44="Preventivo",U44="Automático"),"50%",IF(AND(T44="Preventivo",U44="Manual"),"40%",IF(AND(T44="Detectivo",U44="Automático"),"40%",IF(AND(T44="Detectivo",U44="Manual"),"30%",IF(AND(T44="Correctivo",U44="Automático"),"35%",IF(AND(T44="Correctivo",U44="Manual"),"25%","")))))) -> 40% | W44: Sin Documentar | X44: Continua | Y44: Con Registro | Z44: =IFERROR(IF(S44="Probabilidad",(K43-(+K43*V44)),IF(S44="Impacto",K43,"")),"") -> 0.12 | AA44: =IFERROR(IF(Z44="","",IF(Z44<=0.2,"Muy Baja",IF(Z44<=0.4,"Baja",IF(Z44<=0.6,"Media",IF(Z44<=0.8,"Alta","Muy Alta"))))),"") -> Muy Baja | AB44: =+Z44 -> 0.12 | AC44: =IFERROR(IF(AD44="","",IF(AD44<=0.2,"Leve",IF(AD44<=0.4,"Menor",IF(AD44<=0.6,"Moderado",IF(AD44<=0.8,"Mayor","Catastrófico"))))),"") -> Mayor | AD44: =IFERROR(IF(S44="Impacto",(O43-(+O43*V44)),IF(S44="Probabilidad",O43,"")),"") -> 0.8 | AE44: =IFERROR(IF(OR(AND(AA44="Muy Baja",AC44="Leve"),AND(AA44="Muy Baja",AC44="Menor"),AND(AA44="Baja",AC44="Leve")),"Bajo",IF(OR(AND(AA44="Muy baja",AC44="Moderado"),AND(AA44="Baja",AC44="Menor"),AND(AA44="Baja",AC44="Moderado"),AND(AA44="Media",AC44="Leve"),AND(AA44="Media",AC44="Menor"),AND(AA44="Media",AC44="Moderado"),AND(AA44="Alta",AC44="Leve"),AND(AA44="Alta",AC44="Menor")),"Moderado",IF(OR(AND(AA44="Muy Baja",AC44="Mayor"),AND(AA44="Baja",AC44="Mayor"),AND(AA44="Media",AC44="Mayor"),AND(AA44="Alta",AC44="Moderado"),AND(AA44="Alta",AC44="Mayor"),AND(AA44="Muy Alta",AC44="Leve"),AND(AA44="Muy Alta",AC44="Menor"),AND(AA44="Muy Alta",AC44="Moderado"),AND(AA44="Muy Alta",AC44="Mayor")),"Alto",IF(OR(AND(AA44="Muy Baja",AC44="Catastrófico"),AND(AA44="Baja",AC44="Catastrófico"),AND(AA44="Media",AC44="Catastrófico"),AND(AA44="Alta",AC44="Catastrófico"),AND(AA44="Muy Alta",AC44="Catastrófico")),"Extremo","")))),"") -> Alto | AF44: Aceptar
M45: =IF(NOT(ISERROR(MATCH(L45,_xlfn.ANCHORARRAY(G56),0))),K58&"Por favor no seleccionar los criterios de impacto",L45) -> 0 | Q45: 3 | R45: El profesional de la Oficina Asesora de Planeación, diligencia anualmente la herramienta el línea del Formulario Único de Avances de la Gestión - FURAG, con el fin de dar cumplimiento a la normatividad vigente aplicable a la entidad. | S45: =IF(OR(T45="Preventivo",T45="Detectivo"),"Probabilidad",IF(T45="Correctivo","Impacto","")) -> Probabilidad | T45: Preventivo | U45: Manual | V45: =IF(AND(T45="Preventivo",U45="Automático"),"50%",IF(AND(T45="Preventivo",U45="Manual"),"40%",IF(AND(T45="Detectivo",U45="Automático"),"40%",IF(AND(T45="Detectivo",U45="Manual"),"30%",IF(AND(T45="Correctivo",U45="Automático"),"35%",IF(AND(T45="Correctivo",U45="Manual"),"25%","")))))) -> 40% | W45: Sin Documentar | X45: Continua | Y45: Con Registro | Z45: =IFERROR(IF(S45="Probabilidad",(K43-(+K43*V45)),IF(S45="Impacto",K43,"")),"") -> 0.12 | AA45: =IFERROR(IF(Z45="","",IF(Z45<=0.2,"Muy Baja",IF(Z45<=0.4,"Baja",IF(Z45<=0.6,"Media",IF(Z45<=0.8,"Alta","Muy Alta"))))),"") -> Muy Baja | AB45: =+Z45 -> 0.12 | AC45: =IFERROR(IF(AD45="","",IF(AD45<=0.2,"Leve",IF(AD45<=0.4,"Menor",IF(AD45<=0.6,"Moderado",IF(AD45<=0.8,"Mayor","Catastrófico"))))),"") -> Mayor | AD45: =IFERROR(IF(S45="Impacto",(O43-(+O43*V45)),IF(S45="Probabilidad",O43,"")),"") -> 0.8 | AE45: =IFERROR(IF(OR(AND(AA45="Muy Baja",AC45="Leve"),AND(AA45="Muy Baja",AC45="Menor"),AND(AA45="Baja",AC45="Leve")),"Bajo",IF(OR(AND(AA45="Muy baja",AC45="Moderado"),AND(AA45="Baja",AC45="Menor"),AND(AA45="Baja",AC45="Moderado"),AND(AA45="Media",AC45="Leve"),AND(AA45="Media",AC45="Menor"),AND(AA45="Media",AC45="Moderado"),AND(AA45="Alta",AC45="Leve"),AND(AA45="Alta",AC45="Menor")),"Moderado",IF(OR(AND(AA45="Muy Baja",AC45="Mayor"),AND(AA45="Baja",AC45="Mayor"),AND(AA45="Media",AC45="Mayor"),AND(AA45="Alta",AC45="Moderado"),AND(AA45="Alta",AC45="Mayor"),AND(AA45="Muy Alta",AC45="Leve"),AND(AA45="Muy Alta",AC45="Menor"),AND(AA45="Muy Alta",AC45="Moderado"),AND(AA45="Muy Alta",AC45="Mayor")),"Alto",IF(OR(AND(AA45="Muy Baja",AC45="Catastrófico"),AND(AA45="Baja",AC45="Catastrófico"),AND(AA45="Media",AC45="Catastrófico"),AND(AA45="Alta",AC45="Catastrófico"),AND(AA45="Muy Alta",AC45="Catastrófico")),"Extremo","")))),"") -> Alto | AF45: Aceptar
M46: =IF(NOT(ISERROR(MATCH(L46,_xlfn.ANCHORARRAY(G57),0))),K59&"Por favor no seleccionar los criterios de impacto",L46) -> 0 | Q46: 4 | S46: =IF(OR(T46="Preventivo",T46="Detectivo"),"Probabilidad",IF(T46="Correctivo","Impacto","")) | V46: =IF(AND(T46="Preventivo",U46="Automático"),"50%",IF(AND(T46="Preventivo",U46="Manual"),"40%",IF(AND(T46="Detectivo",U46="Automático"),"40%",IF(AND(T46="Detectivo",U46="Manual"),"30%",IF(AND(T46="Correctivo",U46="Automático"),"35%",IF(AND(T46="Correctivo",U46="Manual"),"25%","")))))) | Z46: =IFERROR(IF(S46="Probabilidad",(K43-(+K43*V46)),IF(S46="Impacto",K43,"")),"") | AA46: =IFERROR(IF(Z46="","",IF(Z46<=0.2,"Muy Baja",IF(Z46<=0.4,"Baja",IF(Z46<=0.6,"Media",IF(Z46<=0.8,"Alta","Muy Alta"))))),"") | AB46: =+Z46 | AC46: =IFERROR(IF(AD46="","",IF(AD46<=0.2,"Leve",IF(AD46<=0.4,"Menor",IF(AD46<=0.6,"Moderado",IF(AD46<=0.8,"Mayor","Catastrófico"))))),"") | AD46: =IFERROR(IF(S46="Impacto",(O46-(+O46*V46)),IF(S46="Probabilidad",O46,"")),"") | AE46: =IFERROR(IF(OR(AND(AA46="Muy Baja",AC46="Leve"),AND(AA46="Muy Baja",AC46="Menor"),AND(AA46="Baja",AC46="Leve")),"Bajo",IF(OR(AND(AA46="Muy baja",AC46="Moderado"),AND(AA46="Baja",AC46="Menor"),AND(AA46="Baja",AC46="Moderado"),AND(AA46="Media",AC46="Leve"),AND(AA46="Media",AC46="Menor"),AND(AA46="Media",AC46="Moderado"),AND(AA46="Alta",AC46="Leve"),AND(AA46="Alta",AC46="Menor")),"Moderado",IF(OR(AND(AA46="Muy Baja",AC46="Mayor"),AND(AA46="Baja",AC46="Mayor"),AND(AA46="Media",AC46="Mayor"),AND(AA46="Alta",AC46="Moderado"),AND(AA46="Alta",AC46="Mayor"),AND(AA46="Muy Alta",AC46="Leve"),AND(AA46="Muy Alta",AC46="Menor"),AND(AA46="Muy Alta",AC46="Moderado"),AND(AA46="Muy Alta",AC46="Mayor")),"Alto",IF(OR(AND(AA46="Muy Baja",AC46="Catastrófico"),AND(AA46="Baja",AC46="Catastrófico"),AND(AA46="Media",AC46="Catastrófico"),AND(AA46="Alta",AC46="Catastrófico"),AND(AA46="Muy Alta",AC46="Catastrófico")),"Extremo","")))),"")
M47: =IF(NOT(ISERROR(MATCH(L47,_xlfn.ANCHORARRAY(G58),0))),K60&"Por favor no seleccionar los criterios de impacto",L47) -> 0 | Q47: 5 | S47: =IF(OR(T47="Preventivo",T47="Detectivo"),"Probabilidad",IF(T47="Correctivo","Impacto","")) | V47: =IF(AND(T47="Preventivo",U47="Automático"),"50%",IF(AND(T47="Preventivo",U47="Manual"),"40%",IF(AND(T47="Detectivo",U47="Automático"),"40%",IF(AND(T47="Detectivo",U47="Manual"),"30%",IF(AND(T47="Correctivo",U47="Automático"),"35%",IF(AND(T47="Correctivo",U47="Manual"),"25%","")))))) | Z47: =IFERROR(IF(S47="Probabilidad",(K43-(+K43*V47)),IF(S47="Impacto",K43,"")),"") | AA47: =IFERROR(IF(Z47="","",IF(Z47<=0.2,"Muy Baja",IF(Z47<=0.4,"Baja",IF(Z47<=0.6,"Media",IF(Z47<=0.8,"Alta","Muy Alta"))))),"") | AB47: =+Z47 | AC47: =IFERROR(IF(AD47="","",IF(AD47<=0.2,"Leve",IF(AD47<=0.4,"Menor",IF(AD47<=0.6,"Moderado",IF(AD47<=0.8,"Mayor","Catastrófico"))))),"") | AD47: =IFERROR(IF(S47="Impacto",(O47-(+O47*V47)),IF(S47="Probabilidad",O47,"")),"") | AE47: =IFERROR(IF(OR(AND(AA47="Muy Baja",AC47="Leve"),AND(AA47="Muy Baja",AC47="Menor"),AND(AA47="Baja",AC47="Leve")),"Bajo",IF(OR(AND(AA47="Muy baja",AC47="Moderado"),AND(AA47="Baja",AC47="Menor"),AND(AA47="Baja",AC47="Moderado"),AND(AA47="Media",AC47="Leve"),AND(AA47="Media",AC47="Menor"),AND(AA47="Media",AC47="Moderado"),AND(AA47="Alta",AC47="Leve"),AND(AA47="Alta",AC47="Menor")),"Moderado",IF(OR(AND(AA47="Muy Baja",AC47="Mayor"),AND(AA47="Baja",AC47="Mayor"),AND(AA47="Media",AC47="Mayor"),AND(AA47="Alta",AC47="Moderado"),AND(AA47="Alta",AC47="Mayor"),AND(AA47="Muy Alta",AC47="Leve"),AND(AA47="Muy Alta",AC47="Menor"),AND(AA47="Muy Alta",AC47="Moderado"),AND(AA47="Muy Alta",AC47="Mayor")),"Alto",IF(OR(AND(AA47="Muy Baja",AC47="Catastrófico"),AND(AA47="Baja",AC47="Catastrófico"),AND(AA47="Media",AC47="Catastrófico"),AND(AA47="Alta",AC47="Catastrófico"),AND(AA47="Muy Alta",AC47="Catastrófico")),"Extremo","")))),"")
M48: =IF(NOT(ISERROR(MATCH(L48,_xlfn.ANCHORARRAY(G59),0))),K61&"Por favor no seleccionar los criterios de impacto",L48) -> 0 | Q48: 6 | S48: =IF(OR(T48="Preventivo",T48="Detectivo"),"Probabilidad",IF(T48="Correctivo","Impacto","")) | V48: =IF(AND(T48="Preventivo",U48="Automático"),"50%",IF(AND(T48="Preventivo",U48="Manual"),"40%",IF(AND(T48="Detectivo",U48="Automático"),"40%",IF(AND(T48="Detectivo",U48="Manual"),"30%",IF(AND(T48="Correctivo",U48="Automático"),"35%",IF(AND(T48="Correctivo",U48="Manual"),"25%","")))))) | Z48: =IFERROR(IF(S48="Probabilidad",(K43-(+K43*V48)),IF(S48="Impacto",K43,"")),"") | AA48: =IFERROR(IF(Z48="","",IF(Z48<=0.2,"Muy Baja",IF(Z48<=0.4,"Baja",IF(Z48<=0.6,"Media",IF(Z48<=0.8,"Alta","Muy Alta"))))),"") | AB48: =+Z48 | AC48: =IFERROR(IF(AD48="","",IF(AD48<=0.2,"Leve",IF(AD48<=0.4,"Menor",IF(AD48<=0.6,"Moderado",IF(AD48<=0.8,"Mayor","Catastrófico"))))),"") | AD48: =IFERROR(IF(S48="Impacto",(O48-(+O48*V48)),IF(S48="Probabilidad",O48,"")),"") | AE48: =IFERROR(IF(OR(AND(AA48="Muy Baja",AC48="Leve"),AND(AA48="Muy Baja",AC48="Menor"),AND(AA48="Baja",AC48="Leve")),"Bajo",IF(OR(AND(AA48="Muy baja",AC48="Moderado"),AND(AA48="Baja",AC48="Menor"),AND(AA48="Baja",AC48="Moderado"),AND(AA48="Media",AC48="Leve"),AND(AA48="Media",AC48="Menor"),AND(AA48="Media",AC48="Moderado"),AND(AA48="Alta",AC48="Leve"),AND(AA48="Alta",AC48="Menor")),"Moderado",IF(OR(AND(AA48="Muy Baja",AC48="Mayor"),AND(AA48="Baja",AC48="Mayor"),AND(AA48="Media",AC48="Mayor"),AND(AA48="Alta",AC48="Moderado"),AND(AA48="Alta",AC48="Mayor"),AND(AA48="Muy Alta",AC48="Leve"),AND(AA48="Muy Alta",AC48="Menor"),AND(AA48="Muy Alta",AC48="Moderado"),AND(AA48="Muy Alta",AC48="Mayor")),"Alto",IF(OR(AND(AA48="Muy Baja",AC48="Catastrófico"),AND(AA48="Baja",AC48="Catastrófico"),AND(AA48="Media",AC48="Catastrófico"),AND(AA48="Alta",AC48="Catastrófico"),AND(AA48="Muy Alta",AC48="Catastrófico")),"Extremo","")))),"")
A49: 7 | B49: Planeación | C49: Gestión de Calidad | D49: Económico y Reputacional | E49: Desarticulación de las partes interesadas en el desarrollo e implementacion del sistema de gestión basado en procesos | F49: No implantación de los sistemas de gestión de calidad en la organización. Planificación de los procesos. | G49: Posibilidad de afectación económica y reputacional por desarticulación de las partes interesadas en el desarrollo e implementacion del sistema de gestión basado en procesos, debido a la no implantación de los sistemas de gestión de calidad en la organización. Planificación de los procesos. | H49: Ejecución y Administración de procesos | I49: 365 | J49: =IF(I49<=0,"",IF(I49<=2,"Muy Baja",IF(I49<=24,"Baja",IF(I49<=500,"Media",IF(I49<=5000,"Alta","Muy Alta"))))) -> Media | K49: =IF(J49="","",IF(J49="Muy Baja",0.2,IF(J49="Baja",0.4,IF(J49="Media",0.6,IF(J49="Alta",0.8,IF(J49="Muy Alta",1,)))))) -> 0.6 | L49: El riesgo afecta la imagen de la entidad con algunos usuarios de relevancia frente al logro de los objetivos | M49: =IF(NOT(ISERROR(MATCH(L49,'[2]Tabla Impacto'!$B$221:$B$223,0))),'[2]Tabla Impacto'!$F$223&"Por favor no seleccionar los criterios de impacto(Afectación Económica o presupuestal y Pérdida Reputacional)",L49) -> El riesgo afecta la imagen de la entidad con algunos usuarios de relevancia frente al logro de los objetivos | N49: =+IF(OR(M49='[2]Tabla Impacto'!$C$11,M49='[2]Tabla Impacto'!$D$11),"Leve",IF(OR(M49='[2]Tabla Impacto'!$C$12,M49='[2]Tabla Impacto'!$D$12),"Menor",IF(OR(M49='[2]Tabla Impacto'!$C$13,M49='[2]Tabla Impacto'!$D$13),"Moderado",IF(OR(M49='[2]Tabla Impacto'!$C$14,M49='[2]Tabla Impacto'!$D$14),"Mayor",IF(OR(M49='[2]Tabla Impacto'!$C$15,M49='[2]Tabla Impacto'!$D$15),"Catastrófico",""))))) -> Moderado | O49: =IF(N49="","",IF(N49="Leve",0.2,IF(N49="Menor",0.4,IF(N49="Moderado",0.6,IF(N49="Mayor",0.8,IF(N49="Catastrófico",1,)))))) -> 0.6 | P49: =IF(OR(AND(J49="Muy Baja",N49="Leve"),AND(J49="Muy Baja",N49="Menor"),AND(J49="Baja",N49="Leve")),"Bajo",IF(OR(AND(J49="Muy baja",N49="Moderado"),AND(J49="Baja",N49="Menor"),AND(J49="Baja",N49="Moderado"),AND(J49="Media",N49="Leve"),AND(J49="Media",N49="Menor"),AND(J49="Media",N49="Moderado"),AND(J49="Alta",N49="Leve"),AND(J49="Alta",N49="Menor")),"Moderado",IF(OR(AND(J49="Muy Baja",N49="Mayor"),AND(J49="Baja",N49="Mayor"),AND(J49="Media",N49="Mayor"),AND(J49="Alta",N49="Moderado"),AND(J49="Alta",N49="Mayor"),AND(J49="Muy Alta",N49="Leve"),AND(J49="Muy Alta",N49="Menor"),AND(J49="Muy Alta",N49="Moderado"),AND(J49="Muy Alta",N49="Mayor")),"Alto",IF(OR(AND(J49="Muy Baja",N49="Catastrófico"),AND(J49="Baja",N49="Catastrófico"),AND(J49="Media",N49="Catastrófico"),AND(J49="Alta",N49="Catastrófico"),AND(J49="Muy Alta",N49="Catastrófico")),"Extremo","")))) -> Moderado | Q49: 1 | R49: El profesional del área de Calidad verifica cada vez que se requiera el estado de los docuemntos, nivel de implementación y las acciones de mejora generadas en el sistema de gestión y socializar los resultados en la inducción y re-inducción del personal asistencial y administrativo, con el proposito de mantener articulado el sistema de getión de calida. | S49: =IF(OR(T49="Preventivo",T49="Detectivo"),"Probabilidad",IF(T49="Correctivo","Impacto","")) -> Probabilidad | T49: Preventivo | U49: Manual | V49: =IF(AND(T49="Preventivo",U49="Automático"),"50%",IF(AND(T49="Preventivo",U49="Manual"),"40%",IF(AND(T49="Detectivo",U49="Automático"),"40%",IF(AND(T49="Detectivo",U49="Manual"),"30%",IF(AND(T49="Correctivo",U49="Automático"),"35%",IF(AND(T49="Correctivo",U49="Manual"),"25%","")))))) -> 40% | W49: Documentado | X49: Continua | Y49: Con Registro | Z49: =IFERROR(IF(S49="Probabilidad",(K49-(+K49*V49)),IF(S49="Impacto",K49,"")),"") -> 0.36 | AA49: =IFERROR(IF(Z49="","",IF(Z49<=0.2,"Muy Baja",IF(Z49<=0.4,"Baja",IF(Z49<=0.6,"Media",IF(Z49<=0.8,"Alta","Muy Alta"))))),"") -> Baja | AB49: =+Z49 -> 0.36 | AC49: =IFERROR(IF(AD49="","",IF(AD49<=0.2,"Leve",IF(AD49<=0.4,"Menor",IF(AD49<=0.6,"Moderado",IF(AD49<=0.8,"Mayor","Catastrófico"))))),"") -> Moderado | AD49: =IFERROR(IF(S49="Impacto",(O49-(+O49*V49)),IF(S49="Probabilidad",O49,"")),"") -> 0.6 | AE49: =IFERROR(IF(OR(AND(AA49="Muy Baja",AC49="Leve"),AND(AA49="Muy Baja",AC49="Menor"),AND(AA49="Baja",AC49="Leve")),"Bajo",IF(OR(AND(AA49="Muy baja",AC49="Moderado"),AND(AA49="Baja",AC49="Menor"),AND(AA49="Baja",AC49="Moderado"),AND(AA49="Media",AC49="Leve"),AND(AA49="Media",AC49="Menor"),AND(AA49="Media",AC49="Moderado"),AND(AA49="Alta",AC49="Leve"),AND(AA49="Alta",AC49="Menor")),"Moderado",IF(OR(AND(AA49="Muy Baja",AC49="Mayor"),AND(AA49="Baja",AC49="Mayor"),AND(AA49="Media",AC49="Mayor"),AND(AA49="Alta",AC49="Moderado"),AND(AA49="Alta",AC49="Mayor"),AND(AA49="Muy Alta",AC49="Leve"),AND(AA49="Muy Alta",AC49="Menor"),AND(AA49="Muy Alta",AC49="Moderado"),AND(AA49="Muy Alta",AC49="Mayor")),"Alto",IF(OR(AND(AA49="Muy Baja",AC49="Catastrófico"),AND(AA49="Baja",AC49="Catastrófico"),AND(AA49="Media",AC49="Catastrófico"),AND(AA49="Alta",AC49="Catastrófico"),AND(AA49="Muy Alta",AC49="Catastrófico")),"Extremo","")))),"") -> Moderado | AF49: Aceptar
M50: =IF(NOT(ISERROR(MATCH(L50,_xlfn.ANCHORARRAY(G61),0))),K63&"Por favor no seleccionar los criterios de impacto",L50) -> 0 | Q50: 2 | R50: El profesional del área de Calidad realiza mensulamente capacitaciones y socializaciones a las diferentes áreas de la entidad, con el fin de fortalecer el acompañamiento metodologíco requerido por las áreas. | S50: =IF(OR(T50="Preventivo",T50="Detectivo"),"Probabilidad",IF(T50="Correctivo","Impacto","")) -> Probabilidad | T50: Preventivo | U50: Manual | V50: =IF(AND(T50="Preventivo",U50="Automático"),"50%",IF(AND(T50="Preventivo",U50="Manual"),"40%",IF(AND(T50="Detectivo",U50="Automático"),"40%",IF(AND(T50="Detectivo",U50="Manual"),"30%",IF(AND(T50="Correctivo",U50="Automático"),"35%",IF(AND(T50="Correctivo",U50="Manual"),"25%","")))))) -> 40% | W50: Documentado | X50: Continua | Y50: Con Registro | Z50: =IFERROR(IF(S50="Probabilidad",(K49-(+K49*V50)),IF(S50="Impacto",K49,"")),"") -> 0.36 | AA50: =IFERROR(IF(Z50="","",IF(Z50<=0.2,"Muy Baja",IF(Z50<=0.4,"Baja",IF(Z50<=0.6,"Media",IF(Z50<=0.8,"Alta","Muy Alta"))))),"") -> Baja | AB50: =+Z50 -> 0.36 | AC50: =IFERROR(IF(AD50="","",IF(AD50<=0.2,"Leve",IF(AD50<=0.4,"Menor",IF(AD50<=0.6,"Moderado",IF(AD50<=0.8,"Mayor","Catastrófico"))))),"") -> Moderado | AD50: =IFERROR(IF(S50="Impacto",(O49-(+O49*V50)),IF(S50="Probabilidad",O49,"")),"") -> 0.6 | AE50: =IFERROR(IF(OR(AND(AA50="Muy Baja",AC50="Leve"),AND(AA50="Muy Baja",AC50="Menor"),AND(AA50="Baja",AC50="Leve")),"Bajo",IF(OR(AND(AA50="Muy baja",AC50="Moderado"),AND(AA50="Baja",AC50="Menor"),AND(AA50="Baja",AC50="Moderado"),AND(AA50="Media",AC50="Leve"),AND(AA50="Media",AC50="Menor"),AND(AA50="Media",AC50="Moderado"),AND(AA50="Alta",AC50="Leve"),AND(AA50="Alta",AC50="Menor")),"Moderado",IF(OR(AND(AA50="Muy Baja",AC50="Mayor"),AND(AA50="Baja",AC50="Mayor"),AND(AA50="Media",AC50="Mayor"),AND(AA50="Alta",AC50="Moderado"),AND(AA50="Alta",AC50="Mayor"),AND(AA50="Muy Alta",AC50="Leve"),AND(AA50="Muy Alta",AC50="Menor"),AND(AA50="Muy Alta",AC50="Moderado"),AND(AA50="Muy Alta",AC50="Mayor")),"Alto",IF(OR(AND(AA50="Muy Baja",AC50="Catastrófico"),AND(AA50="Baja",AC50="Catastrófico"),AND(AA50="Media",AC50="Catastrófico"),AND(AA50="Alta",AC50="Catastrófico"),AND(AA50="Muy Alta",AC50="Catastrófico")),"Extremo","")))),"") -> Moderado | AF50: Aceptar
M51: =IF(NOT(ISERROR(MATCH(L51,_xlfn.ANCHORARRAY(G62),0))),K64&"Por favor no seleccionar los criterios de impacto",L51) -> 0 | Q51: 3 | S51: =IF(OR(T51="Preventivo",T51="Detectivo"),"Probabilidad",IF(T51="Correctivo","Impacto","")) | V51: =IF(AND(T51="Preventivo",U51="Automático"),"50%",IF(AND(T51="Preventivo",U51="Manual"),"40%",IF(AND(T51="Detectivo",U51="Automático"),"40%",IF(AND(T51="Detectivo",U51="Manual"),"30%",IF(AND(T51="Correctivo",U51="Automático"),"35%",IF(AND(T51="Correctivo",U51="Manual"),"25%","")))))) | Z51: =IFERROR(IF(S51="Probabilidad",(K49-(+K49*V51)),IF(S51="Impacto",K49,"")),"") | AA51: =IFERROR(IF(Z51="","",IF(Z51<=0.2,"Muy Baja",IF(Z51<=0.4,"Baja",IF(Z51<=0.6,"Media",IF(Z51<=0.8,"Alta","Muy Alta"))))),"") | AB51: =+Z51 | AC51: =IFERROR(IF(AD51="","",IF(AD51<=0.2,"Leve",IF(AD51<=0.4,"Menor",IF(AD51<=0.6,"Moderado",IF(AD51<=0.8,"Mayor","Catastrófico"))))),"") | AD51: =IFERROR(IF(S51="Impacto",(O51-(+O51*V51)),IF(S51="Probabilidad",O51,"")),"") | AE51: =IFERROR(IF(OR(AND(AA51="Muy Baja",AC51="Leve"),AND(AA51="Muy Baja",AC51="Menor"),AND(AA51="Baja",AC51="Leve")),"Bajo",IF(OR(AND(AA51="Muy baja",AC51="Moderado"),AND(AA51="Baja",AC51="Menor"),AND(AA51="Baja",AC51="Moderado"),AND(AA51="Media",AC51="Leve"),AND(AA51="Media",AC51="Menor"),AND(AA51="Media",AC51="Moderado"),AND(AA51="Alta",AC51="Leve"),AND(AA51="Alta",AC51="Menor")),"Moderado",IF(OR(AND(AA51="Muy Baja",AC51="Mayor"),AND(AA51="Baja",AC51="Mayor"),AND(AA51="Media",AC51="Mayor"),AND(AA51="Alta",AC51="Moderado"),AND(AA51="Alta",AC51="Mayor"),AND(AA51="Muy Alta",AC51="Leve"),AND(AA51="Muy Alta",AC51="Menor"),AND(AA51="Muy Alta",AC51="Moderado"),AND(AA51="Muy Alta",AC51="Mayor")),"Alto",IF(OR(AND(AA51="Muy Baja",AC51="Catastrófico"),AND(AA51="Baja",AC51="Catastrófico"),AND(AA51="Media",AC51="Catastrófico"),AND(AA51="Alta",AC51="Catastrófico"),AND(AA51="Muy Alta",AC51="Catastrófico")),"Extremo","")))),"")
M52: =IF(NOT(ISERROR(MATCH(L52,_xlfn.ANCHORARRAY(G63),0))),K65&"Por favor no seleccionar los criterios de impacto",L52) -> 0 | Q52: 4 | S52: =IF(OR(T52="Preventivo",T52="Detectivo"),"Probabilidad",IF(T52="Correctivo","Impacto","")) | V52: =IF(AND(T52="Preventivo",U52="Automático"),"50%",IF(AND(T52="Preventivo",U52="Manual"),"40%",IF(AND(T52="Detectivo",U52="Automático"),"40%",IF(AND(T52="Detectivo",U52="Manual"),"30%",IF(AND(T52="Correctivo",U52="Automático"),"35%",IF(AND(T52="Correctivo",U52="Manual"),"25%","")))))) | Z52: =IFERROR(IF(S52="Probabilidad",(K49-(+K49*V52)),IF(S52="Impacto",K49,"")),"") | AA52: =IFERROR(IF(Z52="","",IF(Z52<=0.2,"Muy Baja",IF(Z52<=0.4,"Baja",IF(Z52<=0.6,"Media",IF(Z52<=0.8,"Alta","Muy Alta"))))),"") | AB52: =+Z52 | AC52: =IFERROR(IF(AD52="","",IF(AD52<=0.2,"Leve",IF(AD52<=0.4,"Menor",IF(AD52<=0.6,"Moderado",IF(AD52<=0.8,"Mayor","Catastrófico"))))),"") | AD52: =IFERROR(IF(S52="Impacto",(O52-(+O52*V52)),IF(S52="Probabilidad",O52,"")),"") | AE52: =IFERROR(IF(OR(AND(AA52="Muy Baja",AC52="Leve"),AND(AA52="Muy Baja",AC52="Menor"),AND(AA52="Baja",AC52="Leve")),"Bajo",IF(OR(AND(AA52="Muy baja",AC52="Moderado"),AND(AA52="Baja",AC52="Menor"),AND(AA52="Baja",AC52="Moderado"),AND(AA52="Media",AC52="Leve"),AND(AA52="Media",AC52="Menor"),AND(AA52="Media",AC52="Moderado"),AND(AA52="Alta",AC52="Leve"),AND(AA52="Alta",AC52="Menor")),"Moderado",IF(OR(AND(AA52="Muy Baja",AC52="Mayor"),AND(AA52="Baja",AC52="Mayor"),AND(AA52="Media",AC52="Mayor"),AND(AA52="Alta",AC52="Moderado"),AND(AA52="Alta",AC52="Mayor"),AND(AA52="Muy Alta",AC52="Leve"),AND(AA52="Muy Alta",AC52="Menor"),AND(AA52="Muy Alta",AC52="Moderado"),AND(AA52="Muy Alta",AC52="Mayor")),"Alto",IF(OR(AND(AA52="Muy Baja",AC52="Catastrófico"),AND(AA52="Baja",AC52="Catastrófico"),AND(AA52="Media",AC52="Catastrófico"),AND(AA52="Alta",AC52="Catastrófico"),AND(AA52="Muy Alta",AC52="Catastrófico")),"Extremo","")))),"")
M53: =IF(NOT(ISERROR(MATCH(L53,_xlfn.ANCHORARRAY(G64),0))),K66&"Por favor no seleccionar los criterios de impacto",L53) -> 0 | Q53: 5 | S53: =IF(OR(T53="Preventivo",T53="Detectivo"),"Probabilidad",IF(T53="Correctivo","Impacto","")) | V53: =IF(AND(T53="Preventivo",U53="Automático"),"50%",IF(AND(T53="Preventivo",U53="Manual"),"40%",IF(AND(T53="Detectivo",U53="Automático"),"40%",IF(AND(T53="Detectivo",U53="Manual"),"30%",IF(AND(T53="Correctivo",U53="Automático"),"35%",IF(AND(T53="Correctivo",U53="Manual"),"25%","")))))) | Z53: =IFERROR(IF(S53="Probabilidad",(K49-(+K49*V53)),IF(S53="Impacto",K49,"")),"") | AA53: =IFERROR(IF(Z53="","",IF(Z53<=0.2,"Muy Baja",IF(Z53<=0.4,"Baja",IF(Z53<=0.6,"Media",IF(Z53<=0.8,"Alta","Muy Alta"))))),"") | AB53: =+Z53 | AC53: =IFERROR(IF(AD53="","",IF(AD53<=0.2,"Leve",IF(AD53<=0.4,"Menor",IF(AD53<=0.6,"Moderado",IF(AD53<=0.8,"Mayor","Catastrófico"))))),"") | AD53: =IFERROR(IF(S53="Impacto",(O53-(+O53*V53)),IF(S53="Probabilidad",O53,"")),"") | AE53: =IFERROR(IF(OR(AND(AA53="Muy Baja",AC53="Leve"),AND(AA53="Muy Baja",AC53="Menor"),AND(AA53="Baja",AC53="Leve")),"Bajo",IF(OR(AND(AA53="Muy baja",AC53="Moderado"),AND(AA53="Baja",AC53="Menor"),AND(AA53="Baja",AC53="Moderado"),AND(AA53="Media",AC53="Leve"),AND(AA53="Media",AC53="Menor"),AND(AA53="Media",AC53="Moderado"),AND(AA53="Alta",AC53="Leve"),AND(AA53="Alta",AC53="Menor")),"Moderado",IF(OR(AND(AA53="Muy Baja",AC53="Mayor"),AND(AA53="Baja",AC53="Mayor"),AND(AA53="Media",AC53="Mayor"),AND(AA53="Alta",AC53="Moderado"),AND(AA53="Alta",AC53="Mayor"),AND(AA53="Muy Alta",AC53="Leve"),AND(AA53="Muy Alta",AC53="Menor"),AND(AA53="Muy Alta",AC53="Moderado"),AND(AA53="Muy Alta",AC53="Mayor")),"Alto",IF(OR(AND(AA53="Muy Baja",AC53="Catastrófico"),AND(AA53="Baja",AC53="Catastrófico"),AND(AA53="Media",AC53="Catastrófico"),AND(AA53="Alta",AC53="Catastrófico"),AND(AA53="Muy Alta",AC53="Catastrófico")),"Extremo","")))),"")
M54: =IF(NOT(ISERROR(MATCH(L54,_xlfn.ANCHORARRAY(G65),0))),K67&"Por favor no seleccionar los criterios de impacto",L54) -> 0 | Q54: 6 | S54: =IF(OR(T54="Preventivo",T54="Detectivo"),"Probabilidad",IF(T54="Correctivo","Impacto","")) | V54: =IF(AND(T54="Preventivo",U54="Automático"),"50%",IF(AND(T54="Preventivo",U54="Manual"),"40%",IF(AND(T54="Detectivo",U54="Automático"),"40%",IF(AND(T54="Detectivo",U54="Manual"),"30%",IF(AND(T54="Correctivo",U54="Automático"),"35%",IF(AND(T54="Correctivo",U54="Manual"),"25%","")))))) | Z54: =IFERROR(IF(S54="Probabilidad",(K49-(+K49*V54)),IF(S54="Impacto",K49,"")),"") | AA54: =IFERROR(IF(Z54="","",IF(Z54<=0.2,"Muy Baja",IF(Z54<=0.4,"Baja",IF(Z54<=0.6,"Media",IF(Z54<=0.8,"Alta","Muy Alta"))))),"") | AB54: =+Z54 | AC54: =IFERROR(IF(AD54="","",IF(AD54<=0.2,"Leve",IF(AD54<=0.4,"Menor",IF(AD54<=0.6,"Moderado",IF(AD54<=0.8,"Mayor","Catastrófico"))))),"") | AD54: =IFERROR(IF(S54="Impacto",(O54-(+O54*V54)),IF(S54="Probabilidad",O54,"")),"") | AE54: =IFERROR(IF(OR(AND(AA54="Muy Baja",AC54="Leve"),AND(AA54="Muy Baja",AC54="Menor"),AND(AA54="Baja",AC54="Leve")),"Bajo",IF(OR(AND(AA54="Muy baja",AC54="Moderado"),AND(AA54="Baja",AC54="Menor"),AND(AA54="Baja",AC54="Moderado"),AND(AA54="Media",AC54="Leve"),AND(AA54="Media",AC54="Menor"),AND(AA54="Media",AC54="Moderado"),AND(AA54="Alta",AC54="Leve"),AND(AA54="Alta",AC54="Menor")),"Moderado",IF(OR(AND(AA54="Muy Baja",AC54="Mayor"),AND(AA54="Baja",AC54="Mayor"),AND(AA54="Media",AC54="Mayor"),AND(AA54="Alta",AC54="Moderado"),AND(AA54="Alta",AC54="Mayor"),AND(AA54="Muy Alta",AC54="Leve"),AND(AA54="Muy Alta",AC54="Menor"),AND(AA54="Muy Alta",AC54="Moderado"),AND(AA54="Muy Alta",AC54="Mayor")),"Alto",IF(OR(AND(AA54="Muy Baja",AC54="Catastrófico"),AND(AA54="Baja",AC54="Catastrófico"),AND(AA54="Media",AC54="Catastrófico"),AND(AA54="Alta",AC54="Catastrófico"),AND(AA54="Muy Alta",AC54="Catastrófico")),"Extremo","")))),"")
A55: 8 | B55: Planeación | C55: Gestión de Calidad | D55: Económico y Reputacional | E55: Incumplimiento normativo, multas y sanciones por parte de entes de control. | F55: Atenciones inseguras que generan percepción desfavorable de la entidad a los usuarios y los entes reguladores | G55: Posibilidad de afectación económica y reputacional por incumplimiento normativo, multas y sanciones por parte de entes de control, debido a atenciones inseguras que generan percepción desfavorable de la entidad a los usuarios y los entes reguladores. | H55: Ejecución y Administración de procesos | I55: 365 | J55: =IF(I55<=0,"",IF(I55<=2,"Muy Baja",IF(I55<=24,"Baja",IF(I55<=500,"Media",IF(I55<=5000,"Alta","Muy Alta"))))) -> Media | K55: =IF(J55="","",IF(J55="Muy Baja",0.2,IF(J55="Baja",0.4,IF(J55="Media",0.6,IF(J55="Alta",0.8,IF(J55="Muy Alta",1,)))))) -> 0.6 | L55: El riesgo afecta la imagen de la entidad con algunos usuarios de relevancia frente al logro de los objetivos | M55: =IF(NOT(ISERROR(MATCH(L55,'[2]Tabla Impacto'!$B$221:$B$223,0))),'[2]Tabla Impacto'!$F$223&"Por favor no seleccionar los criterios de impacto(Afectación Económica o presupuestal y Pérdida Reputacional)",L55) -> El riesgo afecta la imagen de la entidad con algunos usuarios de relevancia frente al logro de los objetivos | N55: =+IF(OR(M55='[2]Tabla Impacto'!$C$11,M55='[2]Tabla Impacto'!$D$11),"Leve",IF(OR(M55='[2]Tabla Impacto'!$C$12,M55='[2]Tabla Impacto'!$D$12),"Menor",IF(OR(M55='[2]Tabla Impacto'!$C$13,M55='[2]Tabla Impacto'!$D$13),"Moderado",IF(OR(M55='[2]Tabla Impacto'!$C$14,M55='[2]Tabla Impacto'!$D$14),"Mayor",IF(OR(M55='[2]Tabla Impacto'!$C$15,M55='[2]Tabla Impacto'!$D$15),"Catastrófico",""))))) -> Moderado | O55: =IF(N55="","",IF(N55="Leve",0.2,IF(N55="Menor",0.4,IF(N55="Moderado",0.6,IF(N55="Mayor",0.8,IF(N55="Catastrófico",1,)))))) -> 0.6 | P55: =IF(OR(AND(J55="Muy Baja",N55="Leve"),AND(J55="Muy Baja",N55="Menor"),AND(J55="Baja",N55="Leve")),"Bajo",IF(OR(AND(J55="Muy baja",N55="Moderado"),AND(J55="Baja",N55="Menor"),AND(J55="Baja",N55="Moderado"),AND(J55="Media",N55="Leve"),AND(J55="Media",N55="Menor"),AND(J55="Media",N55="Moderado"),AND(J55="Alta",N55="Leve"),AND(J55="Alta",N55="Menor")),"Moderado",IF(OR(AND(J55="Muy Baja",N55="Mayor"),AND(J55="Baja",N55="Mayor"),AND(J55="Media",N55="Mayor"),AND(J55="Alta",N55="Moderado"),AND(J55="Alta",N55="Mayor"),AND(J55="Muy Alta",N55="Leve"),AND(J55="Muy Alta",N55="Menor"),AND(J55="Muy Alta",N55="Moderado"),AND(J55="Muy Alta",N55="Mayor")),"Alto",IF(OR(AND(J55="Muy Baja",N55="Catastrófico"),AND(J55="Baja",N55="Catastrófico"),AND(J55="Media",N55="Catastrófico"),AND(J55="Alta",N55="Catastrófico"),AND(J55="Muy Alta",N55="Catastrófico")),"Extremo","")))) -> Moderado | Q55: 1 | R55: El profesional del área de calidad, realiza semanalmente rondas de seguridad y aplicación de herramientas de evaluación de adherencia, con el fin de aplicar insumos metodológicos para fortalecer la cultura de seguridad en las diferentes áreas. | S55: =IF(OR(T55="Preventivo",T55="Detectivo"),"Probabilidad",IF(T55="Correctivo","Impacto","")) -> Probabilidad | T55: Preventivo | U55: Manual | V55: =IF(AND(T55="Preventivo",U55="Automático"),"50%",IF(AND(T55="Preventivo",U55="Manual"),"40%",IF(AND(T55="Detectivo",U55="Automático"),"40%",IF(AND(T55="Detectivo",U55="Manual"),"30%",IF(AND(T55="Correctivo",U55="Automático"),"35%",IF(AND(T55="Correctivo",U55="Manual"),"25%","")))))) -> 40% | W55: Documentado | X55: Continua | Y55: Con Registro | Z55: =IFERROR(IF(S55="Probabilidad",(K55-(+K55*V55)),IF(S55="Impacto",K55,"")),"") -> 0.36 | AA55: =IFERROR(IF(Z55="","",IF(Z55<=0.2,"Muy Baja",IF(Z55<=0.4,"Baja",IF(Z55<=0.6,"Media",IF(Z55<=0.8,"Alta","Muy Alta"))))),"") -> Baja | AB55: =+Z55 -> 0.36 | AC55: =IFERROR(IF(AD55="","",IF(AD55<=0.2,"Leve",IF(AD55<=0.4,"Menor",IF(AD55<=0.6,"Moderado",IF(AD55<=0.8,"Mayor","Catastrófico"))))),"") -> Moderado | AD55: =IFERROR(IF(S55="Impacto",(O55-(+O55*V55)),IF(S55="Probabilidad",O55,"")),"") -> 0.6 | AE55: =IFERROR(IF(OR(AND(AA55="Muy Baja",AC55="Leve"),AND(AA55="Muy Baja",AC55="Menor"),AND(AA55="Baja",AC55="Leve")),"Bajo",IF(OR(AND(AA55="Muy baja",AC55="Moderado"),AND(AA55="Baja",AC55="Menor"),AND(AA55="Baja",AC55="Moderado"),AND(AA55="Media",AC55="Leve"),AND(AA55="Media",AC55="Menor"),AND(AA55="Media",AC55="Moderado"),AND(AA55="Alta",AC55="Leve"),AND(AA55="Alta",AC55="Menor")),"Moderado",IF(OR(AND(AA55="Muy Baja",AC55="Mayor"),AND(AA55="Baja",AC55="Mayor"),AND(AA55="Media",AC55="Mayor"),AND(AA55="Alta",AC55="Moderado"),AND(AA55="Alta",AC55="Mayor"),AND(AA55="Muy Alta",AC55="Leve"),AND(AA55="Muy Alta",AC55="Menor"),AND(AA55="Muy Alta",AC55="Moderado"),AND(AA55="Muy Alta",AC55="Mayor")),"Alto",IF(OR(AND(AA55="Muy Baja",AC55="Catastrófico"),AND(AA55="Baja",AC55="Catastrófico"),AND(AA55="Media",AC55="Catastrófico"),AND(AA55="Alta",AC55="Catastrófico"),AND(AA55="Muy Alta",AC55="Catastrófico")),"Extremo","")))),"") -> Moderado | AF55: Aceptar
M56: =IF(NOT(ISERROR(MATCH(L56,_xlfn.ANCHORARRAY(G67),0))),K69&"Por favor no seleccionar los criterios de impacto",L56) -> 0 | Q56: 2 | R56: El profesional del área de calidad, realiza trimestralmente capacitación en los paquetes instruccionales al personal asistencial y administrativo, con el fin de evaluar los resultados de la gestión segura en el Comité de seguridad del paciente. | S56: =IF(OR(T56="Preventivo",T56="Detectivo"),"Probabilidad",IF(T56="Correctivo","Impacto","")) -> Probabilidad | T56: Preventivo | U56: Manual | V56: =IF(AND(T56="Preventivo",U56="Automático"),"50%",IF(AND(T56="Preventivo",U56="Manual"),"40%",IF(AND(T56="Detectivo",U56="Automático"),"40%",IF(AND(T56="Detectivo",U56="Manual"),"30%",IF(AND(T56="Correctivo",U56="Automático"),"35%",IF(AND(T56="Correctivo",U56="Manual"),"25%","")))))) -> 40% | W56: Documentado | X56: Continua | Y56: Con Registro | Z56: =IFERROR(IF(S56="Probabilidad",(K55-(+K55*V56)),IF(S56="Impacto",K55,"")),"") -> 0.36 | AA56: =IFERROR(IF(Z56="","",IF(Z56<=0.2,"Muy Baja",IF(Z56<=0.4,"Baja",IF(Z56<=0.6,"Media",IF(Z56<=0.8,"Alta","Muy Alta"))))),"") -> Baja | AB56: =+Z56 -> 0.36 | AC56: =IFERROR(IF(AD56="","",IF(AD56<=0.2,"Leve",IF(AD56<=0.4,"Menor",IF(AD56<=0.6,"Moderado",IF(AD56<=0.8,"Mayor","Catastrófico"))))),"") -> Moderado | AD56: =IFERROR(IF(S56="Impacto",(O55-(+O55*V56)),IF(S56="Probabilidad",O55,"")),"") -> 0.6 | AE56: =IFERROR(IF(OR(AND(AA56="Muy Baja",AC56="Leve"),AND(AA56="Muy Baja",AC56="Menor"),AND(AA56="Baja",AC56="Leve")),"Bajo",IF(OR(AND(AA56="Muy baja",AC56="Moderado"),AND(AA56="Baja",AC56="Menor"),AND(AA56="Baja",AC56="Moderado"),AND(AA56="Media",AC56="Leve"),AND(AA56="Media",AC56="Menor"),AND(AA56="Media",AC56="Moderado"),AND(AA56="Alta",AC56="Leve"),AND(AA56="Alta",AC56="Menor")),"Moderado",IF(OR(AND(AA56="Muy Baja",AC56="Mayor"),AND(AA56="Baja",AC56="Mayor"),AND(AA56="Media",AC56="Mayor"),AND(AA56="Alta",AC56="Moderado"),AND(AA56="Alta",AC56="Mayor"),AND(AA56="Muy Alta",AC56="Leve"),AND(AA56="Muy Alta",AC56="Menor"),AND(AA56="Muy Alta",AC56="Moderado"),AND(AA56="Muy Alta",AC56="Mayor")),"Alto",IF(OR(AND(AA56="Muy Baja",AC56="Catastrófico"),AND(AA56="Baja",AC56="Catastrófico"),AND(AA56="Media",AC56="Catastrófico"),AND(AA56="Alta",AC56="Catastrófico"),AND(AA56="Muy Alta",AC56="Catastrófico")),"Extremo","")))),"") -> Moderado | AF56: Aceptar
M57: =IF(NOT(ISERROR(MATCH(L57,_xlfn.ANCHORARRAY(G68),0))),K70&"Por favor no seleccionar los criterios de impacto",L57) -> 0 | Q57: 3 | S57: =IF(OR(T57="Preventivo",T57="Detectivo"),"Probabilidad",IF(T57="Correctivo","Impacto","")) | V57: =IF(AND(T57="Preventivo",U57="Automático"),"50%",IF(AND(T57="Preventivo",U57="Manual"),"40%",IF(AND(T57="Detectivo",U57="Automático"),"40%",IF(AND(T57="Detectivo",U57="Manual"),"30%",IF(AND(T57="Correctivo",U57="Automático"),"35%",IF(AND(T57="Correctivo",U57="Manual"),"25%","")))))) | Z57: =IFERROR(IF(S57="Probabilidad",(K55-(+K55*V57)),IF(S57="Impacto",K55,"")),"") | AA57: =IFERROR(IF(Z57="","",IF(Z57<=0.2,"Muy Baja",IF(Z57<=0.4,"Baja",IF(Z57<=0.6,"Media",IF(Z57<=0.8,"Alta","Muy Alta"))))),"") | AB57: =+Z57 | AC57: =IFERROR(IF(AD57="","",IF(AD57<=0.2,"Leve",IF(AD57<=0.4,"Menor",IF(AD57<=0.6,"Moderado",IF(AD57<=0.8,"Mayor","Catastrófico"))))),"") | AD57: =IFERROR(IF(S57="Impacto",(O57-(+O57*V57)),IF(S57="Probabilidad",O57,"")),"") | AE57: =IFERROR(IF(OR(AND(AA57="Muy Baja",AC57="Leve"),AND(AA57="Muy Baja",AC57="Menor"),AND(AA57="Baja",AC57="Leve")),"Bajo",IF(OR(AND(AA57="Muy baja",AC57="Moderado"),AND(AA57="Baja",AC57="Menor"),AND(AA57="Baja",AC57="Moderado"),AND(AA57="Media",AC57="Leve"),AND(AA57="Media",AC57="Menor"),AND(AA57="Media",AC57="Moderado"),AND(AA57="Alta",AC57="Leve"),AND(AA57="Alta",AC57="Menor")),"Moderado",IF(OR(AND(AA57="Muy Baja",AC57="Mayor"),AND(AA57="Baja",AC57="Mayor"),AND(AA57="Media",AC57="Mayor"),AND(AA57="Alta",AC57="Moderado"),AND(AA57="Alta",AC57="Mayor"),AND(AA57="Muy Alta",AC57="Leve"),AND(AA57="Muy Alta",AC57="Menor"),AND(AA57="Muy Alta",AC57="Moderado"),AND(AA57="Muy Alta",AC57="Mayor")),"Alto",IF(OR(AND(AA57="Muy Baja",AC57="Catastrófico"),AND(AA57="Baja",AC57="Catastrófico"),AND(AA57="Media",AC57="Catastrófico"),AND(AA57="Alta",AC57="Catastrófico"),AND(AA57="Muy Alta",AC57="Catastrófico")),"Extremo","")))),"")
M58: =IF(NOT(ISERROR(MATCH(L58,_xlfn.ANCHORARRAY(G69),0))),K71&"Por favor no seleccionar los criterios de impacto",L58) -> 0 | Q58: 4 | S58: =IF(OR(T58="Preventivo",T58="Detectivo"),"Probabilidad",IF(T58="Correctivo","Impacto","")) | V58: =IF(AND(T58="Preventivo",U58="Automático"),"50%",IF(AND(T58="Preventivo",U58="Manual"),"40%",IF(AND(T58="Detectivo",U58="Automático"),"40%",IF(AND(T58="Detectivo",U58="Manual"),"30%",IF(AND(T58="Correctivo",U58="Automático"),"35%",IF(AND(T58="Correctivo",U58="Manual"),"25%","")))))) | Z58: =IFERROR(IF(S58="Probabilidad",(K55-(+K55*V58)),IF(S58="Impacto",K55,"")),"") | AA58: =IFERROR(IF(Z58="","",IF(Z58<=0.2,"Muy Baja",IF(Z58<=0.4,"Baja",IF(Z58<=0.6,"Media",IF(Z58<=0.8,"Alta","Muy Alta"))))),"") | AB58: =+Z58 | AC58: =IFERROR(IF(AD58="","",IF(AD58<=0.2,"Leve",IF(AD58<=0.4,"Menor",IF(AD58<=0.6,"Moderado",IF(AD58<=0.8,"Mayor","Catastrófico"))))),"") | AD58: =IFERROR(IF(S58="Impacto",(O58-(+O58*V58)),IF(S58="Probabilidad",O58,"")),"") | AE58: =IFERROR(IF(OR(AND(AA58="Muy Baja",AC58="Leve"),AND(AA58="Muy Baja",AC58="Menor"),AND(AA58="Baja",AC58="Leve")),"Bajo",IF(OR(AND(AA58="Muy baja",AC58="Moderado"),AND(AA58="Baja",AC58="Menor"),AND(AA58="Baja",AC58="Moderado"),AND(AA58="Media",AC58="Leve"),AND(AA58="Media",AC58="Menor"),AND(AA58="Media",AC58="Moderado"),AND(AA58="Alta",AC58="Leve"),AND(AA58="Alta",AC58="Menor")),"Moderado",IF(OR(AND(AA58="Muy Baja",AC58="Mayor"),AND(AA58="Baja",AC58="Mayor"),AND(AA58="Media",AC58="Mayor"),AND(AA58="Alta",AC58="Moderado"),AND(AA58="Alta",AC58="Mayor"),AND(AA58="Muy Alta",AC58="Leve"),AND(AA58="Muy Alta",AC58="Menor"),AND(AA58="Muy Alta",AC58="Moderado"),AND(AA58="Muy Alta",AC58="Mayor")),"Alto",IF(OR(AND(AA58="Muy Baja",AC58="Catastrófico"),AND(AA58="Baja",AC58="Catastrófico"),AND(AA58="Media",AC58="Catastrófico"),AND(AA58="Alta",AC58="Catastrófico"),AND(AA58="Muy Alta",AC58="Catastrófico")),"Extremo","")))),"")
M59: =IF(NOT(ISERROR(MATCH(L59,_xlfn.ANCHORARRAY(G70),0))),K72&"Por favor no seleccionar los criterios de impacto",L59) -> 0 | Q59: 5 | S59: =IF(OR(T59="Preventivo",T59="Detectivo"),"Probabilidad",IF(T59="Correctivo","Impacto","")) | V59: =IF(AND(T59="Preventivo",U59="Automático"),"50%",IF(AND(T59="Preventivo",U59="Manual"),"40%",IF(AND(T59="Detectivo",U59="Automático"),"40%",IF(AND(T59="Detectivo",U59="Manual"),"30%",IF(AND(T59="Correctivo",U59="Automático"),"35%",IF(AND(T59="Correctivo",U59="Manual"),"25%","")))))) | Z59: =IFERROR(IF(S59="Probabilidad",(K55-(+K55*V59)),IF(S59="Impacto",K55,"")),"") | AA59: =IFERROR(IF(Z59="","",IF(Z59<=0.2,"Muy Baja",IF(Z59<=0.4,"Baja",IF(Z59<=0.6,"Media",IF(Z59<=0.8,"Alta","Muy Alta"))))),"") | AB59: =+Z59 | AC59: =IFERROR(IF(AD59="","",IF(AD59<=0.2,"Leve",IF(AD59<=0.4,"Menor",IF(AD59<=0.6,"Moderado",IF(AD59<=0.8,"Mayor","Catastrófico"))))),"") | AD59: =IFERROR(IF(S59="Impacto",(O59-(+O59*V59)),IF(S59="Probabilidad",O59,"")),"") | AE59: =IFERROR(IF(OR(AND(AA59="Muy Baja",AC59="Leve"),AND(AA59="Muy Baja",AC59="Menor"),AND(AA59="Baja",AC59="Leve")),"Bajo",IF(OR(AND(AA59="Muy baja",AC59="Moderado"),AND(AA59="Baja",AC59="Menor"),AND(AA59="Baja",AC59="Moderado"),AND(AA59="Media",AC59="Leve"),AND(AA59="Media",AC59="Menor"),AND(AA59="Media",AC59="Moderado"),AND(AA59="Alta",AC59="Leve"),AND(AA59="Alta",AC59="Menor")),"Moderado",IF(OR(AND(AA59="Muy Baja",AC59="Mayor"),AND(AA59="Baja",AC59="Mayor"),AND(AA59="Media",AC59="Mayor"),AND(AA59="Alta",AC59="Moderado"),AND(AA59="Alta",AC59="Mayor"),AND(AA59="Muy Alta",AC59="Leve"),AND(AA59="Muy Alta",AC59="Menor"),AND(AA59="Muy Alta",AC59="Moderado"),AND(AA59="Muy Alta",AC59="Mayor")),"Alto",IF(OR(AND(AA59="Muy Baja",AC59="Catastrófico"),AND(AA59="Baja",AC59="Catastrófico"),AND(AA59="Media",AC59="Catastrófico"),AND(AA59="Alta",AC59="Catastrófico"),AND(AA59="Muy Alta",AC59="Catastrófico")),"Extremo","")))),"")
M60: =IF(NOT(ISERROR(MATCH(L60,_xlfn.ANCHORARRAY(G71),0))),K73&"Por favor no seleccionar los criterios de impacto",L60) -> 0 | Q60: 6 | S60: =IF(OR(T60="Preventivo",T60="Detectivo"),"Probabilidad",IF(T60="Correctivo","Impacto","")) | V60: =IF(AND(T60="Preventivo",U60="Automático"),"50%",IF(AND(T60="Preventivo",U60="Manual"),"40%",IF(AND(T60="Detectivo",U60="Automático"),"40%",IF(AND(T60="Detectivo",U60="Manual"),"30%",IF(AND(T60="Correctivo",U60="Automático"),"35%",IF(AND(T60="Correctivo",U60="Manual"),"25%","")))))) | Z60: =IFERROR(IF(S60="Probabilidad",(K55-(+K55*V60)),IF(S60="Impacto",K55,"")),"") | AA60: =IFERROR(IF(Z60="","",IF(Z60<=0.2,"Muy Baja",IF(Z60<=0.4,"Baja",IF(Z60<=0.6,"Media",IF(Z60<=0.8,"Alta","Muy Alta"))))),"") | AB60: =+Z60 | AC60: =IFERROR(IF(AD60="","",IF(AD60<=0.2,"Leve",IF(AD60<=0.4,"Menor",IF(AD60<=0.6,"Moderado",IF(AD60<=0.8,"Mayor","Catastrófico"))))),"") | AD60: =IFERROR(IF(S60="Impacto",(O60-(+O60*V60)),IF(S60="Probabilidad",O60,"")),"") | AE60: =IFERROR(IF(OR(AND(AA60="Muy Baja",AC60="Leve"),AND(AA60="Muy Baja",AC60="Menor"),AND(AA60="Baja",AC60="Leve")),"Bajo",IF(OR(AND(AA60="Muy baja",AC60="Moderado"),AND(AA60="Baja",AC60="Menor"),AND(AA60="Baja",AC60="Moderado"),AND(AA60="Media",AC60="Leve"),AND(AA60="Media",AC60="Menor"),AND(AA60="Media",AC60="Moderado"),AND(AA60="Alta",AC60="Leve"),AND(AA60="Alta",AC60="Menor")),"Moderado",IF(OR(AND(AA60="Muy Baja",AC60="Mayor"),AND(AA60="Baja",AC60="Mayor"),AND(AA60="Media",AC60="Mayor"),AND(AA60="Alta",AC60="Moderado"),AND(AA60="Alta",AC60="Mayor"),AND(AA60="Muy Alta",AC60="Leve"),AND(AA60="Muy Alta",AC60="Menor"),AND(AA60="Muy Alta",AC60="Moderado"),AND(AA60="Muy Alta",AC60="Mayor")),"Alto",IF(OR(AND(AA60="Muy Baja",AC60="Catastrófico"),AND(AA60="Baja",AC60="Catastrófico"),AND(AA60="Media",AC60="Catastrófico"),AND(AA60="Alta",AC60="Catastrófico"),AND(AA60="Muy Alta",AC60="Catastrófico")),"Extremo","")))),"")
A61: 9 | B61: Tecnologías de la Información | C61: Infraestructura y comunicaciones. Gestión de Movilidad y Aplicaciones. Mesa de Servicio de Tecnologías de la Información. | D61: Económico y Reputacional | E61: No registro oportuno del estado de salud y la atención brindada en la historia clínica. | F61: Interrupción en la prestación de los servicios tecnológicos de la entidad | G61: Posibilidad de afectación económica y reputacional por la no disponibilidad del registro oportuno del estado de salud y la atención brindada en la historia clínica, debido a la interrupción en la prestación de los servicios tecnológicos de la entidad. | H61: Fallas Tecnológicas | I61: 8640 | J61: =IF(I61<=0,"",IF(I61<=2,"Muy Baja",IF(I61<=24,"Baja",IF(I61<=500,"Media",IF(I61<=5000,"Alta","Muy Alta"))))) -> Muy Alta | K61: =IF(J61="","",IF(J61="Muy Baja",0.2,IF(J61="Baja",0.4,IF(J61="Media",0.6,IF(J61="Alta",0.8,IF(J61="Muy Alta",1,)))))) -> 1 | L61: El riesgo afecta la imagen de la entidad con algunos usuarios de relevancia frente al logro de los objetivos | M61: =IF(NOT(ISERROR(MATCH(L61,'[3]Tabla Impacto'!$B$221:$B$223,0))),'[3]Tabla Impacto'!$F$223&"Por favor no seleccionar los criterios de impacto(Afectación Económica o presupuestal y Pérdida Reputacional)",L61) -> El riesgo afecta la imagen de la entidad con algunos usuarios de relevancia frente al logro de los objetivos | N61: =+IF(OR(M61='[3]Tabla Impacto'!$C$11,M61='[3]Tabla Impacto'!$D$11),"Leve",IF(OR(M61='[3]Tabla Impacto'!$C$12,M61='[3]Tabla Impacto'!$D$12),"Menor",IF(OR(M61='[3]Tabla Impacto'!$C$13,M61='[3]Tabla Impacto'!$D$13),"Moderado",IF(OR(M61='[3]Tabla Impacto'!$C$14,M61='[3]Tabla Impacto'!$D$14),"Mayor",IF(OR(M61='[3]Tabla Impacto'!$C$15,M61='[3]Tabla Impacto'!$D$15),"Catastrófico",""))))) -> Moderado | O61: =IF(N61="","",IF(N61="Leve",0.2,IF(N61="Menor",0.4,IF(N61="Moderado",0.6,IF(N61="Mayor",0.8,IF(N61="Catastrófico",1,)))))) -> 0.6 | P61: =IF(OR(AND(J61="Muy Baja",N61="Leve"),AND(J61="Muy Baja",N61="Menor"),AND(J61="Baja",N61="Leve")),"Bajo",IF(OR(AND(J61="Muy baja",N61="Moderado"),AND(J61="Baja",N61="Menor"),AND(J61="Baja",N61="Moderado"),AND(J61="Media",N61="Leve"),AND(J61="Media",N61="Menor"),AND(J61="Media",N61="Moderado"),AND(J61="Alta",N61="Leve"),AND(J61="Alta",N61="Menor")),"Moderado",IF(OR(AND(J61="Muy Baja",N61="Mayor"),AND(J61="Baja",N61="Mayor"),AND(J61="Media",N61="Mayor"),AND(J61="Alta",N61="Moderado"),AND(J61="Alta",N61="Mayor"),AND(J61="Muy Alta",N61="Leve"),AND(J61="Muy Alta",N61="Menor"),AND(J61="Muy Alta",N61="Moderado"),AND(J61="Muy Alta",N61="Mayor")),"Alto",IF(OR(AND(J61="Muy Baja",N61="Catastrófico"),AND(J61="Baja",N61="Catastrófico"),AND(J61="Media",N61="Catastrófico"),AND(J61="Alta",N61="Catastrófico"),AND(J61="Muy Alta",N61="Catastrófico")),"Extremo","")))) -> Alto | Q61: 1 | R61: El lider del área de Infraestructura y Comunicaciones - INCO realiza el monitoreo 7*24*365 a través de las herramientas de monitoreo (NOC) con el fin de verificar el funcionamiento y el estado general de la infraestructura de redes y comunicaciones de la entidad para tomar acciones preventivas y/o correctivas. | S61: =IF(OR(T61="Preventivo",T61="Detectivo"),"Probabilidad",IF(T61="Correctivo","Impacto","")) -> Probabilidad | T61: Preventivo | U61: Automático | V61: =IF(AND(T61="Preventivo",U61="Automático"),"50%",IF(AND(T61="Preventivo",U61="Manual"),"40%",IF(AND(T61="Detectivo",U61="Automático"),"40%",IF(AND(T61="Detectivo",U61="Manual"),"30%",IF(AND(T61="Correctivo",U61="Automático"),"35%",IF(AND(T61="Correctivo",U61="Manual"),"25%","")))))) -> 50% | W61: Documentado | X61: Continua | Y61: Con Registro | Z61: =IFERROR(IF(S61="Probabilidad",(K61-(+K61*V61)),IF(S61="Impacto",K61,"")),"") -> 0.5 | AA61: =IFERROR(IF(Z61="","",IF(Z61<=0.2,"Muy Baja",IF(Z61<=0.4,"Baja",IF(Z61<=0.6,"Media",IF(Z61<=0.8,"Alta","Muy Alta"))))),"") -> Media | AB61: =+Z61 -> 0.5 | AC61: =IFERROR(IF(AD61="","",IF(AD61<=0.2,"Leve",IF(AD61<=0.4,"Menor",IF(AD61<=0.6,"Moderado",IF(AD61<=0.8,"Mayor","Catastrófico"))))),"") -> Moderado | AD61: =IFERROR(IF(S61="Impacto",(O61-(+O61*V61)),IF(S61="Probabilidad",O61,"")),"") -> 0.6 | AE61: =IFERROR(IF(OR(AND(AA61="Muy Baja",AC61="Leve"),AND(AA61="Muy Baja",AC61="Menor"),AND(AA61="Baja",AC61="Leve")),"Bajo",IF(OR(AND(AA61="Muy baja",AC61="Moderado"),AND(AA61="Baja",AC61="Menor"),AND(AA61="Baja",AC61="Moderado"),AND(AA61="Media",AC61="Leve"),AND(AA61="Media",AC61="Menor"),AND(AA61="Media",AC61="Moderado"),AND(AA61="Alta",AC61="Leve"),AND(AA61="Alta",AC61="Menor")),"Moderado",IF(OR(AND(AA61="Muy Baja",AC61="Mayor"),AND(AA61="Baja",AC61="Mayor"),AND(AA61="Media",AC61="Mayor"),AND(AA61="Alta",AC61="Moderado"),AND(AA61="Alta",AC61="Mayor"),AND(AA61="Muy Alta",AC61="Leve"),AND(AA61="Muy Alta",AC61="Menor"),AND(AA61="Muy Alta",AC61="Moderado"),AND(AA61="Muy Alta",AC61="Mayor")),"Alto",IF(OR(AND(AA61="Muy Baja",AC61="Catastrófico"),AND(AA61="Baja",AC61="Catastrófico"),AND(AA61="Media",AC61="Catastrófico"),AND(AA61="Alta",AC61="Catastrófico"),AND(AA61="Muy Alta",AC61="Catastrófico")),"Extremo","")))),"") -> Moderado | AF61: Aceptar
M62: =IF(NOT(ISERROR(MATCH(L62,_xlfn.ANCHORARRAY(G73),0))),K75&"Por favor no seleccionar los criterios de impacto",L62) -> 0 | Q62: 2 | R62: El líder del área de gestión de requerimientos e incidentes - GERE coordina y lidera el comité de cambios cada vez que se requiere un cambio, se proyecta el minutograma y las actividades relacionadas con la ejecución de un cambio en la infraestructura que soporta los servicios tecnologicos, a través de los formatos establecidos. Con el fin de planear e identificar los impactos que se puedan llegar a generar durante la implementación de un cambio. | S62: =IF(OR(T62="Preventivo",T62="Detectivo"),"Probabilidad",IF(T62="Correctivo","Impacto","")) -> Probabilidad | T62: Preventivo | U62: Manual | V62: =IF(AND(T62="Preventivo",U62="Automático"),"50%",IF(AND(T62="Preventivo",U62="Manual"),"40%",IF(AND(T62="Detectivo",U62="Automático"),"40%",IF(AND(T62="Detectivo",U62="Manual"),"30%",IF(AND(T62="Correctivo",U62="Automático"),"35%",IF(AND(T62="Correctivo",U62="Manual"),"25%","")))))) -> 40% | W62: Documentado | X62: Aleatoria | Y62: Con Registro | Z62: =IFERROR(IF(S62="Probabilidad",(K61-(+K61*V62)),IF(S62="Impacto",K61,"")),"") -> 0.6 | AA62: =IFERROR(IF(Z62="","",IF(Z62<=0.2,"Muy Baja",IF(Z62<=0.4,"Baja",IF(Z62<=0.6,"Media",IF(Z62<=0.8,"Alta","Muy Alta"))))),"") -> Media | AB62: =+Z62 -> 0.6 | AC62: =IFERROR(IF(AD62="","",IF(AD62<=0.2,"Leve",IF(AD62<=0.4,"Menor",IF(AD62<=0.6,"Moderado",IF(AD62<=0.8,"Mayor","Catastrófico"))))),"") -> Moderado | AD62: =IFERROR(IF(S61="Impacto",(O61-(+O61*V61)),IF(S61="Probabilidad",O61,"")),"") -> 0.6 | AE62: =IFERROR(IF(OR(AND(AA62="Muy Baja",AC62="Leve"),AND(AA62="Muy Baja",AC62="Menor"),AND(AA62="Baja",AC62="Leve")),"Bajo",IF(OR(AND(AA62="Muy baja",AC62="Moderado"),AND(AA62="Baja",AC62="Menor"),AND(AA62="Baja",AC62="Moderado"),AND(AA62="Media",AC62="Leve"),AND(AA62="Media",AC62="Menor"),AND(AA62="Media",AC62="Moderado"),AND(AA62="Alta",AC62="Leve"),AND(AA62="Alta",AC62="Menor")),"Moderado",IF(OR(AND(AA62="Muy Baja",AC62="Mayor"),AND(AA62="Baja",AC62="Mayor"),AND(AA62="Media",AC62="Mayor"),AND(AA62="Alta",AC62="Moderado"),AND(AA62="Alta",AC62="Mayor"),AND(AA62="Muy Alta",AC62="Leve"),AND(AA62="Muy Alta",AC62="Menor"),AND(AA62="Muy Alta",AC62="Moderado"),AND(AA62="Muy Alta",AC62="Mayor")),"Alto",IF(OR(AND(AA62="Muy Baja",AC62="Catastrófico"),AND(AA62="Baja",AC62="Catastrófico"),AND(AA62="Media",AC62="Catastrófico"),AND(AA62="Alta",AC62="Catastrófico"),AND(AA62="Muy Alta",AC62="Catastrófico")),"Extremo","")))),"") -> Moderado | AF62: Aceptar
M63: =IF(NOT(ISERROR(MATCH(L63,_xlfn.ANCHORARRAY(G74),0))),K76&"Por favor no seleccionar los criterios de impacto",L63) -> 0 | Q63: 3 | R63: El líder de la Mesa de Servicio de TI - MSTI, al menos una vez al año realiza un mantenimiento preventivo a los activos de TI que soportan los servicios, con el fin de asegurar el funcionamiento adecuado de los mismos. | S63: =IF(OR(T63="Preventivo",T63="Detectivo"),"Probabilidad",IF(T63="Correctivo","Impacto","")) -> Probabilidad | T63: Preventivo | U63: Manual | V63: =IF(AND(T63="Preventivo",U63="Automático"),"50%",IF(AND(T63="Preventivo",U63="Manual"),"40%",IF(AND(T63="Detectivo",U63="Automático"),"40%",IF(AND(T63="Detectivo",U63="Manual"),"30%",IF(AND(T63="Correctivo",U63="Automático"),"35%",IF(AND(T63="Correctivo",U63="Manual"),"25%","")))))) -> 40% | W63: Documentado | X63: Continua | Y63: Con Registro | Z63: =IFERROR(IF(S63="Probabilidad",(K61-(+K61*V63)),IF(S63="Impacto",K61,"")),"") -> 0.6 | AA63: =IFERROR(IF(Z63="","",IF(Z63<=0.2,"Muy Baja",IF(Z63<=0.4,"Baja",IF(Z63<=0.6,"Media",IF(Z63<=0.8,"Alta","Muy Alta"))))),"") -> Media | AB63: =+Z63 -> 0.6 | AC63: =IFERROR(IF(AD63="","",IF(AD63<=0.2,"Leve",IF(AD63<=0.4,"Menor",IF(AD63<=0.6,"Moderado",IF(AD63<=0.8,"Mayor","Catastrófico"))))),"") -> Moderado | AD63: =IFERROR(IF(S61="Impacto",(O61-(+O61*V61)),IF(S61="Probabilidad",O61,"")),"") -> 0.6 | AE63: =IFERROR(IF(OR(AND(AA63="Muy Baja",AC63="Leve"),AND(AA63="Muy Baja",AC63="Menor"),AND(AA63="Baja",AC63="Leve")),"Bajo",IF(OR(AND(AA63="Muy baja",AC63="Moderado"),AND(AA63="Baja",AC63="Menor"),AND(AA63="Baja",AC63="Moderado"),AND(AA63="Media",AC63="Leve"),AND(AA63="Media",AC63="Menor"),AND(AA63="Media",AC63="Moderado"),AND(AA63="Alta",AC63="Leve"),AND(AA63="Alta",AC63="Menor")),"Moderado",IF(OR(AND(AA63="Muy Baja",AC63="Mayor"),AND(AA63="Baja",AC63="Mayor"),AND(AA63="Media",AC63="Mayor"),AND(AA63="Alta",AC63="Moderado"),AND(AA63="Alta",AC63="Mayor"),AND(AA63="Muy Alta",AC63="Leve"),AND(AA63="Muy Alta",AC63="Menor"),AND(AA63="Muy Alta",AC63="Moderado"),AND(AA63="Muy Alta",AC63="Mayor")),"Alto",IF(OR(AND(AA63="Muy Baja",AC63="Catastrófico"),AND(AA63="Baja",AC63="Catastrófico"),AND(AA63="Media",AC63="Catastrófico"),AND(AA63="Alta",AC63="Catastrófico"),AND(AA63="Muy Alta",AC63="Catastrófico")),"Extremo","")))),"") -> Moderado | AF63: Aceptar
M64: =IF(NOT(ISERROR(MATCH(L64,_xlfn.ANCHORARRAY(G75),0))),K77&"Por favor no seleccionar los criterios de impacto",L64) -> 0 | Q64: 4 | R64: El líder de la Mesa de Servicio de TI - MSTI, cada vez que se requiera realiza los mantenimientos correctivos a los activos de TI que soportan los servicios, con el fin de asegurar el funcionamiento adecuado de los mismos. | S64: =IF(OR(T64="Preventivo",T64="Detectivo"),"Probabilidad",IF(T64="Correctivo","Impacto","")) -> Impacto | T64: Correctivo | U64: Manual | V64: =IF(AND(T64="Preventivo",U64="Automático"),"50%",IF(AND(T64="Preventivo",U64="Manual"),"40%",IF(AND(T64="Detectivo",U64="Automático"),"40%",IF(AND(T64="Detectivo",U64="Manual"),"30%",IF(AND(T64="Correctivo",U64="Automático"),"35%",IF(AND(T64="Correctivo",U64="Manual"),"25%","")))))) -> 25% | W64: Documentado | X64: Aleatoria | Y64: Con Registro | Z64: =IFERROR(IF(S64="Probabilidad",(K61-(+K61*V64)),IF(S64="Impacto",K61,"")),"") -> 1 | AA64: =IFERROR(IF(Z64="","",IF(Z64<=0.2,"Muy Baja",IF(Z64<=0.4,"Baja",IF(Z64<=0.6,"Media",IF(Z64<=0.8,"Alta","Muy Alta"))))),"") -> Muy Alta | AB64: =+Z64 -> 1 | AC64: =IFERROR(IF(AD64="","",IF(AD64<=0.2,"Leve",IF(AD64<=0.4,"Menor",IF(AD64<=0.6,"Moderado",IF(AD64<=0.8,"Mayor","Catastrófico"))))),"") -> Moderado | AD64: =IFERROR(IF(S61="Impacto",(O61-(+O61*V61)),IF(S61="Probabilidad",O61,"")),"") -> 0.6 | AE64: =IFERROR(IF(OR(AND(AA64="Muy Baja",AC64="Leve"),AND(AA64="Muy Baja",AC64="Menor"),AND(AA64="Baja",AC64="Leve")),"Bajo",IF(OR(AND(AA64="Muy baja",AC64="Moderado"),AND(AA64="Baja",AC64="Menor"),AND(AA64="Baja",AC64="Moderado"),AND(AA64="Media",AC64="Leve"),AND(AA64="Media",AC64="Menor"),AND(AA64="Media",AC64="Moderado"),AND(AA64="Alta",AC64="Leve"),AND(AA64="Alta",AC64="Menor")),"Moderado",IF(OR(AND(AA64="Muy Baja",AC64="Mayor"),AND(AA64="Baja",AC64="Mayor"),AND(AA64="Media",AC64="Mayor"),AND(AA64="Alta",AC64="Moderado"),AND(AA64="Alta",AC64="Mayor"),AND(AA64="Muy Alta",AC64="Leve"),AND(AA64="Muy Alta",AC64="Menor"),AND(AA64="Muy Alta",AC64="Moderado"),AND(AA64="Muy Alta",AC64="Mayor")),"Alto",IF(OR(AND(AA64="Muy Baja",AC64="Catastrófico"),AND(AA64="Baja",AC64="Catastrófico"),AND(AA64="Media",AC64="Catastrófico"),AND(AA64="Alta",AC64="Catastrófico"),AND(AA64="Muy Alta",AC64="Catastrófico")),"Extremo","")))),"") -> Alto | AF64: Reducir (mitigar) | AG64: Diseñar y Documentar un proceso de Gestión de problemas de TI. | AH64: Jefe Unidad de Informática | AI64: Marzo de 2022 | AJ64: Marzo de 2022 | AL64: En curso
M65: =IF(NOT(ISERROR(MATCH(L65,_xlfn.ANCHORARRAY(G76),0))),K78&"Por favor no seleccionar los criterios de impacto",L65) -> 0 | Q65: 5 | S65: =IF(OR(T65="Preventivo",T65="Detectivo"),"Probabilidad",IF(T65="Correctivo","Impacto","")) | V65: =IF(AND(T65="Preventivo",U65="Automático"),"50%",IF(AND(T65="Preventivo",U65="Manual"),"40%",IF(AND(T65="Detectivo",U65="Automático"),"40%",IF(AND(T65="Detectivo",U65="Manual"),"30%",IF(AND(T65="Correctivo",U65="Automático"),"35%",IF(AND(T65="Correctivo",U65="Manual"),"25%","")))))) | Z65: =IFERROR(IF(S65="Probabilidad",(K61-(+K61*V65)),IF(S65="Impacto",K61,"")),"") | AA65: =IFERROR(IF(Z65="","",IF(Z65<=0.2,"Muy Baja",IF(Z65<=0.4,"Baja",IF(Z65<=0.6,"Media",IF(Z65<=0.8,"Alta","Muy Alta"))))),"") | AB65: =+Z65 | AC65: =IFERROR(IF(AD65="","",IF(AD65<=0.2,"Leve",IF(AD65<=0.4,"Menor",IF(AD65<=0.6,"Moderado",IF(AD65<=0.8,"Mayor","Catastrófico"))))),"") | AD65: =IFERROR(IF(S65="Impacto",(O65-(+O65*V65)),IF(S65="Probabilidad",O65,"")),"") | AE65: =IFERROR(IF(OR(AND(AA65="Muy Baja",AC65="Leve"),AND(AA65="Muy Baja",AC65="Menor"),AND(AA65="Baja",AC65="Leve")),"Bajo",IF(OR(AND(AA65="Muy baja",AC65="Moderado"),AND(AA65="Baja",AC65="Menor"),AND(AA65="Baja",AC65="Moderado"),AND(AA65="Media",AC65="Leve"),AND(AA65="Media",AC65="Menor"),AND(AA65="Media",AC65="Moderado"),AND(AA65="Alta",AC65="Leve"),AND(AA65="Alta",AC65="Menor")),"Moderado",IF(OR(AND(AA65="Muy Baja",AC65="Mayor"),AND(AA65="Baja",AC65="Mayor"),AND(AA65="Media",AC65="Mayor"),AND(AA65="Alta",AC65="Moderado"),AND(AA65="Alta",AC65="Mayor"),AND(AA65="Muy Alta",AC65="Leve"),AND(AA65="Muy Alta",AC65="Menor"),AND(AA65="Muy Alta",AC65="Moderado"),AND(AA65="Muy Alta",AC65="Mayor")),"Alto",IF(OR(AND(AA65="Muy Baja",AC65="Catastrófico"),AND(AA65="Baja",AC65="Catastrófico"),AND(AA65="Media",AC65="Catastrófico"),AND(AA65="Alta",AC65="Catastrófico"),AND(AA65="Muy Alta",AC65="Catastrófico")),"Extremo","")))),"") | AF65: Aceptar | AH65: Jefe Unidad de Informática | AI65: Marzo de 2023 | AL65: En curso
M66: =IF(NOT(ISERROR(MATCH(L66,_xlfn.ANCHORARRAY(G77),0))),K79&"Por favor no seleccionar los criterios de impacto",L66) -> 0 | Q66: 6 | S66: =IF(OR(T66="Preventivo",T66="Detectivo"),"Probabilidad",IF(T66="Correctivo","Impacto","")) | V66: =IF(AND(T66="Preventivo",U66="Automático"),"50%",IF(AND(T66="Preventivo",U66="Manual"),"40%",IF(AND(T66="Detectivo",U66="Automático"),"40%",IF(AND(T66="Detectivo",U66="Manual"),"30%",IF(AND(T66="Correctivo",U66="Automático"),"35%",IF(AND(T66="Correctivo",U66="Manual"),"25%","")))))) | Z66: =IFERROR(IF(S65="Probabilidad",(K61-(+K61*V66)),IF(S66="Impacto",K61,"")),"") | AA66: =IFERROR(IF(Z66="","",IF(Z66<=0.2,"Muy Baja",IF(Z66<=0.4,"Baja",IF(Z66<=0.6,"Media",IF(Z66<=0.8,"Alta","Muy Alta"))))),"") | AB66: =+Z66 | AC66: =IFERROR(IF(AD66="","",IF(AD66<=0.2,"Leve",IF(AD66<=0.4,"Menor",IF(AD66<=0.6,"Moderado",IF(AD66<=0.8,"Mayor","Catastrófico"))))),"") | AD66: =IFERROR(IF(S66="Impacto",(O66-(+O66*V66)),IF(S66="Probabilidad",O66,"")),"") | AE66: =IFERROR(IF(OR(AND(AA66="Muy Baja",AC66="Leve"),AND(AA66="Muy Baja",AC66="Menor"),AND(AA66="Baja",AC66="Leve")),"Bajo",IF(OR(AND(AA66="Muy baja",AC66="Moderado"),AND(AA66="Baja",AC66="Menor"),AND(AA66="Baja",AC66="Moderado"),AND(AA66="Media",AC66="Leve"),AND(AA66="Media",AC66="Menor"),AND(AA66="Media",AC66="Moderado"),AND(AA66="Alta",AC66="Leve"),AND(AA66="Alta",AC66="Menor")),"Moderado",IF(OR(AND(AA66="Muy Baja",AC66="Mayor"),AND(AA66="Baja",AC66="Mayor"),AND(AA66="Media",AC66="Mayor"),AND(AA66="Alta",AC66="Moderado"),AND(AA66="Alta",AC66="Mayor"),AND(AA66="Muy Alta",AC66="Leve"),AND(AA66="Muy Alta",AC66="Menor"),AND(AA66="Muy Alta",AC66="Moderado"),AND(AA66="Muy Alta",AC66="Mayor")),"Alto",IF(OR(AND(AA66="Muy Baja",AC66="Catastrófico"),AND(AA66="Baja",AC66="Catastrófico"),AND(AA66="Media",AC66="Catastrófico"),AND(AA66="Alta",AC66="Catastrófico"),AND(AA66="Muy Alta",AC66="Catastrófico")),"Extremo","")))),"") | AF66: Aceptar | AH66: Jefe Unidad de Informática | AI66: Marzo de 2024 | AL66: En curso
A67: 10 | B67: Tecnologías de la Información | C67: Gestión de Seguridad Informática | D67: Reputacional | E67: Divulgación de información clasificada o reservada de los usuarios del subsistema de salud de las fuerzas militares | F67: Falta de control del ciclo de vida de las credenciales de acceso a la infraestructura tecnológica de la entidad. | G67: Posibilidad de afectación reputacional y perdida de la confidencialidad por la divulgación de información clasificada o reservada de los usuarios del subsistema de salud de las fuerzas militares, debido a falta de control del ciclo de vida de las credenciales de acceso a la infraestructura tecnológica de la entidad. | H67: Ejecución y Administración de procesos | I67: 52 | J67: =IF(I67<=0,"",IF(I67<=2,"Muy Baja",IF(I67<=24,"Baja",IF(I67<=500,"Media",IF(I67<=5000,"Alta","Muy Alta"))))) -> Media | K67: =IF(J67="","",IF(J67="Muy Baja",0.2,IF(J67="Baja",0.4,IF(J67="Media",0.6,IF(J67="Alta",0.8,IF(J67="Muy Alta",1,)))))) -> 0.6 | L67: El riesgo afecta la imagen de la entidad a nivel nacional, con efecto publicitarios sostenible a nivel país | M67: =IF(NOT(ISERROR(MATCH(L67,'[3]Tabla Impacto'!$B$221:$B$223,0))),'[3]Tabla Impacto'!$F$223&"Por favor no seleccionar los criterios de impacto(Afectación Económica o presupuestal y Pérdida Reputacional)",L67) -> El riesgo afecta la imagen de la entidad a nivel nacional, con efecto publicitarios sostenible a nivel país | N67: =+IF(OR(M67='[3]Tabla Impacto'!$C$11,M67='[3]Tabla Impacto'!$D$11),"Leve",IF(OR(M67='[3]Tabla Impacto'!$C$12,M67='[3]Tabla Impacto'!$D$12),"Menor",IF(OR(M67='[3]Tabla Impacto'!$C$13,M67='[3]Tabla Impacto'!$D$13),"Moderado",IF(OR(M67='[3]Tabla Impacto'!$C$14,M67='[3]Tabla Impacto'!$D$14),"Mayor",IF(OR(M67='[3]Tabla Impacto'!$C$15,M67='[3]Tabla Impacto'!$D$15),"Catastrófico",""))))) -> Catastrófico | O67: =IF(N67="","",IF(N67="Leve",0.2,IF(N67="Menor",0.4,IF(N67="Moderado",0.6,IF(N67="Mayor",0.8,IF(N67="Catastrófico",1,)))))) -> 1 | P67: =IF(OR(AND(J67="Muy Baja",N67="Leve"),AND(J67="Muy Baja",N67="Menor"),AND(J67="Baja",N67="Leve")),"Bajo",IF(OR(AND(J67="Muy baja",N67="Moderado"),AND(J67="Baja",N67="Menor"),AND(J67="Baja",N67="Moderado"),AND(J67="Media",N67="Leve"),AND(J67="Media",N67="Menor"),AND(J67="Media",N67="Moderado"),AND(J67="Alta",N67="Leve"),AND(J67="Alta",N67="Menor")),"Moderado",IF(OR(AND(J67="Muy Baja",N67="Mayor"),AND(J67="Baja",N67="Mayor"),AND(J67="Media",N67="Mayor"),AND(J67="Alta",N67="Moderado"),AND(J67="Alta",N67="Mayor"),AND(J67="Muy Alta",N67="Leve"),AND(J67="Muy Alta",N67="Menor"),AND(J67="Muy Alta",N67="Moderado"),AND(J67="Muy Alta",N67="Mayor")),"Alto",IF(OR(AND(J67="Muy Baja",N67="Catastrófico"),AND(J67="Baja",N67="Catastrófico"),AND(J67="Media",N67="Catastrófico"),AND(J67="Alta",N67="Catastrófico"),AND(J67="Muy Alta",N67="Catastrófico")),"Extremo","")))) -> Extremo | Q67: 1 | R67: El lider del área de gestión de seguridad informática - GESU, mensualmente realiza campañas de sensibilización en temas de ciber seguridad. Con el fin de concientizar a los usuarios de los riesgos realcionados con el uso seguro de la infraestructura tecnológica que soporta la prestación de los servicios tecnológicos. | S67: =IF(OR(T67="Preventivo",T67="Detectivo"),"Probabilidad",IF(T67="Correctivo","Impacto","")) -> Probabilidad | T67: Preventivo | U67: Manual | V67: =IF(AND(T67="Preventivo",U67="Automático"),"50%",IF(AND(T67="Preventivo",U67="Manual"),"40%",IF(AND(T67="Detectivo",U67="Automático"),"40%",IF(AND(T67="Detectivo",U67="Manual"),"30%",IF(AND(T67="Correctivo",U67="Automático"),"35%",IF(AND(T67="Correctivo",U67="Manual"),"25%","")))))) -> 40% | W67: Documentado | X67: Continua | Y67: Con Registro | Z67: =IFERROR(IF(S67="Probabilidad",(K67-(+K67*V67)),IF(S67="Impacto",K67,"")),"") -> 0.36 | AA67: =IFERROR(IF(Z67="","",IF(Z67<=0.2,"Muy Baja",IF(Z67<=0.4,"Baja",IF(Z67<=0.6,"Media",IF(Z67<=0.8,"Alta","Muy Alta"))))),"") -> Baja | AB67: =+Z67 -> 0.36 | AC67: =IFERROR(IF(AD67="","",IF(AD67<=0.2,"Leve",IF(AD67<=0.4,"Menor",IF(AD67<=0.6,"Moderado",IF(AD67<=0.8,"Mayor","Catastrófico"))))),"") -> Catastrófico | AD67: =IFERROR(IF(S67="Impacto",(O67-(+O67*V67)),IF(S67="Probabilidad",O67,"")),"") -> 1 | AE67: =IFERROR(IF(OR(AND(AA67="Muy Baja",AC67="Leve"),AND(AA67="Muy Baja",AC67="Menor"),AND(AA67="Baja",AC67="Leve")),"Bajo",IF(OR(AND(AA67="Muy baja",AC67="Moderado"),AND(AA67="Baja",AC67="Menor"),AND(AA67="Baja",AC67="Moderado"),AND(AA67="Media",AC67="Leve"),AND(AA67="Media",AC67="Menor"),AND(AA67="Media",AC67="Moderado"),AND(AA67="Alta",AC67="Leve"),AND(AA67="Alta",AC67="Menor")),"Moderado",IF(OR(AND(AA67="Muy Baja",AC67="Mayor"),AND(AA67="Baja",AC67="Mayor"),AND(AA67="Media",AC67="Mayor"),AND(AA67="Alta",AC67="Moderado"),AND(AA67="Alta",AC67="Mayor"),AND(AA67="Muy Alta",AC67="Leve"),AND(AA67="Muy Alta",AC67="Menor"),AND(AA67="Muy Alta",AC67="Moderado"),AND(AA67="Muy Alta",AC67="Mayor")),"Alto",IF(OR(AND(AA67="Muy Baja",AC67="Catastrófico"),AND(AA67="Baja",AC67="Catastrófico"),AND(AA67="Media",AC67="Catastrófico"),AND(AA67="Alta",AC67="Catastrófico"),AND(AA67="Muy Alta",AC67="Catastrófico")),"Extremo","")))),"") -> Extremo | AF67: Aceptar | AG67: Campañas de concientización, simulacros sobre ataques cibernéticos | AH67: Jefe Unidad de Informática | AI67: Diciembre de 2022 | AJ67: Tritemtral | AL67: En curso
M68: =IF(NOT(ISERROR(MATCH(L68,_xlfn.ANCHORARRAY(G79),0))),K81&"Por favor no seleccionar los criterios de impacto",L68) -> 0 | Q68: 2 | R68: El líder del área de gestión de requerimientos e incidentes - GERE solicita semanalmente a la Unidad de Talento Humano, a la Subdirección Médica, Subdirección de Apoyo. subdirección administrativa, subdirección financiera y la Subdirección de docencia el reporte de ingresos y salidas del personal de planta, contratistas, personal médico , médicos residentes y profesionales de la salud que prestan servcios en el HOMIL. | S68: =IF(OR(T68="Preventivo",T68="Detectivo"),"Probabilidad",IF(T68="Correctivo","Impacto","")) -> Probabilidad | T68: Detectivo | U68: Manual | V68: =IF(AND(T68="Preventivo",U68="Automático"),"50%",IF(AND(T68="Preventivo",U68="Manual"),"40%",IF(AND(T68="Detectivo",U68="Automático"),"40%",IF(AND(T68="Detectivo",U68="Manual"),"30%",IF(AND(T68="Correctivo",U68="Automático"),"35%",IF(AND(T68="Correctivo",U68="Manual"),"25%","")))))) -> 30% | W68: Documentado | X68: Continua | Y68: Con Registro | Z68: =IFERROR(IF(S68="Probabilidad",(K67-(+K67*V68)),IF(S68="Impacto",K67,"")),"") -> 0.42 | AA68: =IFERROR(IF(Z68="","",IF(Z68<=0.2,"Muy Baja",IF(Z68<=0.4,"Baja",IF(Z68<=0.6,"Media",IF(Z68<=0.8,"Alta","Muy Alta"))))),"") -> Media | AB68: =+Z68 -> 0.42 | AC68: =IFERROR(IF(AD68="","",IF(AD68<=0.2,"Leve",IF(AD68<=0.4,"Menor",IF(AD68<=0.6,"Moderado",IF(AD68<=0.8,"Mayor","Catastrófico"))))),"") -> Catastrófico | AD68: =IFERROR(IF(S67="Impacto",(O67-(+O67*V68)),IF(S67="Probabilidad",O67,"")),"") -> 1 | AE68: =IFERROR(IF(OR(AND(AA68="Muy Baja",AC68="Leve"),AND(AA68="Muy Baja",AC68="Menor"),AND(AA68="Baja",AC68="Leve")),"Bajo",IF(OR(AND(AA68="Muy baja",AC68="Moderado"),AND(AA68="Baja",AC68="Menor"),AND(AA68="Baja",AC68="Moderado"),AND(AA68="Media",AC68="Leve"),AND(AA68="Media",AC68="Menor"),AND(AA68="Media",AC68="Moderado"),AND(AA68="Alta",AC68="Leve"),AND(AA68="Alta",AC68="Menor")),"Moderado",IF(OR(AND(AA68="Muy Baja",AC68="Mayor"),AND(AA68="Baja",AC68="Mayor"),AND(AA68="Media",AC68="Mayor"),AND(AA68="Alta",AC68="Moderado"),AND(AA68="Alta",AC68="Mayor"),AND(AA68="Muy Alta",AC68="Leve"),AND(AA68="Muy Alta",AC68="Menor"),AND(AA68="Muy Alta",AC68="Moderado"),AND(AA68="Muy Alta",AC68="Mayor")),"Alto",IF(OR(AND(AA68="Muy Baja",AC68="Catastrófico"),AND(AA68="Baja",AC68="Catastrófico"),AND(AA68="Media",AC68="Catastrófico"),AND(AA68="Alta",AC68="Catastrófico"),AND(AA68="Muy Alta",AC68="Catastrófico")),"Extremo","")))),"") -> Extremo | AF68: Reducir (mitigar) | AG68: Implementar dentro del proceso de pago de la última cuenta, factura o liquidación el paz y salvo de la Unidad Informática | AH68: Jefe Unidad de Informática | AI68: Marzo de 2022 | AJ68: Marzo de 2022 | AL68: En curso
M69: =IF(NOT(ISERROR(MATCH(L69,_xlfn.ANCHORARRAY(G80),0))),K82&"Por favor no seleccionar los criterios de impacto",L69) -> 0 | Q69: 3 | S69: =IF(OR(T69="Preventivo",T69="Detectivo"),"Probabilidad",IF(T69="Correctivo","Impacto","")) | V69: =IF(AND(T69="Preventivo",U69="Automático"),"50%",IF(AND(T69="Preventivo",U69="Manual"),"40%",IF(AND(T69="Detectivo",U69="Automático"),"40%",IF(AND(T69="Detectivo",U69="Manual"),"30%",IF(AND(T69="Correctivo",U69="Automático"),"35%",IF(AND(T69="Correctivo",U69="Manual"),"25%","")))))) | Z69: =IFERROR(IF(S69="Probabilidad",(K67-(+K67*V69)),IF(S69="Impacto",K67,"")),"") | AA69: =IFERROR(IF(Z69="","",IF(Z69<=0.2,"Muy Baja",IF(Z69<=0.4,"Baja",IF(Z69<=0.6,"Media",IF(Z69<=0.8,"Alta","Muy Alta"))))),"") | AB69: =+Z69 | AC69: =IFERROR(IF(AD69="","",IF(AD69<=0.2,"Leve",IF(AD69<=0.4,"Menor",IF(AD69<=0.6,"Moderado",IF(AD69<=0.8,"Mayor","Catastrófico"))))),"") | AD69: =IFERROR(IF(S69="Impacto",(O69-(+O69*V69)),IF(S69="Probabilidad",O69,"")),"") | AE69: =IFERROR(IF(OR(AND(AA69="Muy Baja",AC69="Leve"),AND(AA69="Muy Baja",AC69="Menor"),AND(AA69="Baja",AC69="Leve")),"Bajo",IF(OR(AND(AA69="Muy baja",AC69="Moderado"),AND(AA69="Baja",AC69="Menor"),AND(AA69="Baja",AC69="Moderado"),AND(AA69="Media",AC69="Leve"),AND(AA69="Media",AC69="Menor"),AND(AA69="Media",AC69="Moderado"),AND(AA69="Alta",AC69="Leve"),AND(AA69="Alta",AC69="Menor")),"Moderado",IF(OR(AND(AA69="Muy Baja",AC69="Mayor"),AND(AA69="Baja",AC69="Mayor"),AND(AA69="Media",AC69="Mayor"),AND(AA69="Alta",AC69="Moderado"),AND(AA69="Alta",AC69="Mayor"),AND(AA69="Muy Alta",AC69="Leve"),AND(AA69="Muy Alta",AC69="Menor"),AND(AA69="Muy Alta",AC69="Moderado"),AND(AA69="Muy Alta",AC69="Mayor")),"Alto",IF(OR(AND(AA69="Muy Baja",AC69="Catastrófico"),AND(AA69="Baja",AC69="Catastrófico"),AND(AA69="Media",AC69="Catastrófico"),AND(AA69="Alta",AC69="Catastrófico"),AND(AA69="Muy Alta",AC69="Catastrófico")),"Extremo","")))),"") | AF69: Reducir (mitigar) | AH69: Jefe Unidad de Informática
M70: =IF(NOT(ISERROR(MATCH(L70,_xlfn.ANCHORARRAY(G81),0))),K83&"Por favor no seleccionar los criterios de impacto",L70) -> 0 | Q70: 4 | S70: =IF(OR(T70="Preventivo",T70="Detectivo"),"Probabilidad",IF(T70="Correctivo","Impacto","")) | V70: =IF(AND(T70="Preventivo",U70="Automático"),"50%",IF(AND(T70="Preventivo",U70="Manual"),"40%",IF(AND(T70="Detectivo",U70="Automático"),"40%",IF(AND(T70="Detectivo",U70="Manual"),"30%",IF(AND(T70="Correctivo",U70="Automático"),"35%",IF(AND(T70="Correctivo",U70="Manual"),"25%","")))))) | Z70: =IFERROR(IF(S70="Probabilidad",(K67-(+K67*V70)),IF(S70="Impacto",K67,"")),"") | AA70: =IFERROR(IF(Z70="","",IF(Z70<=0.2,"Muy Baja",IF(Z70<=0.4,"Baja",IF(Z70<=0.6,"Media",IF(Z70<=0.8,"Alta","Muy Alta"))))),"") | AB70: =+Z70 | AC70: =IFERROR(IF(AD70="","",IF(AD70<=0.2,"Leve",IF(AD70<=0.4,"Menor",IF(AD70<=0.6,"Moderado",IF(AD70<=0.8,"Mayor","Catastrófico"))))),"") | AD70: =IFERROR(IF(S70="Impacto",(O70-(+O70*V70)),IF(S70="Probabilidad",O70,"")),"") | AE70: =IFERROR(IF(OR(AND(AA70="Muy Baja",AC70="Leve"),AND(AA70="Muy Baja",AC70="Menor"),AND(AA70="Baja",AC70="Leve")),"Bajo",IF(OR(AND(AA70="Muy baja",AC70="Moderado"),AND(AA70="Baja",AC70="Menor"),AND(AA70="Baja",AC70="Moderado"),AND(AA70="Media",AC70="Leve"),AND(AA70="Media",AC70="Menor"),AND(AA70="Media",AC70="Moderado"),AND(AA70="Alta",AC70="Leve"),AND(AA70="Alta",AC70="Menor")),"Moderado",IF(OR(AND(AA70="Muy Baja",AC70="Mayor"),AND(AA70="Baja",AC70="Mayor"),AND(AA70="Media",AC70="Mayor"),AND(AA70="Alta",AC70="Moderado"),AND(AA70="Alta",AC70="Mayor"),AND(AA70="Muy Alta",AC70="Leve"),AND(AA70="Muy Alta",AC70="Menor"),AND(AA70="Muy Alta",AC70="Moderado"),AND(AA70="Muy Alta",AC70="Mayor")),"Alto",IF(OR(AND(AA70="Muy Baja",AC70="Catastrófico"),AND(AA70="Baja",AC70="Catastrófico"),AND(AA70="Media",AC70="Catastrófico"),AND(AA70="Alta",AC70="Catastrófico"),AND(AA70="Muy Alta",AC70="Catastrófico")),"Extremo","")))),"") | AF70: Reducir (mitigar) | AH70: Jefe Unidad de Informática
M71: =IF(NOT(ISERROR(MATCH(L71,_xlfn.ANCHORARRAY(G82),0))),K84&"Por favor no seleccionar los criterios de impacto",L71) -> 0 | Q71: 5 | S71: =IF(OR(T71="Preventivo",T71="Detectivo"),"Probabilidad",IF(T71="Correctivo","Impacto","")) | V71: =IF(AND(T71="Preventivo",U71="Automático"),"50%",IF(AND(T71="Preventivo",U71="Manual"),"40%",IF(AND(T71="Detectivo",U71="Automático"),"40%",IF(AND(T71="Detectivo",U71="Manual"),"30%",IF(AND(T71="Correctivo",U71="Automático"),"35%",IF(AND(T71="Correctivo",U71="Manual"),"25%","")))))) | Z71: =IFERROR(IF(S71="Probabilidad",(K67-(+K67*V71)),IF(S71="Impacto",K67,"")),"") | AA71: =IFERROR(IF(Z71="","",IF(Z71<=0.2,"Muy Baja",IF(Z71<=0.4,"Baja",IF(Z71<=0.6,"Media",IF(Z71<=0.8,"Alta","Muy Alta"))))),"") | AB71: =+Z71 | AC71: =IFERROR(IF(AD71="","",IF(AD71<=0.2,"Leve",IF(AD71<=0.4,"Menor",IF(AD71<=0.6,"Moderado",IF(AD71<=0.8,"Mayor","Catastrófico"))))),"") | AD71: =IFERROR(IF(S71="Impacto",(O71-(+O71*V71)),IF(S71="Probabilidad",O71,"")),"") | AE71: =IFERROR(IF(OR(AND(AA71="Muy Baja",AC71="Leve"),AND(AA71="Muy Baja",AC71="Menor"),AND(AA71="Baja",AC71="Leve")),"Bajo",IF(OR(AND(AA71="Muy baja",AC71="Moderado"),AND(AA71="Baja",AC71="Menor"),AND(AA71="Baja",AC71="Moderado"),AND(AA71="Media",AC71="Leve"),AND(AA71="Media",AC71="Menor"),AND(AA71="Media",AC71="Moderado"),AND(AA71="Alta",AC71="Leve"),AND(AA71="Alta",AC71="Menor")),"Moderado",IF(OR(AND(AA71="Muy Baja",AC71="Mayor"),AND(AA71="Baja",AC71="Mayor"),AND(AA71="Media",AC71="Mayor"),AND(AA71="Alta",AC71="Moderado"),AND(AA71="Alta",AC71="Mayor"),AND(AA71="Muy Alta",AC71="Leve"),AND(AA71="Muy Alta",AC71="Menor"),AND(AA71="Muy Alta",AC71="Moderado"),AND(AA71="Muy Alta",AC71="Mayor")),"Alto",IF(OR(AND(AA71="Muy Baja",AC71="Catastrófico"),AND(AA71="Baja",AC71="Catastrófico"),AND(AA71="Media",AC71="Catastrófico"),AND(AA71="Alta",AC71="Catastrófico"),AND(AA71="Muy Alta",AC71="Catastrófico")),"Extremo","")))),"") | AF71: Reducir (mitigar) | AH71: Jefe Unidad de Informática
M72: =IF(NOT(ISERROR(MATCH(L72,_xlfn.ANCHORARRAY(G83),0))),K85&"Por favor no seleccionar los criterios de impacto",L72) -> 0 | Q72: 6 | S72: =IF(OR(T72="Preventivo",T72="Detectivo"),"Probabilidad",IF(T72="Correctivo","Impacto","")) | V72: =IF(AND(T72="Preventivo",U72="Automático"),"50%",IF(AND(T72="Preventivo",U72="Manual"),"40%",IF(AND(T72="Detectivo",U72="Automático"),"40%",IF(AND(T72="Detectivo",U72="Manual"),"30%",IF(AND(T72="Correctivo",U72="Automático"),"35%",IF(AND(T72="Correctivo",U72="Manual"),"25%","")))))) | Z72: =IFERROR(IF(S72="Probabilidad",(K67-(+K67*V72)),IF(S72="Impacto",K67,"")),"") | AA72: =IFERROR(IF(Z72="","",IF(Z72<=0.2,"Muy Baja",IF(Z72<=0.4,"Baja",IF(Z72<=0.6,"Media",IF(Z72<=0.8,"Alta","Muy Alta"))))),"") | AB72: =+Z72 | AC72: =IFERROR(IF(AD72="","",IF(AD72<=0.2,"Leve",IF(AD72<=0.4,"Menor",IF(AD72<=0.6,"Moderado",IF(AD72<=0.8,"Mayor","Catastrófico"))))),"") | AD72: =IFERROR(IF(S72="Impacto",(O72-(+O72*V72)),IF(S72="Probabilidad",O72,"")),"") | AE72: =IFERROR(IF(OR(AND(AA72="Muy Baja",AC72="Leve"),AND(AA72="Muy Baja",AC72="Menor"),AND(AA72="Baja",AC72="Leve")),"Bajo",IF(OR(AND(AA72="Muy baja",AC72="Moderado"),AND(AA72="Baja",AC72="Menor"),AND(AA72="Baja",AC72="Moderado"),AND(AA72="Media",AC72="Leve"),AND(AA72="Media",AC72="Menor"),AND(AA72="Media",AC72="Moderado"),AND(AA72="Alta",AC72="Leve"),AND(AA72="Alta",AC72="Menor")),"Moderado",IF(OR(AND(AA72="Muy Baja",AC72="Mayor"),AND(AA72="Baja",AC72="Mayor"),AND(AA72="Media",AC72="Mayor"),AND(AA72="Alta",AC72="Moderado"),AND(AA72="Alta",AC72="Mayor"),AND(AA72="Muy Alta",AC72="Leve"),AND(AA72="Muy Alta",AC72="Menor"),AND(AA72="Muy Alta",AC72="Moderado"),AND(AA72="Muy Alta",AC72="Mayor")),"Alto",IF(OR(AND(AA72="Muy Baja",AC72="Catastrófico"),AND(AA72="Baja",AC72="Catastrófico"),AND(AA72="Media",AC72="Catastrófico"),AND(AA72="Alta",AC72="Catastrófico"),AND(AA72="Muy Alta",AC72="Catastrófico")),"Extremo","")))),"") | AF72: Reducir (mitigar) | AH72: Jefe Unidad de Informática
A73: 11 | B73: Tecnologías de la Información | C73: Infraestructura y comunicaciones | D73: Económico | E73: No disponibilidad de la información clínica de los usuarios del subsistema de salud de las fuerzas militares | F73: Falta de respaldo (copias de seguridad) de la información. | G73: Posibilidad de afectación económica por no disponer de la información clínica de los usuarios del subsistema de salud de las fuerzas militares, debido a falta de respaldo (copias de seguridad) de la información. | H73: Ejecución y Administración de procesos | I73: 8640 | J73: =IF(I73<=0,"",IF(I73<=2,"Muy Baja",IF(I73<=24,"Baja",IF(I73<=500,"Media",IF(I73<=5000,"Alta","Muy Alta"))))) -> Muy Alta | K73: =IF(J73="","",IF(J73="Muy Baja",0.2,IF(J73="Baja",0.4,IF(J73="Media",0.6,IF(J73="Alta",0.8,IF(J73="Muy Alta",1,)))))) -> 1 | L73: Entre 100 y 500 SMLMV | M73: =IF(NOT(ISERROR(MATCH(L73,'[3]Tabla Impacto'!$B$221:$B$223,0))),'[3]Tabla Impacto'!$F$223&"Por favor no seleccionar los criterios de impacto(Afectación Económica o presupuestal y Pérdida Reputacional)",L73) -> Entre 100 y 500 SMLMV | N73: =+IF(OR(M73='[3]Tabla Impacto'!$C$11,M73='[3]Tabla Impacto'!$D$11),"Leve",IF(OR(M73='[3]Tabla Impacto'!$C$12,M73='[3]Tabla Impacto'!$D$12),"Menor",IF(OR(M73='[3]Tabla Impacto'!$C$13,M73='[3]Tabla Impacto'!$D$13),"Moderado",IF(OR(M73='[3]Tabla Impacto'!$C$14,M73='[3]Tabla Impacto'!$D$14),"Mayor",IF(OR(M73='[3]Tabla Impacto'!$C$15,M73='[3]Tabla Impacto'!$D$15),"Catastrófico",""))))) -> Mayor | O73: =IF(N73="","",IF(N73="Leve",0.2,IF(N73="Menor",0.4,IF(N73="Moderado",0.6,IF(N73="Mayor",0.8,IF(N73="Catastrófico",1,)))))) -> 0.8 | P73: =IF(OR(AND(J73="Muy Baja",N73="Leve"),AND(J73="Muy Baja",N73="Menor"),AND(J73="Baja",N73="Leve")),"Bajo",IF(OR(AND(J73="Muy baja",N73="Moderado"),AND(J73="Baja",N73="Menor"),AND(J73="Baja",N73="Moderado"),AND(J73="Media",N73="Leve"),AND(J73="Media",N73="Menor"),AND(J73="Media",N73="Moderado"),AND(J73="Alta",N73="Leve"),AND(J73="Alta",N73="Menor")),"Moderado",IF(OR(AND(J73="Muy Baja",N73="Mayor"),AND(J73="Baja",N73="Mayor"),AND(J73="Media",N73="Mayor"),AND(J73="Alta",N73="Moderado"),AND(J73="Alta",N73="Mayor"),AND(J73="Muy Alta",N73="Leve"),AND(J73="Muy Alta",N73="Menor"),AND(J73="Muy Alta",N73="Moderado"),AND(J73="Muy Alta",N73="Mayor")),"Alto",IF(OR(AND(J73="Muy Baja",N73="Catastrófico"),AND(J73="Baja",N73="Catastrófico"),AND(J73="Media",N73="Catastrófico"),AND(J73="Alta",N73="Catastrófico"),AND(J73="Muy Alta",N73="Catastrófico")),"Extremo","")))) -> Alto | Q73: 1 | R73: El lider del área de Infraestructura y Comunicaciones - INCO realiza el monitoreo 7*24*365 a través de las herramientas de monitoreo (NOC) con el fin de verificar el funcionamiento y el estado general de los activos de TI que soportan el servicio de backup de la entidad para tomar acciones preventivas y/o correctivas. | S73: =IF(OR(T73="Preventivo",T73="Detectivo"),"Probabilidad",IF(T73="Correctivo","Impacto","")) -> Probabilidad | T73: Preventivo | U73: Automático | V73: =IF(AND(T73="Preventivo",U73="Automático"),"50%",IF(AND(T73="Preventivo",U73="Manual"),"40%",IF(AND(T73="Detectivo",U73="Automático"),"40%",IF(AND(T73="Detectivo",U73="Manual"),"30%",IF(AND(T73="Correctivo",U73="Automático"),"35%",IF(AND(T73="Correctivo",U73="Manual"),"25%","")))))) -> 50% | W73: Documentado | X73: Continua | Y73: Con Registro | Z73: =IFERROR(IF(S73="Probabilidad",(K73-(+K73*V73)),IF(S73="Impacto",K73,"")),"") -> 0.5 | AA73: =IFERROR(IF(Z73="","",IF(Z73<=0.2,"Muy Baja",IF(Z73<=0.4,"Baja",IF(Z73<=0.6,"Media",IF(Z73<=0.8,"Alta","Muy Alta"))))),"") -> Media | AB73: =+Z73 -> 0.5 | AC73: =IFERROR(IF(AD73="","",IF(AD73<=0.2,"Leve",IF(AD73<=0.4,"Menor",IF(AD73<=0.6,"Moderado",IF(AD73<=0.8,"Mayor","Catastrófico"))))),"") -> Mayor | AD73: =IFERROR(IF(S73="Impacto",(O73-(+O73*V73)),IF(S73="Probabilidad",O73,"")),"") -> 0.8 | AE73: =IFERROR(IF(OR(AND(AA73="Muy Baja",AC73="Leve"),AND(AA73="Muy Baja",AC73="Menor"),AND(AA73="Baja",AC73="Leve")),"Bajo",IF(OR(AND(AA73="Muy baja",AC73="Moderado"),AND(AA73="Baja",AC73="Menor"),AND(AA73="Baja",AC73="Moderado"),AND(AA73="Media",AC73="Leve"),AND(AA73="Media",AC73="Menor"),AND(AA73="Media",AC73="Moderado"),AND(AA73="Alta",AC73="Leve"),AND(AA73="Alta",AC73="Menor")),"Moderado",IF(OR(AND(AA73="Muy Baja",AC73="Mayor"),AND(AA73="Baja",AC73="Mayor"),AND(AA73="Media",AC73="Mayor"),AND(AA73="Alta",AC73="Moderado"),AND(AA73="Alta",AC73="Mayor"),AND(AA73="Muy Alta",AC73="Leve"),AND(AA73="Muy Alta",AC73="Menor"),AND(AA73="Muy Alta",AC73="Moderado"),AND(AA73="Muy Alta",AC73="Mayor")),"Alto",IF(OR(AND(AA73="Muy Baja",AC73="Catastrófico"),AND(AA73="Baja",AC73="Catastrófico"),AND(AA73="Media",AC73="Catastrófico"),AND(AA73="Alta",AC73="Catastrófico"),AND(AA73="Muy Alta",AC73="Catastrófico")),"Extremo","")))),"") -> Alto | AF73: Aceptar | AG73: Probar la consistencia y efectividad de las copias de datos | AH73: Jefe Unidad de Informática | AI73: Diciembre de 2022 | AJ73: Tritemtral | AL73: En curso
M74: =IF(NOT(ISERROR(MATCH(L74,_xlfn.ANCHORARRAY(G85),0))),K87&"Por favor no seleccionar los criterios de impacto",L74) -> 0 | Q74: 2 | R74: El administrador de la base de datos del área de infraestructura y comunicaciones diariamente verifica la realizacion de copias de datos. Con el fin de asegurarse de que se tiene una copia de respaldo para cuando se necesite. | S74: =IF(OR(T74="Preventivo",T74="Detectivo"),"Probabilidad",IF(T74="Correctivo","Impacto","")) -> Probabilidad | T74: Preventivo | U74: Automático | V74: =IF(AND(T74="Preventivo",U74="Automático"),"50%",IF(AND(T74="Preventivo",U74="Manual"),"40%",IF(AND(T74="Detectivo",U74="Automático"),"40%",IF(AND(T74="Detectivo",U74="Manual"),"30%",IF(AND(T74="Correctivo",U74="Automático"),"35%",IF(AND(T74="Correctivo",U74="Manual"),"25%","")))))) -> 50% | W74: Documentado | X74: Continua | Y74: Con Registro | Z74: =IFERROR(IF(S74="Probabilidad",(K73-(+K73*V74)),IF(S74="Impacto",K73,"")),"") -> 0.5 | AA74: =IFERROR(IF(Z74="","",IF(Z74<=0.2,"Muy Baja",IF(Z74<=0.4,"Baja",IF(Z74<=0.6,"Media",IF(Z74<=0.8,"Alta","Muy Alta"))))),"") -> Media | AB74: =+Z74 -> 0.5 | AC74: =IFERROR(IF(AD74="","",IF(AD74<=0.2,"Leve",IF(AD74<=0.4,"Menor",IF(AD74<=0.6,"Moderado",IF(AD74<=0.8,"Mayor","Catastrófico"))))),"") -> Mayor | AD74: =IFERROR(IF(S73="Impacto",(O73-(+O73*V73)),IF(S73="Probabilidad",O73,"")),"") -> 0.8 | AE74: =IFERROR(IF(OR(AND(AA74="Muy Baja",AC74="Leve"),AND(AA74="Muy Baja",AC74="Menor"),AND(AA74="Baja",AC74="Leve")),"Bajo",IF(OR(AND(AA74="Muy baja",AC74="Moderado"),AND(AA74="Baja",AC74="Menor"),AND(AA74="Baja",AC74="Moderado"),AND(AA74="Media",AC74="Leve"),AND(AA74="Media",AC74="Menor"),AND(AA74="Media",AC74="Moderado"),AND(AA74="Alta",AC74="Leve"),AND(AA74="Alta",AC74="Menor")),"Moderado",IF(OR(AND(AA74="Muy Baja",AC74="Mayor"),AND(AA74="Baja",AC74="Mayor"),AND(AA74="Media",AC74="Mayor"),AND(AA74="Alta",AC74="Moderado"),AND(AA74="Alta",AC74="Mayor"),AND(AA74="Muy Alta",AC74="Leve"),AND(AA74="Muy Alta",AC74="Menor"),AND(AA74="Muy Alta",AC74="Moderado"),AND(AA74="Muy Alta",AC74="Mayor")),"Alto",IF(OR(AND(AA74="Muy Baja",AC74="Catastrófico"),AND(AA74="Baja",AC74="Catastrófico"),AND(AA74="Media",AC74="Catastrófico"),AND(AA74="Alta",AC74="Catastrófico"),AND(AA74="Muy Alta",AC74="Catastrófico")),"Extremo","")))),"") -> Alto | AF74: Reducir (mitigar) | AH74: Jefe Unidad de Informática | AI74: Diciembre de 2022 | AJ74: Tritemtral | AL74: En curso
M75: =IF(NOT(ISERROR(MATCH(L75,_xlfn.ANCHORARRAY(G86),0))),K88&"Por favor no seleccionar los criterios de impacto",L75) -> 0 | Q75: 3 | S75: =IF(OR(T75="Preventivo",T75="Detectivo"),"Probabilidad",IF(T75="Correctivo","Impacto","")) | V75: =IF(AND(T75="Preventivo",U75="Automático"),"50%",IF(AND(T75="Preventivo",U75="Manual"),"40%",IF(AND(T75="Detectivo",U75="Automático"),"40%",IF(AND(T75="Detectivo",U75="Manual"),"30%",IF(AND(T75="Correctivo",U75="Automático"),"35%",IF(AND(T75="Correctivo",U75="Manual"),"25%","")))))) | Z75: =IFERROR(IF(S75="Probabilidad",(K73-(+K73*V75)),IF(S75="Impacto",K73,"")),"") | AA75: =IFERROR(IF(Z75="","",IF(Z75<=0.2,"Muy Baja",IF(Z75<=0.4,"Baja",IF(Z75<=0.6,"Media",IF(Z75<=0.8,"Alta","Muy Alta"))))),"") | AB75: =+Z75 | AC75: =IFERROR(IF(AD75="","",IF(AD75<=0.2,"Leve",IF(AD75<=0.4,"Menor",IF(AD75<=0.6,"Moderado",IF(AD75<=0.8,"Mayor","Catastrófico"))))),"") | AD75: =IFERROR(IF(S75="Impacto",(O75-(+O75*V75)),IF(S75="Probabilidad",O75,"")),"") | AE75: =IFERROR(IF(OR(AND(AA75="Muy Baja",AC75="Leve"),AND(AA75="Muy Baja",AC75="Menor"),AND(AA75="Baja",AC75="Leve")),"Bajo",IF(OR(AND(AA75="Muy baja",AC75="Moderado"),AND(AA75="Baja",AC75="Menor"),AND(AA75="Baja",AC75="Moderado"),AND(AA75="Media",AC75="Leve"),AND(AA75="Media",AC75="Menor"),AND(AA75="Media",AC75="Moderado"),AND(AA75="Alta",AC75="Leve"),AND(AA75="Alta",AC75="Menor")),"Moderado",IF(OR(AND(AA75="Muy Baja",AC75="Mayor"),AND(AA75="Baja",AC75="Mayor"),AND(AA75="Media",AC75="Mayor"),AND(AA75="Alta",AC75="Moderado"),AND(AA75="Alta",AC75="Mayor"),AND(AA75="Muy Alta",AC75="Leve"),AND(AA75="Muy Alta",AC75="Menor"),AND(AA75="Muy Alta",AC75="Moderado"),AND(AA75="Muy Alta",AC75="Mayor")),"Alto",IF(OR(AND(AA75="Muy Baja",AC75="Catastrófico"),AND(AA75="Baja",AC75="Catastrófico"),AND(AA75="Media",AC75="Catastrófico"),AND(AA75="Alta",AC75="Catastrófico"),AND(AA75="Muy Alta",AC75="Catastrófico")),"Extremo","")))),"")
M76: =IF(NOT(ISERROR(MATCH(L76,_xlfn.ANCHORARRAY(G87),0))),K89&"Por favor no seleccionar los criterios de impacto",L76) -> 0 | Q76: 4 | S76: =IF(OR(T76="Preventivo",T76="Detectivo"),"Probabilidad",IF(T76="Correctivo","Impacto","")) | V76: =IF(AND(T76="Preventivo",U76="Automático"),"50%",IF(AND(T76="Preventivo",U76="Manual"),"40%",IF(AND(T76="Detectivo",U76="Automático"),"40%",IF(AND(T76="Detectivo",U76="Manual"),"30%",IF(AND(T76="Correctivo",U76="Automático"),"35%",IF(AND(T76="Correctivo",U76="Manual"),"25%","")))))) | Z76: =IFERROR(IF(S76="Probabilidad",(K73-(+K73*V76)),IF(S76="Impacto",K73,"")),"") | AA76: =IFERROR(IF(Z76="","",IF(Z76<=0.2,"Muy Baja",IF(Z76<=0.4,"Baja",IF(Z76<=0.6,"Media",IF(Z76<=0.8,"Alta","Muy Alta"))))),"") | AB76: =+Z76 | AC76: =IFERROR(IF(AD76="","",IF(AD76<=0.2,"Leve",IF(AD76<=0.4,"Menor",IF(AD76<=0.6,"Moderado",IF(AD76<=0.8,"Mayor","Catastrófico"))))),"") | AD76: =IFERROR(IF(S76="Impacto",(O76-(+O76*V76)),IF(S76="Probabilidad",O76,"")),"") | AE76: =IFERROR(IF(OR(AND(AA76="Muy Baja",AC76="Leve"),AND(AA76="Muy Baja",AC76="Menor"),AND(AA76="Baja",AC76="Leve")),"Bajo",IF(OR(AND(AA76="Muy baja",AC76="Moderado"),AND(AA76="Baja",AC76="Menor"),AND(AA76="Baja",AC76="Moderado"),AND(AA76="Media",AC76="Leve"),AND(AA76="Media",AC76="Menor"),AND(AA76="Media",AC76="Moderado"),AND(AA76="Alta",AC76="Leve"),AND(AA76="Alta",AC76="Menor")),"Moderado",IF(OR(AND(AA76="Muy Baja",AC76="Mayor"),AND(AA76="Baja",AC76="Mayor"),AND(AA76="Media",AC76="Mayor"),AND(AA76="Alta",AC76="Moderado"),AND(AA76="Alta",AC76="Mayor"),AND(AA76="Muy Alta",AC76="Leve"),AND(AA76="Muy Alta",AC76="Menor"),AND(AA76="Muy Alta",AC76="Moderado"),AND(AA76="Muy Alta",AC76="Mayor")),"Alto",IF(OR(AND(AA76="Muy Baja",AC76="Catastrófico"),AND(AA76="Baja",AC76="Catastrófico"),AND(AA76="Media",AC76="Catastrófico"),AND(AA76="Alta",AC76="Catastrófico"),AND(AA76="Muy Alta",AC76="Catastrófico")),"Extremo","")))),"")
M77: =IF(NOT(ISERROR(MATCH(L77,_xlfn.ANCHORARRAY(G88),0))),K90&"Por favor no seleccionar los criterios de impacto",L77) -> 0 | Q77: 5 | S77: =IF(OR(T77="Preventivo",T77="Detectivo"),"Probabilidad",IF(T77="Correctivo","Impacto","")) | V77: =IF(AND(T77="Preventivo",U77="Automático"),"50%",IF(AND(T77="Preventivo",U77="Manual"),"40%",IF(AND(T77="Detectivo",U77="Automático"),"40%",IF(AND(T77="Detectivo",U77="Manual"),"30%",IF(AND(T77="Correctivo",U77="Automático"),"35%",IF(AND(T77="Correctivo",U77="Manual"),"25%","")))))) | Z77: =IFERROR(IF(S77="Probabilidad",(K73-(+K73*V77)),IF(S77="Impacto",K73,"")),"") | AA77: =IFERROR(IF(Z77="","",IF(Z77<=0.2,"Muy Baja",IF(Z77<=0.4,"Baja",IF(Z77<=0.6,"Media",IF(Z77<=0.8,"Alta","Muy Alta"))))),"") | AB77: =+Z77 | AC77: =IFERROR(IF(AD77="","",IF(AD77<=0.2,"Leve",IF(AD77<=0.4,"Menor",IF(AD77<=0.6,"Moderado",IF(AD77<=0.8,"Mayor","Catastrófico"))))),"") | AD77: =IFERROR(IF(S77="Impacto",(O77-(+O77*V77)),IF(S77="Probabilidad",O77,"")),"") | AE77: =IFERROR(IF(OR(AND(AA77="Muy Baja",AC77="Leve"),AND(AA77="Muy Baja",AC77="Menor"),AND(AA77="Baja",AC77="Leve")),"Bajo",IF(OR(AND(AA77="Muy baja",AC77="Moderado"),AND(AA77="Baja",AC77="Menor"),AND(AA77="Baja",AC77="Moderado"),AND(AA77="Media",AC77="Leve"),AND(AA77="Media",AC77="Menor"),AND(AA77="Media",AC77="Moderado"),AND(AA77="Alta",AC77="Leve"),AND(AA77="Alta",AC77="Menor")),"Moderado",IF(OR(AND(AA77="Muy Baja",AC77="Mayor"),AND(AA77="Baja",AC77="Mayor"),AND(AA77="Media",AC77="Mayor"),AND(AA77="Alta",AC77="Moderado"),AND(AA77="Alta",AC77="Mayor"),AND(AA77="Muy Alta",AC77="Leve"),AND(AA77="Muy Alta",AC77="Menor"),AND(AA77="Muy Alta",AC77="Moderado"),AND(AA77="Muy Alta",AC77="Mayor")),"Alto",IF(OR(AND(AA77="Muy Baja",AC77="Catastrófico"),AND(AA77="Baja",AC77="Catastrófico"),AND(AA77="Media",AC77="Catastrófico"),AND(AA77="Alta",AC77="Catastrófico"),AND(AA77="Muy Alta",AC77="Catastrófico")),"Extremo","")))),"")
M78: =IF(NOT(ISERROR(MATCH(L78,_xlfn.ANCHORARRAY(G89),0))),K91&"Por favor no seleccionar los criterios de impacto",L78) -> 0 | Q78: 6 | S78: =IF(OR(T78="Preventivo",T78="Detectivo"),"Probabilidad",IF(T78="Correctivo","Impacto","")) | V78: =IF(AND(T78="Preventivo",U78="Automático"),"50%",IF(AND(T78="Preventivo",U78="Manual"),"40%",IF(AND(T78="Detectivo",U78="Automático"),"40%",IF(AND(T78="Detectivo",U78="Manual"),"30%",IF(AND(T78="Correctivo",U78="Automático"),"35%",IF(AND(T78="Correctivo",U78="Manual"),"25%","")))))) | Z78: =IFERROR(IF(S78="Probabilidad",(K73-(+K73*V78)),IF(S78="Impacto",K73,"")),"") | AA78: =IFERROR(IF(Z78="","",IF(Z78<=0.2,"Muy Baja",IF(Z78<=0.4,"Baja",IF(Z78<=0.6,"Media",IF(Z78<=0.8,"Alta","Muy Alta"))))),"") | AB78: =+Z78 | AC78: =IFERROR(IF(AD78="","",IF(AD78<=0.2,"Leve",IF(AD78<=0.4,"Menor",IF(AD78<=0.6,"Moderado",IF(AD78<=0.8,"Mayor","Catastrófico"))))),"") | AD78: =IFERROR(IF(S78="Impacto",(O78-(+O78*V78)),IF(S78="Probabilidad",O78,"")),"") | AE78: =IFERROR(IF(OR(AND(AA78="Muy Baja",AC78="Leve"),AND(AA78="Muy Baja",AC78="Menor"),AND(AA78="Baja",AC78="Leve")),"Bajo",IF(OR(AND(AA78="Muy baja",AC78="Moderado"),AND(AA78="Baja",AC78="Menor"),AND(AA78="Baja",AC78="Moderado"),AND(AA78="Media",AC78="Leve"),AND(AA78="Media",AC78="Menor"),AND(AA78="Media",AC78="Moderado"),AND(AA78="Alta",AC78="Leve"),AND(AA78="Alta",AC78="Menor")),"Moderado",IF(OR(AND(AA78="Muy Baja",AC78="Mayor"),AND(AA78="Baja",AC78="Mayor"),AND(AA78="Media",AC78="Mayor"),AND(AA78="Alta",AC78="Moderado"),AND(AA78="Alta",AC78="Mayor"),AND(AA78="Muy Alta",AC78="Leve"),AND(AA78="Muy Alta",AC78="Menor"),AND(AA78="Muy Alta",AC78="Moderado"),AND(AA78="Muy Alta",AC78="Mayor")),"Alto",IF(OR(AND(AA78="Muy Baja",AC78="Catastrófico"),AND(AA78="Baja",AC78="Catastrófico"),AND(AA78="Media",AC78="Catastrófico"),AND(AA78="Alta",AC78="Catastrófico"),AND(AA78="Muy Alta",AC78="Catastrófico")),"Extremo","")))),"")
A79: 12 | B79: Tecnologías de la Información | C79: Gestión de Movilidad y Aplicaciones | D79: Económico y Reputacional | E79: Fallas en el funcionamiento del sistema de información clínico Dinamica Gerencial Hospitlaria | F79: Indebido control de cambios en nuevas versiones del aplicativo. | G79: Posibilidad de afectación económica y reputacional por perdida de la integridad de la Historia Clínica por fallas en el funcionamiento del sistema de información clínico Dinámica Gerencial Hospitalaria por el Indebido control de cambios en nuevas versiones del aplicativo. | H79: Ejecución y Administración de procesos | I79: 12 | J79: =IF(I79<=0,"",IF(I79<=2,"Muy Baja",IF(I79<=24,"Baja",IF(I79<=500,"Media",IF(I79<=5000,"Alta","Muy Alta"))))) -> Baja | K79: =IF(J79="","",IF(J79="Muy Baja",0.2,IF(J79="Baja",0.4,IF(J79="Media",0.6,IF(J79="Alta",0.8,IF(J79="Muy Alta",1,)))))) -> 0.4 | L79: Entre 100 y 500 SMLMV | M79: =IF(NOT(ISERROR(MATCH(L79,'[3]Tabla Impacto'!$B$221:$B$223,0))),'[3]Tabla Impacto'!$F$223&"Por favor no seleccionar los criterios de impacto(Afectación Económica o presupuestal y Pérdida Reputacional)",L79) -> Entre 100 y 500 SMLMV | N79: =+IF(OR(M79='[3]Tabla Impacto'!$C$11,M79='[3]Tabla Impacto'!$D$11),"Leve",IF(OR(M79='[3]Tabla Impacto'!$C$12,M79='[3]Tabla Impacto'!$D$12),"Menor",IF(OR(M79='[3]Tabla Impacto'!$C$13,M79='[3]Tabla Impacto'!$D$13),"Moderado",IF(OR(M79='[3]Tabla Impacto'!$C$14,M79='[3]Tabla Impacto'!$D$14),"Mayor",IF(OR(M79='[3]Tabla Impacto'!$C$15,M79='[3]Tabla Impacto'!$D$15),"Catastrófico",""))))) -> Mayor | O79: =IF(N79="","",IF(N79="Leve",0.2,IF(N79="Menor",0.4,IF(N79="Moderado",0.6,IF(N79="Mayor",0.8,IF(N79="Catastrófico",1,)))))) -> 0.8 | P79: =IF(OR(AND(J79="Muy Baja",N79="Leve"),AND(J79="Muy Baja",N79="Menor"),AND(J79="Baja",N79="Leve")),"Bajo",IF(OR(AND(J79="Muy baja",N79="Moderado"),AND(J79="Baja",N79="Menor"),AND(J79="Baja",N79="Moderado"),AND(J79="Media",N79="Leve"),AND(J79="Media",N79="Menor"),AND(J79="Media",N79="Moderado"),AND(J79="Alta",N79="Leve"),AND(J79="Alta",N79="Menor")),"Moderado",IF(OR(AND(J79="Muy Baja",N79="Mayor"),AND(J79="Baja",N79="Mayor"),AND(J79="Media",N79="Mayor"),AND(J79="Alta",N79="Moderado"),AND(J79="Alta",N79="Mayor"),AND(J79="Muy Alta",N79="Leve"),AND(J79="Muy Alta",N79="Menor"),AND(J79="Muy Alta",N79="Moderado"),AND(J79="Muy Alta",N79="Mayor")),"Alto",IF(OR(AND(J79="Muy Baja",N79="Catastrófico"),AND(J79="Baja",N79="Catastrófico"),AND(J79="Media",N79="Catastrófico"),AND(J79="Alta",N79="Catastrófico"),AND(J79="Muy Alta",N79="Catastrófico")),"Extremo","")))) -> Alto | Q79: 1 | R79: Los líderes de módulos del aplicativo Dinamica Gerencial Hospitalaria cada vez que exista una versión nueva del aplicativo, revisan el funcionamiento de las opciones de los diferentes modulos antes de montar compilacion nueva. Con el fin de validar si estas tuvieron cambios de funcionamiento y/o funcionan de manera adecuada. | S79: =IF(OR(T79="Preventivo",T79="Detectivo"),"Probabilidad",IF(T79="Correctivo","Impacto","")) -> Probabilidad | T79: Preventivo | U79: Manual | V79: =IF(AND(T79="Preventivo",U79="Automático"),"50%",IF(AND(T79="Preventivo",U79="Manual"),"40%",IF(AND(T79="Detectivo",U79="Automático"),"40%",IF(AND(T79="Detectivo",U79="Manual"),"30%",IF(AND(T79="Correctivo",U79="Automático"),"35%",IF(AND(T79="Correctivo",U79="Manual"),"25%","")))))) -> 40% | W79: Documentado | X79: Aleatoria | Y79: Con Registro | Z79: =IFERROR(IF(S79="Probabilidad",(K79-(+K79*V79)),IF(S79="Impacto",K79,"")),"") -> 0.24 | AA79: =IFERROR(IF(Z79="","",IF(Z79<=0.2,"Muy Baja",IF(Z79<=0.4,"Baja",IF(Z79<=0.6,"Media",IF(Z79<=0.8,"Alta","Muy Alta"))))),"") -> Baja | AB79: =+Z79 -> 0.24 | AC79: =IFERROR(IF(AD79="","",IF(AD79<=0.2,"Leve",IF(AD79<=0.4,"Menor",IF(AD79<=0.6,"Moderado",IF(AD79<=0.8,"Mayor","Catastrófico"))))),"") -> Mayor | AD79: =IFERROR(IF(S79="Impacto",(O79-(+O79*V79)),IF(S79="Probabilidad",O79,"")),"") -> 0.8 | AE79: =IFERROR(IF(OR(AND(AA79="Muy Baja",AC79="Leve"),AND(AA79="Muy Baja",AC79="Menor"),AND(AA79="Baja",AC79="Leve")),"Bajo",IF(OR(AND(AA79="Muy baja",AC79="Moderado"),AND(AA79="Baja",AC79="Menor"),AND(AA79="Baja",AC79="Moderado"),AND(AA79="Media",AC79="Leve"),AND(AA79="Media",AC79="Menor"),AND(AA79="Media",AC79="Moderado"),AND(AA79="Alta",AC79="Leve"),AND(AA79="Alta",AC79="Menor")),"Moderado",IF(OR(AND(AA79="Muy Baja",AC79="Mayor"),AND(AA79="Baja",AC79="Mayor"),AND(AA79="Media",AC79="Mayor"),AND(AA79="Alta",AC79="Moderado"),AND(AA79="Alta",AC79="Mayor"),AND(AA79="Muy Alta",AC79="Leve"),AND(AA79="Muy Alta",AC79="Menor"),AND(AA79="Muy Alta",AC79="Moderado"),AND(AA79="Muy Alta",AC79="Mayor")),"Alto",IF(OR(AND(AA79="Muy Baja",AC79="Catastrófico"),AND(AA79="Baja",AC79="Catastrófico"),AND(AA79="Media",AC79="Catastrófico"),AND(AA79="Alta",AC79="Catastrófico"),AND(AA79="Muy Alta",AC79="Catastrófico")),"Extremo","")))),"") -> Alto | AF79: Aceptar | AG79: Realizar pruebas con los lideres funcionales de cada módulo del aplicativo Dinámica Gerencial | AH79: Lideres de Módulos del aplicativo Dinámica gerencial | AI79: Diciembre de 2022 | AJ79: Mensual | AL79: En curso
M80: =IF(NOT(ISERROR(MATCH(L80,_xlfn.ANCHORARRAY(G91),0))),K93&"Por favor no seleccionar los criterios de impacto",L80) -> 0 | Q80: 2 | R80: El líder del área de gestión de requerimientos e incidentes - GERE coordina y lidera el comité de cambios cada vez que se requiere un cambio en el aplicativo Dinamica Gerencial Hospitalaria, se proyecta el minutograma y las actividades relacionadas con la ejecución del cambio, a través de los formatos establecidos. Con el fin de planear e identificar los impactos que se puedan llegar a generar durante la implementación de un cambio. | S80: =IF(OR(T80="Preventivo",T80="Detectivo"),"Probabilidad",IF(T80="Correctivo","Impacto","")) -> Probabilidad | T80: Preventivo | U80: Manual | V80: =IF(AND(T80="Preventivo",U80="Automático"),"50%",IF(AND(T80="Preventivo",U80="Manual"),"40%",IF(AND(T80="Detectivo",U80="Automático"),"40%",IF(AND(T80="Detectivo",U80="Manual"),"30%",IF(AND(T80="Correctivo",U80="Automático"),"35%",IF(AND(T80="Correctivo",U80="Manual"),"25%","")))))) -> 40% | W80: Documentado | X80: Aleatoria | Y80: Con Registro | Z80: =IFERROR(IF(S80="Probabilidad",(K79-(+K79*V80)),IF(S80="Impacto",K79,"")),"") -> 0.24 | AA80: =IFERROR(IF(Z80="","",IF(Z80<=0.2,"Muy Baja",IF(Z80<=0.4,"Baja",IF(Z80<=0.6,"Media",IF(Z80<=0.8,"Alta","Muy Alta"))))),"") -> Baja | AB80: =+Z80 -> 0.24 | AC80: =IFERROR(IF(AD80="","",IF(AD80<=0.2,"Leve",IF(AD80<=0.4,"Menor",IF(AD80<=0.6,"Moderado",IF(AD80<=0.8,"Mayor","Catastrófico"))))),"") -> Leve | AD80: =IFERROR(IF(S80="Impacto",(O80-(+O80*V80)),IF(S80="Probabilidad",O80,"")),"") -> 0 | AE80: =IFERROR(IF(OR(AND(AA80="Muy Baja",AC80="Leve"),AND(AA80="Muy Baja",AC80="Menor"),AND(AA80="Baja",AC80="Leve")),"Bajo",IF(OR(AND(AA80="Muy baja",AC80="Moderado"),AND(AA80="Baja",AC80="Menor"),AND(AA80="Baja",AC80="Moderado"),AND(AA80="Media",AC80="Leve"),AND(AA80="Media",AC80="Menor"),AND(AA80="Media",AC80="Moderado"),AND(AA80="Alta",AC80="Leve"),AND(AA80="Alta",AC80="Menor")),"Moderado",IF(OR(AND(AA80="Muy Baja",AC80="Mayor"),AND(AA80="Baja",AC80="Mayor"),AND(AA80="Media",AC80="Mayor"),AND(AA80="Alta",AC80="Moderado"),AND(AA80="Alta",AC80="Mayor"),AND(AA80="Muy Alta",AC80="Leve"),AND(AA80="Muy Alta",AC80="Menor"),AND(AA80="Muy Alta",AC80="Moderado"),AND(AA80="Muy Alta",AC80="Mayor")),"Alto",IF(OR(AND(AA80="Muy Baja",AC80="Catastrófico"),AND(AA80="Baja",AC80="Catastrófico"),AND(AA80="Media",AC80="Catastrófico"),AND(AA80="Alta",AC80="Catastrófico"),AND(AA80="Muy Alta",AC80="Catastrófico")),"Extremo","")))),"") -> Bajo | AF80: Aceptar
M81: =IF(NOT(ISERROR(MATCH(L81,_xlfn.ANCHORARRAY(G92),0))),K94&"Por favor no seleccionar los criterios de impacto",L81) -> 0 | Q81: 3 | S81: =IF(OR(T81="Preventivo",T81="Detectivo"),"Probabilidad",IF(T81="Correctivo","Impacto","")) | V81: =IF(AND(T81="Preventivo",U81="Automático"),"50%",IF(AND(T81="Preventivo",U81="Manual"),"40%",IF(AND(T81="Detectivo",U81="Automático"),"40%",IF(AND(T81="Detectivo",U81="Manual"),"30%",IF(AND(T81="Correctivo",U81="Automático"),"35%",IF(AND(T81="Correctivo",U81="Manual"),"25%","")))))) | Z81: =IFERROR(IF(S81="Probabilidad",(K79-(+K79*V81)),IF(S81="Impacto",K79,"")),"") | AA81: =IFERROR(IF(Z81="","",IF(Z81<=0.2,"Muy Baja",IF(Z81<=0.4,"Baja",IF(Z81<=0.6,"Media",IF(Z81<=0.8,"Alta","Muy Alta"))))),"") | AB81: =+Z81 | AC81: =IFERROR(IF(AD81="","",IF(AD81<=0.2,"Leve",IF(AD81<=0.4,"Menor",IF(AD81<=0.6,"Moderado",IF(AD81<=0.8,"Mayor","Catastrófico"))))),"") | AD81: =IFERROR(IF(S81="Impacto",(O81-(+O81*V81)),IF(S81="Probabilidad",O81,"")),"") | AE81: =IFERROR(IF(OR(AND(AA81="Muy Baja",AC81="Leve"),AND(AA81="Muy Baja",AC81="Menor"),AND(AA81="Baja",AC81="Leve")),"Bajo",IF(OR(AND(AA81="Muy baja",AC81="Moderado"),AND(AA81="Baja",AC81="Menor"),AND(AA81="Baja",AC81="Moderado"),AND(AA81="Media",AC81="Leve"),AND(AA81="Media",AC81="Menor"),AND(AA81="Media",AC81="Moderado"),AND(AA81="Alta",AC81="Leve"),AND(AA81="Alta",AC81="Menor")),"Moderado",IF(OR(AND(AA81="Muy Baja",AC81="Mayor"),AND(AA81="Baja",AC81="Mayor"),AND(AA81="Media",AC81="Mayor"),AND(AA81="Alta",AC81="Moderado"),AND(AA81="Alta",AC81="Mayor"),AND(AA81="Muy Alta",AC81="Leve"),AND(AA81="Muy Alta",AC81="Menor"),AND(AA81="Muy Alta",AC81="Moderado"),AND(AA81="Muy Alta",AC81="Mayor")),"Alto",IF(OR(AND(AA81="Muy Baja",AC81="Catastrófico"),AND(AA81="Baja",AC81="Catastrófico"),AND(AA81="Media",AC81="Catastrófico"),AND(AA81="Alta",AC81="Catastrófico"),AND(AA81="Muy Alta",AC81="Catastrófico")),"Extremo","")))),"")
M82: =IF(NOT(ISERROR(MATCH(L82,_xlfn.ANCHORARRAY(G93),0))),K95&"Por favor no seleccionar los criterios de impacto",L82) -> 0 | Q82: 4 | S82: =IF(OR(T82="Preventivo",T82="Detectivo"),"Probabilidad",IF(T82="Correctivo","Impacto","")) | V82: =IF(AND(T82="Preventivo",U82="Automático"),"50%",IF(AND(T82="Preventivo",U82="Manual"),"40%",IF(AND(T82="Detectivo",U82="Automático"),"40%",IF(AND(T82="Detectivo",U82="Manual"),"30%",IF(AND(T82="Correctivo",U82="Automático"),"35%",IF(AND(T82="Correctivo",U82="Manual"),"25%","")))))) | Z82: =IFERROR(IF(S82="Probabilidad",(K79-(+K79*V82)),IF(S82="Impacto",K79,"")),"") | AA82: =IFERROR(IF(Z82="","",IF(Z82<=0.2,"Muy Baja",IF(Z82<=0.4,"Baja",IF(Z82<=0.6,"Media",IF(Z82<=0.8,"Alta","Muy Alta"))))),"") | AB82: =+Z82 | AC82: =IFERROR(IF(AD82="","",IF(AD82<=0.2,"Leve",IF(AD82<=0.4,"Menor",IF(AD82<=0.6,"Moderado",IF(AD82<=0.8,"Mayor","Catastrófico"))))),"") | AD82: =IFERROR(IF(S82="Impacto",(O82-(+O82*V82)),IF(S82="Probabilidad",O82,"")),"") | AE82: =IFERROR(IF(OR(AND(AA82="Muy Baja",AC82="Leve"),AND(AA82="Muy Baja",AC82="Menor"),AND(AA82="Baja",AC82="Leve")),"Bajo",IF(OR(AND(AA82="Muy baja",AC82="Moderado"),AND(AA82="Baja",AC82="Menor"),AND(AA82="Baja",AC82="Moderado"),AND(AA82="Media",AC82="Leve"),AND(AA82="Media",AC82="Menor"),AND(AA82="Media",AC82="Moderado"),AND(AA82="Alta",AC82="Leve"),AND(AA82="Alta",AC82="Menor")),"Moderado",IF(OR(AND(AA82="Muy Baja",AC82="Mayor"),AND(AA82="Baja",AC82="Mayor"),AND(AA82="Media",AC82="Mayor"),AND(AA82="Alta",AC82="Moderado"),AND(AA82="Alta",AC82="Mayor"),AND(AA82="Muy Alta",AC82="Leve"),AND(AA82="Muy Alta",AC82="Menor"),AND(AA82="Muy Alta",AC82="Moderado"),AND(AA82="Muy Alta",AC82="Mayor")),"Alto",IF(OR(AND(AA82="Muy Baja",AC82="Catastrófico"),AND(AA82="Baja",AC82="Catastrófico"),AND(AA82="Media",AC82="Catastrófico"),AND(AA82="Alta",AC82="Catastrófico"),AND(AA82="Muy Alta",AC82="Catastrófico")),"Extremo","")))),"")
M83: =IF(NOT(ISERROR(MATCH(L83,_xlfn.ANCHORARRAY(G94),0))),K96&"Por favor no seleccionar los criterios de impacto",L83) -> 0 | Q83: 5 | S83: =IF(OR(T83="Preventivo",T83="Detectivo"),"Probabilidad",IF(T83="Correctivo","Impacto","")) | V83: =IF(AND(T83="Preventivo",U83="Automático"),"50%",IF(AND(T83="Preventivo",U83="Manual"),"40%",IF(AND(T83="Detectivo",U83="Automático"),"40%",IF(AND(T83="Detectivo",U83="Manual"),"30%",IF(AND(T83="Correctivo",U83="Automático"),"35%",IF(AND(T83="Correctivo",U83="Manual"),"25%","")))))) | Z83: =IFERROR(IF(S83="Probabilidad",(K79-(+K79*V83)),IF(S83="Impacto",K79,"")),"") | AA83: =IFERROR(IF(Z83="","",IF(Z83<=0.2,"Muy Baja",IF(Z83<=0.4,"Baja",IF(Z83<=0.6,"Media",IF(Z83<=0.8,"Alta","Muy Alta"))))),"") | AB83: =+Z83 | AC83: =IFERROR(IF(AD83="","",IF(AD83<=0.2,"Leve",IF(AD83<=0.4,"Menor",IF(AD83<=0.6,"Moderado",IF(AD83<=0.8,"Mayor","Catastrófico"))))),"") | AD83: =IFERROR(IF(S83="Impacto",(O83-(+O83*V83)),IF(S83="Probabilidad",O83,"")),"") | AE83: =IFERROR(IF(OR(AND(AA83="Muy Baja",AC83="Leve"),AND(AA83="Muy Baja",AC83="Menor"),AND(AA83="Baja",AC83="Leve")),"Bajo",IF(OR(AND(AA83="Muy baja",AC83="Moderado"),AND(AA83="Baja",AC83="Menor"),AND(AA83="Baja",AC83="Moderado"),AND(AA83="Media",AC83="Leve"),AND(AA83="Media",AC83="Menor"),AND(AA83="Media",AC83="Moderado"),AND(AA83="Alta",AC83="Leve"),AND(AA83="Alta",AC83="Menor")),"Moderado",IF(OR(AND(AA83="Muy Baja",AC83="Mayor"),AND(AA83="Baja",AC83="Mayor"),AND(AA83="Media",AC83="Mayor"),AND(AA83="Alta",AC83="Moderado"),AND(AA83="Alta",AC83="Mayor"),AND(AA83="Muy Alta",AC83="Leve"),AND(AA83="Muy Alta",AC83="Menor"),AND(AA83="Muy Alta",AC83="Moderado"),AND(AA83="Muy Alta",AC83="Mayor")),"Alto",IF(OR(AND(AA83="Muy Baja",AC83="Catastrófico"),AND(AA83="Baja",AC83="Catastrófico"),AND(AA83="Media",AC83="Catastrófico"),AND(AA83="Alta",AC83="Catastrófico"),AND(AA83="Muy Alta",AC83="Catastrófico")),"Extremo","")))),"")
M84: =IF(NOT(ISERROR(MATCH(L84,_xlfn.ANCHORARRAY(G95),0))),K97&"Por favor no seleccionar los criterios de impacto",L84) -> 0 | Q84: 6 | S84: =IF(OR(T84="Preventivo",T84="Detectivo"),"Probabilidad",IF(T84="Correctivo","Impacto","")) | V84: =IF(AND(T84="Preventivo",U84="Automático"),"50%",IF(AND(T84="Preventivo",U84="Manual"),"40%",IF(AND(T84="Detectivo",U84="Automático"),"40%",IF(AND(T84="Detectivo",U84="Manual"),"30%",IF(AND(T84="Correctivo",U84="Automático"),"35%",IF(AND(T84="Correctivo",U84="Manual"),"25%","")))))) | Z84: =IFERROR(IF(S84="Probabilidad",(K79-(+K79*V84)),IF(S84="Impacto",K79,"")),"") | AA84: =IFERROR(IF(Z84="","",IF(Z84<=0.2,"Muy Baja",IF(Z84<=0.4,"Baja",IF(Z84<=0.6,"Media",IF(Z84<=0.8,"Alta","Muy Alta"))))),"") | AB84: =+Z84 | AC84: =IFERROR(IF(AD84="","",IF(AD84<=0.2,"Leve",IF(AD84<=0.4,"Menor",IF(AD84<=0.6,"Moderado",IF(AD84<=0.8,"Mayor","Catastrófico"))))),"") | AD84: =IFERROR(IF(S84="Impacto",(O84-(+O84*V84)),IF(S84="Probabilidad",O84,"")),"") | AE84: =IFERROR(IF(OR(AND(AA84="Muy Baja",AC84="Leve"),AND(AA84="Muy Baja",AC84="Menor"),AND(AA84="Baja",AC84="Leve")),"Bajo",IF(OR(AND(AA84="Muy baja",AC84="Moderado"),AND(AA84="Baja",AC84="Menor"),AND(AA84="Baja",AC84="Moderado"),AND(AA84="Media",AC84="Leve"),AND(AA84="Media",AC84="Menor"),AND(AA84="Media",AC84="Moderado"),AND(AA84="Alta",AC84="Leve"),AND(AA84="Alta",AC84="Menor")),"Moderado",IF(OR(AND(AA84="Muy Baja",AC84="Mayor"),AND(AA84="Baja",AC84="Mayor"),AND(AA84="Media",AC84="Mayor"),AND(AA84="Alta",AC84="Moderado"),AND(AA84="Alta",AC84="Mayor"),AND(AA84="Muy Alta",AC84="Leve"),AND(AA84="Muy Alta",AC84="Menor"),AND(AA84="Muy Alta",AC84="Moderado"),AND(AA84="Muy Alta",AC84="Mayor")),"Alto",IF(OR(AND(AA84="Muy Baja",AC84="Catastrófico"),AND(AA84="Baja",AC84="Catastrófico"),AND(AA84="Media",AC84="Catastrófico"),AND(AA84="Alta",AC84="Catastrófico"),AND(AA84="Muy Alta",AC84="Catastrófico")),"Extremo","")))),"")
A85: 13 | B85: Comunicaciones y Atención al Usuario | C85: Comunicaciones y Relaciones Públicas | D85: Reputacional | E85: Pérdida de credibilidad e impacto negativo en la imagen externa de la entidad | F85: Confusión y errores en los procesos en los que los usuarios externos interactúan con la entidad | G85: Posibilidad de afectación reputacional por pérdida de credibilidad e impacto negativo en la imagen externa de la entidad debido a confusión y errores en los procesos como consecuencia de información errada, no verás o susceptible de mala interpretación | H85: Ejecución y Administración de procesos | I85: 340 | J85: =IF(I85<=0,"",IF(I85<=2,"Muy Baja",IF(I85<=24,"Baja",IF(I85<=500,"Media",IF(I85<=5000,"Alta","Muy Alta"))))) -> Media | K85: =IF(J85="","",IF(J85="Muy Baja",0.2,IF(J85="Baja",0.4,IF(J85="Media",0.6,IF(J85="Alta",0.8,IF(J85="Muy Alta",1,)))))) -> 0.6 | L85: El riesgo afecta la imagen de la entidad con algunos usuarios de relevancia frente al logro de los objetivos | M85: =IF(NOT(ISERROR(MATCH(L85,'[4]Tabla Impacto'!$B$221:$B$223,0))),'[4]Tabla Impacto'!$F$223&"Por favor no seleccionar los criterios de impacto(Afectación Económica o presupuestal y Pérdida Reputacional)",L85) -> El riesgo afecta la imagen de la entidad con algunos usuarios de relevancia frente al logro de los objetivos | N85: =+IF(OR(M85='[4]Tabla Impacto'!$C$11,M85='[4]Tabla Impacto'!$D$11),"Leve",IF(OR(M85='[4]Tabla Impacto'!$C$12,M85='[4]Tabla Impacto'!$D$12),"Menor",IF(OR(M85='[4]Tabla Impacto'!$C$13,M85='[4]Tabla Impacto'!$D$13),"Moderado",IF(OR(M85='[4]Tabla Impacto'!$C$14,M85='[4]Tabla Impacto'!$D$14),"Mayor",IF(OR(M85='[4]Tabla Impacto'!$C$15,M85='[4]Tabla Impacto'!$D$15),"Catastrófico",""))))) -> Moderado | O85: =IF(N85="","",IF(N85="Leve",0.2,IF(N85="Menor",0.4,IF(N85="Moderado",0.6,IF(N85="Mayor",0.8,IF(N85="Catastrófico",1,)))))) -> 0.6 | P85: =IF(OR(AND(J85="Muy Baja",N85="Leve"),AND(J85="Muy Baja",N85="Menor"),AND(J85="Baja",N85="Leve")),"Bajo",IF(OR(AND(J85="Muy baja",N85="Moderado"),AND(J85="Baja",N85="Menor"),AND(J85="Baja",N85="Moderado"),AND(J85="Media",N85="Leve"),AND(J85="Media",N85="Menor"),AND(J85="Media",N85="Moderado"),AND(J85="Alta",N85="Leve"),AND(J85="Alta",N85="Menor")),"Moderado",IF(OR(AND(J85="Muy Baja",N85="Mayor"),AND(J85="Baja",N85="Mayor"),AND(J85="Media",N85="Mayor"),AND(J85="Alta",N85="Moderado"),AND(J85="Alta",N85="Mayor"),AND(J85="Muy Alta",N85="Leve"),AND(J85="Muy Alta",N85="Menor"),AND(J85="Muy Alta",N85="Moderado"),AND(J85="Muy Alta",N85="Mayor")),"Alto",IF(OR(AND(J85="Muy Baja",N85="Catastrófico"),AND(J85="Baja",N85="Catastrófico"),AND(J85="Media",N85="Catastrófico"),AND(J85="Alta",N85="Catastrófico"),AND(J85="Muy Alta",N85="Catastrófico")),"Extremo","")))) -> Moderado | Q85: 1 | R85: Cada vez que se requiera el responsable del Área de Comunicaciones y Relaciones Púlicas envía a la fuente primaria (área solicitante) el producto comunicativo para validar su veracidad y claridad, posterior a ello envia al Subdirector de Docencia e Investigación Científica para su aprobación quien de acuerdo al nivel de complejidad del mismo envía a la Dirección General para obtener un tercer aval, posterior a este proceso se realiza la publicación de la información. | S85: =IF(OR(T85="Preventivo",T85="Detectivo"),"Probabilidad",IF(T85="Correctivo","Impacto","")) -> Probabilidad | T85: Preventivo | U85: Manual | V85: =IF(AND(T85="Preventivo",U85="Automático"),"50%",IF(AND(T85="Preventivo",U85="Manual"),"40%",IF(AND(T85="Detectivo",U85="Automático"),"40%",IF(AND(T85="Detectivo",U85="Manual"),"30%",IF(AND(T85="Correctivo",U85="Automático"),"35%",IF(AND(T85="Correctivo",U85="Manual"),"25%","")))))) -> 40% | W85: Documentado | X85: Aleatoria | Y85: Con Registro | Z85: =IFERROR(IF(S85="Probabilidad",(K85-(+K85*V85)),IF(S85="Impacto",K85,"")),"") -> 0.36 | AA85: =IFERROR(IF(Z85="","",IF(Z85<=0.2,"Muy Baja",IF(Z85<=0.4,"Baja",IF(Z85<=0.6,"Media",IF(Z85<=0.8,"Alta","Muy Alta"))))),"") -> Baja | AB85: =+Z85 -> 0.36 | AC85: =IFERROR(IF(AD85="","",IF(AD85<=0.2,"Leve",IF(AD85<=0.4,"Menor",IF(AD85<=0.6,"Moderado",IF(AD85<=0.8,"Mayor","Catastrófico"))))),"") -> Moderado | AD85: =IFERROR(IF(S85="Impacto",(O85-(+O85*V85)),IF(S85="Probabilidad",O85,"")),"") -> 0.6 | AE85: =IFERROR(IF(OR(AND(AA85="Muy Baja",AC85="Leve"),AND(AA85="Muy Baja",AC85="Menor"),AND(AA85="Baja",AC85="Leve")),"Bajo",IF(OR(AND(AA85="Muy baja",AC85="Moderado"),AND(AA85="Baja",AC85="Menor"),AND(AA85="Baja",AC85="Moderado"),AND(AA85="Media",AC85="Leve"),AND(AA85="Media",AC85="Menor"),AND(AA85="Media",AC85="Moderado"),AND(AA85="Alta",AC85="Leve"),AND(AA85="Alta",AC85="Menor")),"Moderado",IF(OR(AND(AA85="Muy Baja",AC85="Mayor"),AND(AA85="Baja",AC85="Mayor"),AND(AA85="Media",AC85="Mayor"),AND(AA85="Alta",AC85="Moderado"),AND(AA85="Alta",AC85="Mayor"),AND(AA85="Muy Alta",AC85="Leve"),AND(AA85="Muy Alta",AC85="Menor"),AND(AA85="Muy Alta",AC85="Moderado"),AND(AA85="Muy Alta",AC85="Mayor")),"Alto",IF(OR(AND(AA85="Muy Baja",AC85="Catastrófico"),AND(AA85="Baja",AC85="Catastrófico"),AND(AA85="Media",AC85="Catastrófico"),AND(AA85="Alta",AC85="Catastrófico"),AND(AA85="Muy Alta",AC85="Catastrófico")),"Extremo","")))),"") -> Moderado | AF85: Aceptar
M86: =IF(NOT(ISERROR(MATCH(L86,_xlfn.ANCHORARRAY(G97),0))),K99&"Por favor no seleccionar los criterios de impacto",L86) -> 0 | Q86: 2 | Z86: =IFERROR(IF(S86="Probabilidad",(K85-(+K85*V86)),IF(S86="Impacto",K85,"")),"") | AA86: =IFERROR(IF(Z86="","",IF(Z86<=0.2,"Muy Baja",IF(Z86<=0.4,"Baja",IF(Z86<=0.6,"Media",IF(Z86<=0.8,"Alta","Muy Alta"))))),"") | AB86: =+Z86 | AC86: =IFERROR(IF(AD86="","",IF(AD86<=0.2,"Leve",IF(AD86<=0.4,"Menor",IF(AD86<=0.6,"Moderado",IF(AD86<=0.8,"Mayor","Catastrófico"))))),"") | AD86: =IFERROR(IF(S86="Impacto",(O86-(+O86*V86)),IF(S86="Probabilidad",O86,"")),"") | AE86: =IFERROR(IF(OR(AND(AA86="Muy Baja",AC86="Leve"),AND(AA86="Muy Baja",AC86="Menor"),AND(AA86="Baja",AC86="Leve")),"Bajo",IF(OR(AND(AA86="Muy baja",AC86="Moderado"),AND(AA86="Baja",AC86="Menor"),AND(AA86="Baja",AC86="Moderado"),AND(AA86="Media",AC86="Leve"),AND(AA86="Media",AC86="Menor"),AND(AA86="Media",AC86="Moderado"),AND(AA86="Alta",AC86="Leve"),AND(AA86="Alta",AC86="Menor")),"Moderado",IF(OR(AND(AA86="Muy Baja",AC86="Mayor"),AND(AA86="Baja",AC86="Mayor"),AND(AA86="Media",AC86="Mayor"),AND(AA86="Alta",AC86="Moderado"),AND(AA86="Alta",AC86="Mayor"),AND(AA86="Muy Alta",AC86="Leve"),AND(AA86="Muy Alta",AC86="Menor"),AND(AA86="Muy Alta",AC86="Moderado"),AND(AA86="Muy Alta",AC86="Mayor")),"Alto",IF(OR(AND(AA86="Muy Baja",AC86="Catastrófico"),AND(AA86="Baja",AC86="Catastrófico"),AND(AA86="Media",AC86="Catastrófico"),AND(AA86="Alta",AC86="Catastrófico"),AND(AA86="Muy Alta",AC86="Catastrófico")),"Extremo","")))),"") | AF86: Aceptar
M87: =IF(NOT(ISERROR(MATCH(L87,_xlfn.ANCHORARRAY(G98),0))),K100&"Por favor no seleccionar los criterios de impacto",L87) -> 0 | Q87: 3 | Z87: =IFERROR(IF(S87="Probabilidad",(K85-(+K85*V87)),IF(S87="Impacto",K85,"")),"") | AA87: =IFERROR(IF(Z87="","",IF(Z87<=0.2,"Muy Baja",IF(Z87<=0.4,"Baja",IF(Z87<=0.6,"Media",IF(Z87<=0.8,"Alta","Muy Alta"))))),"") | AB87: =+Z87 | AC87: =IFERROR(IF(AD87="","",IF(AD87<=0.2,"Leve",IF(AD87<=0.4,"Menor",IF(AD87<=0.6,"Moderado",IF(AD87<=0.8,"Mayor","Catastrófico"))))),"") | AD87: =IFERROR(IF(S87="Impacto",(O87-(+O87*V87)),IF(S87="Probabilidad",O87,"")),"") | AE87: =IFERROR(IF(OR(AND(AA87="Muy Baja",AC87="Leve"),AND(AA87="Muy Baja",AC87="Menor"),AND(AA87="Baja",AC87="Leve")),"Bajo",IF(OR(AND(AA87="Muy baja",AC87="Moderado"),AND(AA87="Baja",AC87="Menor"),AND(AA87="Baja",AC87="Moderado"),AND(AA87="Media",AC87="Leve"),AND(AA87="Media",AC87="Menor"),AND(AA87="Media",AC87="Moderado"),AND(AA87="Alta",AC87="Leve"),AND(AA87="Alta",AC87="Menor")),"Moderado",IF(OR(AND(AA87="Muy Baja",AC87="Mayor"),AND(AA87="Baja",AC87="Mayor"),AND(AA87="Media",AC87="Mayor"),AND(AA87="Alta",AC87="Moderado"),AND(AA87="Alta",AC87="Mayor"),AND(AA87="Muy Alta",AC87="Leve"),AND(AA87="Muy Alta",AC87="Menor"),AND(AA87="Muy Alta",AC87="Moderado"),AND(AA87="Muy Alta",AC87="Mayor")),"Alto",IF(OR(AND(AA87="Muy Baja",AC87="Catastrófico"),AND(AA87="Baja",AC87="Catastrófico"),AND(AA87="Media",AC87="Catastrófico"),AND(AA87="Alta",AC87="Catastrófico"),AND(AA87="Muy Alta",AC87="Catastrófico")),"Extremo","")))),"") | AF87: Aceptar
M88: =IF(NOT(ISERROR(MATCH(L88,_xlfn.ANCHORARRAY(G99),0))),K101&"Por favor no seleccionar los criterios de impacto",L88) -> 0 | Q88: 4 | S88: =IF(OR(T88="Preventivo",T88="Detectivo"),"Probabilidad",IF(T88="Correctivo","Impacto","")) | V88: =IF(AND(T88="Preventivo",U88="Automático"),"50%",IF(AND(T88="Preventivo",U88="Manual"),"40%",IF(AND(T88="Detectivo",U88="Automático"),"40%",IF(AND(T88="Detectivo",U88="Manual"),"30%",IF(AND(T88="Correctivo",U88="Automático"),"35%",IF(AND(T88="Correctivo",U88="Manual"),"25%","")))))) | Z88: =IFERROR(IF(S88="Probabilidad",(K85-(+K85*V88)),IF(S88="Impacto",K85,"")),"") | AA88: =IFERROR(IF(Z88="","",IF(Z88<=0.2,"Muy Baja",IF(Z88<=0.4,"Baja",IF(Z88<=0.6,"Media",IF(Z88<=0.8,"Alta","Muy Alta"))))),"") | AB88: =+Z88 | AC88: =IFERROR(IF(AD88="","",IF(AD88<=0.2,"Leve",IF(AD88<=0.4,"Menor",IF(AD88<=0.6,"Moderado",IF(AD88<=0.8,"Mayor","Catastrófico"))))),"") | AD88: =IFERROR(IF(S88="Impacto",(O88-(+O88*V88)),IF(S88="Probabilidad",O88,"")),"") | AE88: =IFERROR(IF(OR(AND(AA88="Muy Baja",AC88="Leve"),AND(AA88="Muy Baja",AC88="Menor"),AND(AA88="Baja",AC88="Leve")),"Bajo",IF(OR(AND(AA88="Muy baja",AC88="Moderado"),AND(AA88="Baja",AC88="Menor"),AND(AA88="Baja",AC88="Moderado"),AND(AA88="Media",AC88="Leve"),AND(AA88="Media",AC88="Menor"),AND(AA88="Media",AC88="Moderado"),AND(AA88="Alta",AC88="Leve"),AND(AA88="Alta",AC88="Menor")),"Moderado",IF(OR(AND(AA88="Muy Baja",AC88="Mayor"),AND(AA88="Baja",AC88="Mayor"),AND(AA88="Media",AC88="Mayor"),AND(AA88="Alta",AC88="Moderado"),AND(AA88="Alta",AC88="Mayor"),AND(AA88="Muy Alta",AC88="Leve"),AND(AA88="Muy Alta",AC88="Menor"),AND(AA88="Muy Alta",AC88="Moderado"),AND(AA88="Muy Alta",AC88="Mayor")),"Alto",IF(OR(AND(AA88="Muy Baja",AC88="Catastrófico"),AND(AA88="Baja",AC88="Catastrófico"),AND(AA88="Media",AC88="Catastrófico"),AND(AA88="Alta",AC88="Catastrófico"),AND(AA88="Muy Alta",AC88="Catastrófico")),"Extremo","")))),"") | AF88: Aceptar
M89: =IF(NOT(ISERROR(MATCH(L89,_xlfn.ANCHORARRAY(G100),0))),K102&"Por favor no seleccionar los criterios de impacto",L89) -> 0 | Q89: 5 | S89: =IF(OR(T89="Preventivo",T89="Detectivo"),"Probabilidad",IF(T89="Correctivo","Impacto","")) | V89: =IF(AND(T89="Preventivo",U89="Automático"),"50%",IF(AND(T89="Preventivo",U89="Manual"),"40%",IF(AND(T89="Detectivo",U89="Automático"),"40%",IF(AND(T89="Detectivo",U89="Manual"),"30%",IF(AND(T89="Correctivo",U89="Automático"),"35%",IF(AND(T89="Correctivo",U89="Manual"),"25%","")))))) | Z89: =IFERROR(IF(S89="Probabilidad",(K85-(+K85*V89)),IF(S89="Impacto",K85,"")),"") | AA89: =IFERROR(IF(Z89="","",IF(Z89<=0.2,"Muy Baja",IF(Z89<=0.4,"Baja",IF(Z89<=0.6,"Media",IF(Z89<=0.8,"Alta","Muy Alta"))))),"") | AB89: =+Z89 | AC89: =IFERROR(IF(AD89="","",IF(AD89<=0.2,"Leve",IF(AD89<=0.4,"Menor",IF(AD89<=0.6,"Moderado",IF(AD89<=0.8,"Mayor","Catastrófico"))))),"") | AD89: =IFERROR(IF(S89="Impacto",(O89-(+O89*V89)),IF(S89="Probabilidad",O89,"")),"") | AE89: =IFERROR(IF(OR(AND(AA89="Muy Baja",AC89="Leve"),AND(AA89="Muy Baja",AC89="Menor"),AND(AA89="Baja",AC89="Leve")),"Bajo",IF(OR(AND(AA89="Muy baja",AC89="Moderado"),AND(AA89="Baja",AC89="Menor"),AND(AA89="Baja",AC89="Moderado"),AND(AA89="Media",AC89="Leve"),AND(AA89="Media",AC89="Menor"),AND(AA89="Media",AC89="Moderado"),AND(AA89="Alta",AC89="Leve"),AND(AA89="Alta",AC89="Menor")),"Moderado",IF(OR(AND(AA89="Muy Baja",AC89="Mayor"),AND(AA89="Baja",AC89="Mayor"),AND(AA89="Media",AC89="Mayor"),AND(AA89="Alta",AC89="Moderado"),AND(AA89="Alta",AC89="Mayor"),AND(AA89="Muy Alta",AC89="Leve"),AND(AA89="Muy Alta",AC89="Menor"),AND(AA89="Muy Alta",AC89="Moderado"),AND(AA89="Muy Alta",AC89="Mayor")),"Alto",IF(OR(AND(AA89="Muy Baja",AC89="Catastrófico"),AND(AA89="Baja",AC89="Catastrófico"),AND(AA89="Media",AC89="Catastrófico"),AND(AA89="Alta",AC89="Catastrófico"),AND(AA89="Muy Alta",AC89="Catastrófico")),"Extremo","")))),"") | AF89: Aceptar
M90: =IF(NOT(ISERROR(MATCH(L90,_xlfn.ANCHORARRAY(G101),0))),K103&"Por favor no seleccionar los criterios de impacto",L90) -> 0 | Q90: 6 | S90: =IF(OR(T90="Preventivo",T90="Detectivo"),"Probabilidad",IF(T90="Correctivo","Impacto","")) | V90: =IF(AND(T90="Preventivo",U90="Automático"),"50%",IF(AND(T90="Preventivo",U90="Manual"),"40%",IF(AND(T90="Detectivo",U90="Automático"),"40%",IF(AND(T90="Detectivo",U90="Manual"),"30%",IF(AND(T90="Correctivo",U90="Automático"),"35%",IF(AND(T90="Correctivo",U90="Manual"),"25%","")))))) | Z90: =IFERROR(IF(S89="Probabilidad",(K85-(+K85*V90)),IF(S90="Impacto",K85,"")),"") | AA90: =IFERROR(IF(Z90="","",IF(Z90<=0.2,"Muy Baja",IF(Z90<=0.4,"Baja",IF(Z90<=0.6,"Media",IF(Z90<=0.8,"Alta","Muy Alta"))))),"") | AB90: =+Z90 | AC90: =IFERROR(IF(AD90="","",IF(AD90<=0.2,"Leve",IF(AD90<=0.4,"Menor",IF(AD90<=0.6,"Moderado",IF(AD90<=0.8,"Mayor","Catastrófico"))))),"") | AD90: =IFERROR(IF(S90="Impacto",(O90-(+O90*V90)),IF(S90="Probabilidad",O90,"")),"") | AE90: =IFERROR(IF(OR(AND(AA90="Muy Baja",AC90="Leve"),AND(AA90="Muy Baja",AC90="Menor"),AND(AA90="Baja",AC90="Leve")),"Bajo",IF(OR(AND(AA90="Muy baja",AC90="Moderado"),AND(AA90="Baja",AC90="Menor"),AND(AA90="Baja",AC90="Moderado"),AND(AA90="Media",AC90="Leve"),AND(AA90="Media",AC90="Menor"),AND(AA90="Media",AC90="Moderado"),AND(AA90="Alta",AC90="Leve"),AND(AA90="Alta",AC90="Menor")),"Moderado",IF(OR(AND(AA90="Muy Baja",AC90="Mayor"),AND(AA90="Baja",AC90="Mayor"),AND(AA90="Media",AC90="Mayor"),AND(AA90="Alta",AC90="Moderado"),AND(AA90="Alta",AC90="Mayor"),AND(AA90="Muy Alta",AC90="Leve"),AND(AA90="Muy Alta",AC90="Menor"),AND(AA90="Muy Alta",AC90="Moderado"),AND(AA90="Muy Alta",AC90="Mayor")),"Alto",IF(OR(AND(AA90="Muy Baja",AC90="Catastrófico"),AND(AA90="Baja",AC90="Catastrófico"),AND(AA90="Media",AC90="Catastrófico"),AND(AA90="Alta",AC90="Catastrófico"),AND(AA90="Muy Alta",AC90="Catastrófico")),"Extremo","")))),"") | AF90: Aceptar
A91: 14 | B91: Comunicaciones y Atención al Usuario | C91: Comunicaciones y Relaciones Públicas | D91: Reputacional | E91: Pérdida de credibilidad e impacto negativo en la imagen interna de la entidad | F91: Confusión y errores en los procesos en los que los usuarios internos interactúan con la entidad | G91: Posibilidad de afectación reputacional por pérdida de credibilidad e impacto negativo en la imagen interna de la entidad debido a confusión y errores en los procesos como consecuencia de información errada, no verás o susceptible de mala interpretación | H91: Ejecución y Administración de procesos | I91: 340 | J91: =IF(I91<=0,"",IF(I91<=2,"Muy Baja",IF(I91<=24,"Baja",IF(I91<=500,"Media",IF(I91<=5000,"Alta","Muy Alta"))))) -> Media | K91: =IF(J91="","",IF(J91="Muy Baja",0.2,IF(J91="Baja",0.4,IF(J91="Media",0.6,IF(J91="Alta",0.8,IF(J91="Muy Alta",1,)))))) -> 0.6 | L91: El riesgo afecta la imagen de la entidad con algunos usuarios de relevancia frente al logro de los objetivos | M91: =IF(NOT(ISERROR(MATCH(L91,'[4]Tabla Impacto'!$B$221:$B$223,0))),'[4]Tabla Impacto'!$F$223&"Por favor no seleccionar los criterios de impacto(Afectación Económica o presupuestal y Pérdida Reputacional)",L91) -> El riesgo afecta la imagen de la entidad con algunos usuarios de relevancia frente al logro de los objetivos | N91: =+IF(OR(M91='[4]Tabla Impacto'!$C$11,M91='[4]Tabla Impacto'!$D$11),"Leve",IF(OR(M91='[4]Tabla Impacto'!$C$12,M91='[4]Tabla Impacto'!$D$12),"Menor",IF(OR(M91='[4]Tabla Impacto'!$C$13,M91='[4]Tabla Impacto'!$D$13),"Moderado",IF(OR(M91='[4]Tabla Impacto'!$C$14,M91='[4]Tabla Impacto'!$D$14),"Mayor",IF(OR(M91='[4]Tabla Impacto'!$C$15,M91='[4]Tabla Impacto'!$D$15),"Catastrófico",""))))) -> Moderado | O91: =IF(N91="","",IF(N91="Leve",0.2,IF(N91="Menor",0.4,IF(N91="Moderado",0.6,IF(N91="Mayor",0.8,IF(N91="Catastrófico",1,)))))) -> 0.6 | P91: =IF(OR(AND(J91="Muy Baja",N91="Leve"),AND(J91="Muy Baja",N91="Menor"),AND(J91="Baja",N91="Leve")),"Bajo",IF(OR(AND(J91="Muy baja",N91="Moderado"),AND(J91="Baja",N91="Menor"),AND(J91="Baja",N91="Moderado"),AND(J91="Media",N91="Leve"),AND(J91="Media",N91="Menor"),AND(J91="Media",N91="Moderado"),AND(J91="Alta",N91="Leve"),AND(J91="Alta",N91="Menor")),"Moderado",IF(OR(AND(J91="Muy Baja",N91="Mayor"),AND(J91="Baja",N91="Mayor"),AND(J91="Media",N91="Mayor"),AND(J91="Alta",N91="Moderado"),AND(J91="Alta",N91="Mayor"),AND(J91="Muy Alta",N91="Leve"),AND(J91="Muy Alta",N91="Menor"),AND(J91="Muy Alta",N91="Moderado"),AND(J91="Muy Alta",N91="Mayor")),"Alto",IF(OR(AND(J91="Muy Baja",N91="Catastrófico"),AND(J91="Baja",N91="Catastrófico"),AND(J91="Media",N91="Catastrófico"),AND(J91="Alta",N91="Catastrófico"),AND(J91="Muy Alta",N91="Catastrófico")),"Extremo","")))) -> Moderado | Q91: 1 | R91: Cada vez que se requiera el responsable del Área de Comunicaciones y Relaciones Púlicas envía a la fuente primaria (área solicitante) el producto comunicativo para validar su veracidad y claridad, posterior a ello envia al Subdirector de Docencia e Investigación Científica para su aprobación quien de acuerdo al nivel de complejidad del mismo envía a la Dirección General para obtener un tercer aval, posterior a este proceso se realiza la publicación de la información. | S91: =IF(OR(T91="Preventivo",T91="Detectivo"),"Probabilidad",IF(T91="Correctivo","Impacto","")) -> Probabilidad | T91: Preventivo | U91: Manual | V91: =IF(AND(T91="Preventivo",U91="Automático"),"50%",IF(AND(T91="Preventivo",U91="Manual"),"40%",IF(AND(T91="Detectivo",U91="Automático"),"40%",IF(AND(T91="Detectivo",U91="Manual"),"30%",IF(AND(T91="Correctivo",U91="Automático"),"35%",IF(AND(T91="Correctivo",U91="Manual"),"25%","")))))) -> 40% | W91: Documentado | X91: Aleatoria | Y91: Con Registro | Z91: =IFERROR(IF(S91="Probabilidad",(K91-(+K91*V91)),IF(S91="Impacto",K91,"")),"") -> 0.36 | AA91: =IFERROR(IF(Z91="","",IF(Z91<=0.2,"Muy Baja",IF(Z91<=0.4,"Baja",IF(Z91<=0.6,"Media",IF(Z91<=0.8,"Alta","Muy Alta"))))),"") -> Baja | AB91: =+Z91 -> 0.36 | AC91: =IFERROR(IF(AD91="","",IF(AD91<=0.2,"Leve",IF(AD91<=0.4,"Menor",IF(AD91<=0.6,"Moderado",IF(AD91<=0.8,"Mayor","Catastrófico"))))),"") -> Moderado | AD91: =IFERROR(IF(S91="Impacto",(O91-(+O91*V91)),IF(S91="Probabilidad",O91,"")),"") -> 0.6 | AE91: =IFERROR(IF(OR(AND(AA91="Muy Baja",AC91="Leve"),AND(AA91="Muy Baja",AC91="Menor"),AND(AA91="Baja",AC91="Leve")),"Bajo",IF(OR(AND(AA91="Muy baja",AC91="Moderado"),AND(AA91="Baja",AC91="Menor"),AND(AA91="Baja",AC91="Moderado"),AND(AA91="Media",AC91="Leve"),AND(AA91="Media",AC91="Menor"),AND(AA91="Media",AC91="Moderado"),AND(AA91="Alta",AC91="Leve"),AND(AA91="Alta",AC91="Menor")),"Moderado",IF(OR(AND(AA91="Muy Baja",AC91="Mayor"),AND(AA91="Baja",AC91="Mayor"),AND(AA91="Media",AC91="Mayor"),AND(AA91="Alta",AC91="Moderado"),AND(AA91="Alta",AC91="Mayor"),AND(AA91="Muy Alta",AC91="Leve"),AND(AA91="Muy Alta",AC91="Menor"),AND(AA91="Muy Alta",AC91="Moderado"),AND(AA91="Muy Alta",AC91="Mayor")),"Alto",IF(OR(AND(AA91="Muy Baja",AC91="Catastrófico"),AND(AA91="Baja",AC91="Catastrófico"),AND(AA91="Media",AC91="Catastrófico"),AND(AA91="Alta",AC91="Catastrófico"),AND(AA91="Muy Alta",AC91="Catastrófico")),"Extremo","")))),"") -> Moderado | AF91: Aceptar
M92: =IF(NOT(ISERROR(MATCH(L92,_xlfn.ANCHORARRAY(G103),0))),K105&"Por favor no seleccionar los criterios de impacto",L92) -> 0 | Q92: 2 | S92: =IF(OR(T92="Preventivo",T92="Detectivo"),"Probabilidad",IF(T92="Correctivo","Impacto","")) | V92: =IF(AND(T92="Preventivo",U92="Automático"),"50%",IF(AND(T92="Preventivo",U92="Manual"),"40%",IF(AND(T92="Detectivo",U92="Automático"),"40%",IF(AND(T92="Detectivo",U92="Manual"),"30%",IF(AND(T92="Correctivo",U92="Automático"),"35%",IF(AND(T92="Correctivo",U92="Manual"),"25%","")))))) | Z92: =IFERROR(IF(S92="Probabilidad",(K91-(+K91*V92)),IF(S92="Impacto",K91,"")),"") | AA92: =IFERROR(IF(Z92="","",IF(Z92<=0.2,"Muy Baja",IF(Z92<=0.4,"Baja",IF(Z92<=0.6,"Media",IF(Z92<=0.8,"Alta","Muy Alta"))))),"") | AB92: =+Z92 | AC92: =IFERROR(IF(AD92="","",IF(AD92<=0.2,"Leve",IF(AD92<=0.4,"Menor",IF(AD92<=0.6,"Moderado",IF(AD92<=0.8,"Mayor","Catastrófico"))))),"") | AD92: =IFERROR(IF(S92="Impacto",(O92-(+O92*V92)),IF(S92="Probabilidad",O92,"")),"") | AE92: =IFERROR(IF(OR(AND(AA92="Muy Baja",AC92="Leve"),AND(AA92="Muy Baja",AC92="Menor"),AND(AA92="Baja",AC92="Leve")),"Bajo",IF(OR(AND(AA92="Muy baja",AC92="Moderado"),AND(AA92="Baja",AC92="Menor"),AND(AA92="Baja",AC92="Moderado"),AND(AA92="Media",AC92="Leve"),AND(AA92="Media",AC92="Menor"),AND(AA92="Media",AC92="Moderado"),AND(AA92="Alta",AC92="Leve"),AND(AA92="Alta",AC92="Menor")),"Moderado",IF(OR(AND(AA92="Muy Baja",AC92="Mayor"),AND(AA92="Baja",AC92="Mayor"),AND(AA92="Media",AC92="Mayor"),AND(AA92="Alta",AC92="Moderado"),AND(AA92="Alta",AC92="Mayor"),AND(AA92="Muy Alta",AC92="Leve"),AND(AA92="Muy Alta",AC92="Menor"),AND(AA92="Muy Alta",AC92="Moderado"),AND(AA92="Muy Alta",AC92="Mayor")),"Alto",IF(OR(AND(AA92="Muy Baja",AC92="Catastrófico"),AND(AA92="Baja",AC92="Catastrófico"),AND(AA92="Media",AC92="Catastrófico"),AND(AA92="Alta",AC92="Catastrófico"),AND(AA92="Muy Alta",AC92="Catastrófico")),"Extremo","")))),"")
M93: =IF(NOT(ISERROR(MATCH(L93,_xlfn.ANCHORARRAY(G104),0))),K106&"Por favor no seleccionar los criterios de impacto",L93) -> 0 | Q93: 3 | S93: =IF(OR(T93="Preventivo",T93="Detectivo"),"Probabilidad",IF(T93="Correctivo","Impacto","")) | V93: =IF(AND(T93="Preventivo",U93="Automático"),"50%",IF(AND(T93="Preventivo",U93="Manual"),"40%",IF(AND(T93="Detectivo",U93="Automático"),"40%",IF(AND(T93="Detectivo",U93="Manual"),"30%",IF(AND(T93="Correctivo",U93="Automático"),"35%",IF(AND(T93="Correctivo",U93="Manual"),"25%","")))))) | Z93: =IFERROR(IF(S93="Probabilidad",(K91-(+K91*V93)),IF(S93="Impacto",K91,"")),"") | AA93: =IFERROR(IF(Z93="","",IF(Z93<=0.2,"Muy Baja",IF(Z93<=0.4,"Baja",IF(Z93<=0.6,"Media",IF(Z93<=0.8,"Alta","Muy Alta"))))),"") | AB93: =+Z93 | AC93: =IFERROR(IF(AD93="","",IF(AD93<=0.2,"Leve",IF(AD93<=0.4,"Menor",IF(AD93<=0.6,"Moderado",IF(AD93<=0.8,"Mayor","Catastrófico"))))),"") | AD93: =IFERROR(IF(S93="Impacto",(O93-(+O93*V93)),IF(S93="Probabilidad",O93,"")),"") | AE93: =IFERROR(IF(OR(AND(AA93="Muy Baja",AC93="Leve"),AND(AA93="Muy Baja",AC93="Menor"),AND(AA93="Baja",AC93="Leve")),"Bajo",IF(OR(AND(AA93="Muy baja",AC93="Moderado"),AND(AA93="Baja",AC93="Menor"),AND(AA93="Baja",AC93="Moderado"),AND(AA93="Media",AC93="Leve"),AND(AA93="Media",AC93="Menor"),AND(AA93="Media",AC93="Moderado"),AND(AA93="Alta",AC93="Leve"),AND(AA93="Alta",AC93="Menor")),"Moderado",IF(OR(AND(AA93="Muy Baja",AC93="Mayor"),AND(AA93="Baja",AC93="Mayor"),AND(AA93="Media",AC93="Mayor"),AND(AA93="Alta",AC93="Moderado"),AND(AA93="Alta",AC93="Mayor"),AND(AA93="Muy Alta",AC93="Leve"),AND(AA93="Muy Alta",AC93="Menor"),AND(AA93="Muy Alta",AC93="Moderado"),AND(AA93="Muy Alta",AC93="Mayor")),"Alto",IF(OR(AND(AA93="Muy Baja",AC93="Catastrófico"),AND(AA93="Baja",AC93="Catastrófico"),AND(AA93="Media",AC93="Catastrófico"),AND(AA93="Alta",AC93="Catastrófico"),AND(AA93="Muy Alta",AC93="Catastrófico")),"Extremo","")))),"")
M94: =IF(NOT(ISERROR(MATCH(L94,_xlfn.ANCHORARRAY(G105),0))),K107&"Por favor no seleccionar los criterios de impacto",L94) -> 0 | Q94: 4 | S94: =IF(OR(T94="Preventivo",T94="Detectivo"),"Probabilidad",IF(T94="Correctivo","Impacto","")) | V94: =IF(AND(T94="Preventivo",U94="Automático"),"50%",IF(AND(T94="Preventivo",U94="Manual"),"40%",IF(AND(T94="Detectivo",U94="Automático"),"40%",IF(AND(T94="Detectivo",U94="Manual"),"30%",IF(AND(T94="Correctivo",U94="Automático"),"35%",IF(AND(T94="Correctivo",U94="Manual"),"25%","")))))) | Z94: =IFERROR(IF(S94="Probabilidad",(K91-(+K91*V94)),IF(S94="Impacto",K91,"")),"") | AA94: =IFERROR(IF(Z94="","",IF(Z94<=0.2,"Muy Baja",IF(Z94<=0.4,"Baja",IF(Z94<=0.6,"Media",IF(Z94<=0.8,"Alta","Muy Alta"))))),"") | AB94: =+Z94 | AC94: =IFERROR(IF(AD94="","",IF(AD94<=0.2,"Leve",IF(AD94<=0.4,"Menor",IF(AD94<=0.6,"Moderado",IF(AD94<=0.8,"Mayor","Catastrófico"))))),"") | AD94: =IFERROR(IF(S94="Impacto",(O94-(+O94*V94)),IF(S94="Probabilidad",O94,"")),"") | AE94: =IFERROR(IF(OR(AND(AA94="Muy Baja",AC94="Leve"),AND(AA94="Muy Baja",AC94="Menor"),AND(AA94="Baja",AC94="Leve")),"Bajo",IF(OR(AND(AA94="Muy baja",AC94="Moderado"),AND(AA94="Baja",AC94="Menor"),AND(AA94="Baja",AC94="Moderado"),AND(AA94="Media",AC94="Leve"),AND(AA94="Media",AC94="Menor"),AND(AA94="Media",AC94="Moderado"),AND(AA94="Alta",AC94="Leve"),AND(AA94="Alta",AC94="Menor")),"Moderado",IF(OR(AND(AA94="Muy Baja",AC94="Mayor"),AND(AA94="Baja",AC94="Mayor"),AND(AA94="Media",AC94="Mayor"),AND(AA94="Alta",AC94="Moderado"),AND(AA94="Alta",AC94="Mayor"),AND(AA94="Muy Alta",AC94="Leve"),AND(AA94="Muy Alta",AC94="Menor"),AND(AA94="Muy Alta",AC94="Moderado"),AND(AA94="Muy Alta",AC94="Mayor")),"Alto",IF(OR(AND(AA94="Muy Baja",AC94="Catastrófico"),AND(AA94="Baja",AC94="Catastrófico"),AND(AA94="Media",AC94="Catastrófico"),AND(AA94="Alta",AC94="Catastrófico"),AND(AA94="Muy Alta",AC94="Catastrófico")),"Extremo","")))),"")
M95: =IF(NOT(ISERROR(MATCH(L95,_xlfn.ANCHORARRAY(G106),0))),K108&"Por favor no seleccionar los criterios de impacto",L95) -> 0 | Q95: 5 | S95: =IF(OR(T95="Preventivo",T95="Detectivo"),"Probabilidad",IF(T95="Correctivo","Impacto","")) | V95: =IF(AND(T95="Preventivo",U95="Automático"),"50%",IF(AND(T95="Preventivo",U95="Manual"),"40%",IF(AND(T95="Detectivo",U95="Automático"),"40%",IF(AND(T95="Detectivo",U95="Manual"),"30%",IF(AND(T95="Correctivo",U95="Automático"),"35%",IF(AND(T95="Correctivo",U95="Manual"),"25%","")))))) | Z95: =IFERROR(IF(S95="Probabilidad",(K91-(+K91*V95)),IF(S95="Impacto",K91,"")),"") | AA95: =IFERROR(IF(Z95="","",IF(Z95<=0.2,"Muy Baja",IF(Z95<=0.4,"Baja",IF(Z95<=0.6,"Media",IF(Z95<=0.8,"Alta","Muy Alta"))))),"") | AB95: =+Z95 | AC95: =IFERROR(IF(AD95="","",IF(AD95<=0.2,"Leve",IF(AD95<=0.4,"Menor",IF(AD95<=0.6,"Moderado",IF(AD95<=0.8,"Mayor","Catastrófico"))))),"") | AD95: =IFERROR(IF(S95="Impacto",(O95-(+O95*V95)),IF(S95="Probabilidad",O95,"")),"") | AE95: =IFERROR(IF(OR(AND(AA95="Muy Baja",AC95="Leve"),AND(AA95="Muy Baja",AC95="Menor"),AND(AA95="Baja",AC95="Leve")),"Bajo",IF(OR(AND(AA95="Muy baja",AC95="Moderado"),AND(AA95="Baja",AC95="Menor"),AND(AA95="Baja",AC95="Moderado"),AND(AA95="Media",AC95="Leve"),AND(AA95="Media",AC95="Menor"),AND(AA95="Media",AC95="Moderado"),AND(AA95="Alta",AC95="Leve"),AND(AA95="Alta",AC95="Menor")),"Moderado",IF(OR(AND(AA95="Muy Baja",AC95="Mayor"),AND(AA95="Baja",AC95="Mayor"),AND(AA95="Media",AC95="Mayor"),AND(AA95="Alta",AC95="Moderado"),AND(AA95="Alta",AC95="Mayor"),AND(AA95="Muy Alta",AC95="Leve"),AND(AA95="Muy Alta",AC95="Menor"),AND(AA95="Muy Alta",AC95="Moderado"),AND(AA95="Muy Alta",AC95="Mayor")),"Alto",IF(OR(AND(AA95="Muy Baja",AC95="Catastrófico"),AND(AA95="Baja",AC95="Catastrófico"),AND(AA95="Media",AC95="Catastrófico"),AND(AA95="Alta",AC95="Catastrófico"),AND(AA95="Muy Alta",AC95="Catastrófico")),"Extremo","")))),"")
